Workbook

Sheet Capa

Sheet Menu
C3: Guia de Fundos Listados | S3: Bloomberg
S4: XP Est.
C158: C

Sheet Chartbook
B4: ="Data Ref: "&TEXT(TODAY(),"dd/mm/aaaa") -> Data Ref: 18/09/2026 | C4: Fonte: B3, Economatica e XP Investimentos
B6: IFIX | G6: Escritórios | L6: Ativos Logísticos | Q6: Shopping Centers | V6: Recebíveis | AA6: Fundo de Fundos | AF6: Outros
B8: IFIX - Performance 12M | G8: IFIX - P/VPA | L8: IFIX - Dividend Yield
B26: Escritórios - P/VPA | G26: Escritórios - Dividend Yield | L26: Escritórios - Yield vs. P/VPA
B44: Galpões - P/VPA | G44: Galpões - Dividend Yield | L44: Galpões - Yield vs. P/VPA
B62: Shopping Centers - P/VPA | G62: Shopping Centers - Dividend Yield | L62: Shopping Centers - Yield vs. P/VPA
B80: Recebíveis - P/VPA | G80: Recebíveis - Dividend Yield | L80: Recebíveis - Yield vs. P/VPA
B98: FoF - P/VPA | G98: FoF - Dividend Yield | L98: FoF - Yield vs. P/VPA
B116: Outros - P/VPA | G116: Outros - Dividend Yield | L116: Outros - Yield vs. P/VPA
B134: Fiagros - P/VPA | G134: Fiagros - Dividend Yield | L134: Fiagros - Yield vs. P/VPA

Sheet Guia de FIIs
B5: Dados Cadastrais | J5: Informações Financeiras | S5: Valuation | Y5: Performance
B6: Código | C6: Nome | D6: Segmento | E6: Administrador | F6: Gestor | G6: Tx de Adm | H6: Tx de Performance | J6: Preço (R$/cota) | K6: Cota Patrimonial (R$/cota) | L6: Valor de Mercado (R$mil) | M6: Valor Patrimonial (R$mil) | N6: Volume Diário (R$mil/dia) | O6: # cotas | P6: IFIX | Q6: % IFIX | S6: P/VP | T6: DPS 12M (R$/cota) | U6: Último Dividendo (R$/cota/mês) | V6: Div Yield 12M | W6: Div Yield Anualizado | Y6: No Mês | Z6: No Ano | AA6: Últimos doze meses
B7: TVRI11 | C7: Tivio Renda Imobiliária | D7: Agências | E7: Votorantim | F7: Votorantim | G7: 0.00277 | H7: - | J7: 87.1 | K7: 100.60294 | L7: 1386605 | M7: 1601567.7 | N7: 932.1127 | O7: 15919.69 | P7: 1 | Q7: 0.00931 | S7: 0.86577982 | T7: 12.6 | U7: 1.05 | V7: 0.13589301 | W7: 0.14466131 | Y7: -0.0085372795 | Z7: -0.043337597 | AA7: 0.072069608
B8: BBRC11 | C8: BB Renda Corporativa | D8: Agências | E8: Votorantim | F8: - | G8: 0.006 | H8: - | J8: 102.5 | K8: 104.04259 | L8: 162975 | M8: 165427.72 | N8: 78.894648 | O8: 1590 | P8: 0 | Q8: - | S8: 0.98517345 | T8: 14.75 | U8: 1.05 | V8: 0.14868952 | W8: 0.12292683 | Y8: 0.014248961 | Z8: 0.11348928 | AA8: 0.19378049
B9: BTAL11 | C9: BTG Pactual Agro Logística | D9: Agronegócio | E9: BTG Pactual | F9: BTG | G9: 0.011 | H9: - | J9: 84.57 | K9: 117.03654 | L9: 505959.98 | M9: 700198.71 | N9: 556.26855 | O9: 5982.736 | P9: 0 | Q9: - | S9: 0.72259486 | T9: 10.8 | U9: 1 | V9: 0.13505064 | W9: 0.14189429 | Y9: 0.057521571 | Z9: 0.10108365 | AA9: 0.19839662
B10: HGLG11 | C10: Patria Logística | D10: Ativos Logísticos | E10: Patria | F10: Patria | G10: 0.006 | H10: - | J10: 147.98 | K10: 166.08918 | L10: 6745344.4 | M10: 7570811.7 | N10: 21252.419 | O10: 45582.811 | P10: 1 | Q10: 0.04538 | S10: 0.89096713 | T10: 13.34 | U10: 1.17 | V10: 0.08403679 | W10: 0.094877686 | Y10: 0.0055038391 | Z10: 0.0027121892 | AA10: 0.015942349
B11: BTLG11 | C11: BTG Logística | D11: Ativos Logísticos | E11: BTG Pactual | F11: BTG | G11: 0.009 | H11: - | J11: 101.2 | K11: 106.68579 | L11: 7179154.4 | M11: 7568317.6 | N11: 18813.365 | O11: 70940.261 | P11: 1 | Q11: 0.04761 | S11: 0.94857996 | T11: 9.62 | U11: 0.81 | V11: 0.093798752 | W11: 0.096047431 | Y11: 0.029504763 | Z11: 0.060837911 | AA11: 0.086465572
B12: LVBI11 | C12: VBI Log FII | D12: Ativos Logísticos | E12: BTG Pactual | F12: VBI | G12: 0.013 | H12: - | J12: 97 | K12: 120.98904 | L12: 1563500.8 | M12: 1950169.7 | N12: 3875.9477 | O12: 16118.565 | P12: 1 | Q12: 0.01057 | S12: 0.8017255 | T12: 9.05 | U12: 0.8 | V12: 0.084240901 | W12: 0.098969072 | Y12: -0.016825461 | Z12: -0.079110052 | AA12: -0.017628295
B13: GGRC11 | C13: GGR Covepi Renda | D13: Ativos Logísticos | E13: CM Capital Markets | F13: GGR | G13: 0.011 | H13: - | J13: 9 | K13: 10.927129 | L13: 3111385.1 | M13: 3777611.9 | N13: 15794.291 | O13: 345709.46 | P13: 1 | Q13: 0.02116 | S13: 0.82363811 | T13: 1.2 | U13: 0.1 | V13: 0.12145749 | W13: 0.13333333 | Y13: -0.0034062323 | Z13: -0.0047315329 | AA13: 0.027799966
B14: TRBL11 | C14: Tellus Rio Bravo Renda Logística | D14: Ativos Logísticos | E14: Rio Bravo | F14: Tellus e SDI Gestão | G14: 0.0084 | H14: - | J14: 51.8 | K14: 76.647416 | L14: 400884.97 | M14: 593181.4 | N14: 1304.5594 | O14: 7739.092 | P14: 1 | Q14: 0.00258 | S14: 0.67582187 | T14: 9.84 | U14: 0.44 | V14: 0.15643879 | W14: 0.1019305 | Y14: 0.047310958 | Z14: -0.15291534 | AA14: -0.042919388
B15: FIIB11 | C15: Industrial do Brasil | D15: Ativos Logísticos | E15: Coinvalores | F15: Coinvalores | G15: 0.0036 | H15: - | J15: 421.63 | K15: 593.63585 | L15: 288816.55 | M15: 406640.56 | N15: 231.29597 | O15: #N/A | P15: 0 | Q15: - | S15: 0.71025023 | T15: 36.81 | U15: 2.75 | V15: 0.07260355 | W15: 0.078267675 | Y15: 0.010497304 | Z15: -0.06821205 | AA15: -0.10023511
B16: TRUE11 | C16: Ourinvest Logística | D16: Ativos Logísticos | E16: Banco Ourinvest | F16: Ourinvest Asset | G16: 0.01 | H16: - | J16: 23.51 | K16: 27.440524 | L16: 58025.007 | M16: 67725.93 | N16: 24.461192 | O16: 2468.099 | P16: 0 | Q16: - | S16: 0.85676206 | T16: 0 | U16: 0 | V16: 0 | W16: 0 | Y16: -0.0596 | Z16: -0.020416667 | AA16: -0.0044859798
B17: VILG11 | C17: Vinci Logística | D17: Ativos Logísticos | E17: BRL Trust | F17: Vinci | G17: 0.0095 | H17: 20% (vinte por cento) da soma dos rendimentos efetivamente distribuídos no período que excederem a rentabilidade do IPCA/IBGE, acrescido de um spread de 6% (seis por cento) sobre o valor total integralizado de Cotas do Fundo | J17: 90.02 | K17: 108.68617 | L17: 1350065.6 | M17: 1630009.5 | N17: 2370.3773 | O17: 14997.396 | P17: 1 | Q17: 0.00922 | S17: 0.82825625 | T17: 9.44 | U17: 0.82 | V17: 0.10795974 | W17: 0.10930904 | Y17: -0.041524702 | Z17: -0.025251055 | AA17: 0.13576247
B18: BRCO11 | C18: Bresco Logística | D18: Ativos Logísticos | E18: Oliveira Trust | F18: Bresco Gestão | G18: 0.01 | H18: 20% do que exceder 6% sobre o valor das emissões atualizados por IPCA | J18: 110.22 | K18: 114.75943 | L18: 1986308 | M18: 2068114.4 | N18: 5826.3943 | O18: 18021.303 | P18: 1 | Q18: 0.01333 | S18: 0.96044396 | T18: 10.96 | U18: 0.91 | V18: 0.097318416 | W18: 0.099074578 | Y18: -0.024946921 | Z18: 0.0041924368 | AA18: 0.075020912
B19: XPLG11 | C19: FII XP Log | D19: Ativos Logísticos | E19: Vórtx DTVM | F19: XP Vista | G19: 0.0085 | H19: 20% do que exceder IPCA + 6% | J19: 92.99 | K19: 104.64623 | L19: 4778765.2 | M19: 5377779.9 | N19: 9607.7068 | O19: 51390.098 | P19: 1 | Q19: 0.0318 | S19: 0.88861302 | T19: 9.84 | U19: 0.82 | V19: 0.097774245 | W19: 0.10581783 | Y19: 0.022767268 | Z19: -0.052658094 | AA19: 0.020408406
B20: HLOG11 | C20: Hedge Logística | D20: Ativos Logísticos | E20: Hedge | F20: Hedge | G20: 0.008 | H20: - | J20: 9.25 | K20: 11.850098 | L20: 393125 | M20: 503629.16 | N20: 50.461998 | O20: #N/A | P20: 0 | Q20: - | S20: 0.78058426 | T20: 0.949 | U20: 0.072 | V20: 0.1093318 | W20: 0.093405405 | Y20: -0.0083619211 | Z20: 0.083372029 | AA20: 0.18171559
B21: NEWL11 | C21: Newport Logísitca | D21: Ativos Logísticos | E21: Brasil Plural | F21: Newport Real Estate | G21: 0.0095 | H21: 20 % a.a do que exceder 5% +IPCA | J21: 105.97 | K21: 131.77527 | L21: 297796.15 | M21: 370313.93 | N21: 675.35026 | O21: #N/A | P21: 0 | Q21: - | S21: 0.80417216 | T21: 11.93 | U21: 1 | V21: 0.11430488 | W21: 0.1132396 | Y21: 0.018942308 | Z21: 0.0019632619 | AA21: 0.13359281
B22: RBRL11 | C22: RBR Logística | D22: Ativos Logísticos | E22: BRL Trust | F22: RBR Asset | G22: 0.0118 | H22: 20% > IPCA + Yield IMA-B5 | J22: 76.76 | K22: 93.378293 | L22: 513296.81 | M22: 624423.92 | N22: 1628.8579 | O22: 6687.035 | P22: 1 | Q22: 0.00342 | S22: 0.82203259 | T22: 8.25 | U22: 0.6 | V22: 0.098331347 | W22: 0.093798854 | Y22: 0.06759388 | Z22: -0.10795916 | AA22: 0.0097257968
B23: BLMG11 | C23: Bluemacaw Logística | D23: Ativos Logísticos | E23: Vórtx DTVM | F23: Bluemacaw | G23: 0.0095 | H23: 20% do que exceder IPCA + 6% | J23: 30.51 | K23: 45.717692 | L23: 142573.23 | M23: 213638.78 | N23: 131.61297 | O23: 4673 | P23: 0 | Q23: - | S23: 0.66735652 | T23: 4.6859 | U23: 0.39 | V23: 0.13859509 | W23: 0.15339233 | Y23: -0.052404306 | Z23: -0.020059357 | AA23: 0.040077655
B24: HSLG11 | C24: HSI Log | D24: Ativos Logísticos | E24: BRL Trust | F24: HSI | G24: 0.0085 | H24: 20% do que exceder IPCA + 6% | J24: 78.71 | K24: 110.03814 | L24: 996473.87 | M24: 1393090.3 | N24: 1155.7188 | O24: 12660.067 | P24: 1 | Q24: 0.00674 | S24: 0.71529741 | T24: 8.69 | U24: 0.75 | V24: 0.10186379 | W24: 0.11434379 | Y24: 0.0057500639 | Z24: -0.081703825 | AA24: 0.016852277
B25: RZAT11 | C25: Riza Arctium Real Estate | D25: Ativos Logísticos | E25: BTG Pactual | F25: Riza Gestão de Recursos | G25: 0.01 | H25: 20% acima de IPCA + 5% | J25: 87.23 | K25: 101.55468 | L25: 369422.71 | M25: 430088.33 | N25: 519.93905 | O25: 4235.042 | P25: 1 | Q25: 0.00249 | S25: 0.85894614 | T25: 14.05 | U25: 1 | V25: 0.15588594 | W25: 0.13756735 | Y25: -0.035306178 | Z25: 0.1149178 | AA25: 0.12740263
B26: FCFL11 | C26: Campus Faria Lima | D26: Educacional | E26: BTG Pactual | F26: - | G26: 0.003 | H26: - | J26: 123.83 | K26: 125.6583 | L26: 430186.66 | M26: 436538.17 | N26: 141.77757 | O26: 3474.01 | P26: 0 | Q26: - | S26: 0.98545026 | T26: 11.057915 | U26: 0.93 | V26: 0.087998687 | W26: 0.090123556 | Y26: 0.025082781 | Z26: 0.043371865 | AA26: 0.077031912
B27: KFOF11 | C27: Kinea FoF | D27: Fundo de Fundos | E27: Intrag DTVM | F27: Kinea Investimentos | G27: 0.0092 | H27: 20% do que exceder a variação do IFIX | J27: 77.22 | K27: 87.095044 | L27: 541664.71 | M27: 610933.84 | N27: 942.48593 | O27: 7014.565 | P27: 1 | Q27: 0.00366 | S27: 0.88661762 | T27: 9.6 | U27: 0.8 | V27: 0.11725907 | W27: 0.12432012 | Y27: 0.0063860289 | Z27: -0.032280172 | AA27: 0.060438531
B28: BCIA11 | C28: Bradesco Carteira Imobiliária Ativa | D28: Fundo de Fundos | E28: Bradesco | F28: Bradesco | G28: 0.005 | H28: 20% sobre o que exceder o IFIX | J28: 87.89 | K28: 96.342492 | L28: 326866.25 | M28: 358301.39 | N28: 204.15126 | O28: 3719.038 | P28: 0 | Q28: - | S28: 0.91226621 | T28: 10.41 | U28: 0.86 | V28: 0.12104651 | W28: 0.1174195 | Y28: -0.0045305244 | Z28: 0.078168658 | AA28: 0.14713885
B29: HFOF11 | C29: Hedge TOP FOF III | D29: Fundo de Fundos | E29: Hedge | F29: Hedge Investments | G29: 0.006 | H29: 20% sobre o que exceder o IFIX - Semestral | J29: 6.29 | K29: 7.5554098 | L29: 1370150.7 | M29: 1645794.9 | N29: 1633.25 | O29: 217830 | P29: 1 | Q29: 0.00957 | S29: 0.83251606 | T29: 0.704 | U29: 0.06 | V29: 0.11578947 | W29: 0.11446741 | Y29: -0.0063191153 | Z29: 0.027894898 | AA29: 0.1516624
B30: XPSF11 | C30: XP Selection FoF | D30: Fundo de Fundos | E30: Vortx | F30: XP Vista | G30: 0.01 | H30: 20% do que exceder o IFIX | J30: 6.39 | K30: 7.5239962 | L30: 276700.67 | M30: 325805.14 | N30: 1148.2595 | O30: 43302.14 | P30: 1 | Q30: 0.00187 | S30: 0.84928273 | T30: 0.83 | U30: 0.07 | V30: 0.13070866 | W30: 0.1314554 | Y30: -0.0031201248 | Z30: 0.069045239 | AA30: 0.14371229
B31: RBFM11 | C31: Rio Bravo IFIX FII | D31: Fundo de Fundos | E31: BRL Trust | F31: Rio Bravo | G31: 0.008 | H31: 20% do que exceder o IFIX | J31: 9.87 | K31: 12.149554 | L31: 185023.76 | M31: 227756.46 | N31: 320.81022 | O31: #N/A | P31: 0 | Q31: - | S31: 0.81237548 | T31: 1.372 | U31: 0.108 | V31: 0.13649025 | W31: 0.13130699 | Y31: 0.0028449502 | Z31: 0.0079257414 | AA31: 0.11921373
B32: PSEC11 | D32: Fundo de Fundos | E32: BRL Trust | F32: VBI Real Estate | G32: 0.01 | H32: 20% do que exceder o IFIX | J32: 51.65 | K32: 70.305276 | L32: 950327.87 | M32: 1293573.3 | N32: 1561.9186 | O32: 18399.378 | P32: 1 | Q32: 0.00644 | S32: 0.73465326 | T32: 7.5 | U32: 0.6 | V32: 0.11727912 | W32: 0.13939981 | Y32: 0.015667993 | Z32: -0.12174382 | AA32: -0.083623839
B33: JSAF11 | C33: JS Ativos Financeiros | D33: Fundo de Fundos | E33: Banco Safra | F33: Safra Asset | G33: 0.01 | H33: 20% do que exceder IPCA + IMA-B | J33: 7.01 | K33: 8.84849 | L33: 543438.26 | M33: 685964.06 | N33: 1518.3786 | O33: 77523.29 | P33: 1 | Q33: 0.00367 | S33: 0.79222557 | T33: 0.97 | U33: 0.08 | V33: 0.12483912 | W33: 0.13694722 | Y33: 0.007183908 | Z33: -0.0081770438 | AA33: 0.025832576
B34: SNFF11 | C34: Suno Fundo de Fundos | D34: Fundo de Fundos | E34: BTG Pactual | F34: Suno Gestora de Recursos | G34: 0.0078 | H34: 10% sobre o que exeder 100% o IFIX | J34: 71 | K34: 83.002687 | L34: 285465.09 | M34: 333723.51 | N34: 307.48945 | O34: 4020.635 | P34: 1 | Q34: 0.00191 | S34: 0.855394 | T34: 10.58 | U34: 1.06 | V34: 0.1489931 | W34: 0.17915493 | Y34: 0.015058957 | Z34: 0.028920732 | AA34: 0.15443896
B35: KISU11 | C35: Kilima FOF Suno 30 | D35: Fundo de Fundos | E35: BRL Trust | F35: Kilima | G35: 0.006 | H35: - | J35: 6.02 | K35: 7.5548767 | L35: 358455.89 | M35: 449848.84 | N35: 401.37221 | O35: 59544.167 | P35: 1 | Q35: 0.00239 | S35: 0.7968363 | T35: 0.84 | U35: 0.07 | V35: 0.12407681 | W35: 0.13953488 | Y35: 0.010086821 | Z35: -0.051201835 | AA35: 0.0075651878
B36: KNRI11 | C36: Kinea Renda Imobiliária | D36: Híbrido | E36: Intrag | F36: Kinea | G36: 0.0125 | H36: - | J36: 157.5 | K36: 163.55903 | L36: 4442137.4 | M36: 4613026.5 | N36: 7789.5069 | O36: 28204.047 | P36: 1 | Q36: 0.0301 | S36: 0.9629551 | T36: 13.11 | U36: 1.1 | V36: 0.088372093 | W36: 0.083809524 | Y36: 0.0070332481 | Z36: 0.090637475 | AA36: 0.15376175
B37: HGRU11 | C37: Patria Renda Urbana | D37: Híbrido | E37: Patria | F37: Patria | G37: 0.007 | H37: 20% do que exceder 5,5% ao ano da cota de intragralização atualizada pelo IPCA | J37: 114.06 | K37: 128.10851 | L37: 2832589.3 | M37: 3181472.9 | N37: 10100.001 | O37: 24834.204 | P37: 1 | Q37: 0.01901 | S37: 0.89033898 | T37: 11.9 | U37: 0.95 | V37: 0.0952 | W37: 0.099947396 | Y37: -0.0027976919 | Z37: -0.028000226 | AA37: 0.003010231
B38: RBRP11 | C38: RBR Properties | D38: Híbrido | E38: BRL Trust | F38: RBR Asset | G38: 0.0118 | H38: 20% do que exceder o benchmark (IPCA + Yield IMA-B 5) | J38: 50.1 | K38: 78.651558 | L38: 610177.27 | M38: 957912.03 | N38: 708.72883 | O38: 12179.187 | P38: 1 | Q38: 0.0041 | S38: 0.63698675 | T38: 4.7 | U38: 0.35 | V38: 0.091796875 | W38: 0.083832335 | Y38: 0.10455122 | Z38: -0.038364655 | AA38: 0.073389896
B39: ALZR11 | C39: Alianza Trust Renda Imobiliária | D39: Híbrido | E39: BTG Pactual | F39: Alianza Gestão de Recurso | G39: 0.0095 | H39: - | J39: 9.96 | K39: 10.692112 | L39: 1637429 | M39: 1757788.6 | N39: 3208.443 | O39: 164400.5 | P39: 1 | Q39: 0.01103 | S39: 0.9315278 | T39: 1.0046 | U39: 0.084 | V39: 0.09468426 | W39: 0.10120482 | Y39: -0.004 | Z39: -0.012058333 | AA39: 0.034922245
B40: TRXF11 | C40: TRX Real Estate FII | D40: Híbrido | E40: BRL Trust | F40: TRX | G40: 0.01 | H40: 20% do que exceder o benchmark (IPCA + 6% a.a.) | J40: 74.2 | K40: 96.615215 | L40: 4632358 | M40: 6031755.6 | N40: 45928.549 | O40: 62430.701 | P40: 1 | Q40: 0.03071 | S40: 0.76799498 | T40: 11.8 | U40: 0.93 | V40: 0.12147416 | W40: 0.15040431 | Y40: -0.053209136 | Z40: -0.16364043 | AA40: -0.13260633
B41: FLMA11 | C41: Continental Square Faria Lima | D41: Híbrido | E41: BR-Capital | F41: BR-Capital | G41: 0.02 | H41: - | J41: 155.34 | K41: 250.73998 | L41: 214473.28 | M41: 346189.17 | N41: 58.139595 | O41: 1380.67 | P41: 0 | Q41: - | S41: 0.61952625 | T41: 14.1 | U41: 1.22 | V41: 0.098947368 | W41: 0.094244882 | Y41: 0.013364464 | Z41: 0.045724046 | AA41: 0.19471546
B42: TORD11 | C42: Tordesilhas FII | D42: Híbrido | E42: Vortx | F42: Hectare Capital | G42: 0.01 | H42: 20% o que exceder o IPCA +4% a.a. | J42: 1.01 | K42: 36.38918 | L42: 5900.353 | M42: 212583.17 | N42: 17.652251 | O42: #N/A | P42: 0 | Q42: - | S42: 0.027755503 | T42: 0.0861 | U42: 0.006 | V42: 0.027420382 | W42: 0.071287129 | Y42: -0.013781944 | Z42: -0.47588958 | AA42: -0.66066344
B43: KNHF11 | C43: Kinea Hedge Fund | D43: Híbrido | E43: Intrag | F43: Kinea | G43: 0.012 | H43: - | J43: 91.99 | K43: 98.94538 | L43: 1808821 | M43: 1945586.3 | N43: 5173.5843 | O43: 19663.235 | P43: 1 | Q43: 0.01225 | S43: 0.92970485 | T43: 12 | U43: 1 | V43: 0.13003901 | W43: 0.13044896 | Y43: 0.0062349595 | Z43: 0.050292237 | AA43: 0.12962697
B44: GARE11 | C44: Guardian Real Estate | D44: Híbrido | E44: Banco Daycoval | F44: Guardian Gestora | G44: 0.0094 | H44: 20% do que exceder IPCA + 6% | J44: 8.43 | K44: 9.0740658 | L44: 2437841.7 | M44: 2624096.8 | N44: 5913.889 | O44: 289186.44 | P44: 1 | Q44: 0.01638 | S44: 0.92902126 | T44: 0.996 | U44: 0.083 | V44: 0.10981257 | W44: 0.11814947 | Y44: 0.0087351921 | Z44: 0.016317234 | AA44: 0.043429213
B45: ITRI11 | C45: Itaú Total Return | D45: Híbrido | E45: Intrag | F45: Itaú Unibanco | G45: 0.012 | H45: - | J45: 76.41 | K45: 87.585 | L45: 477562.5 | M45: 547406.25 | N45: 936.4007 | O45: 6250 | P45: 1 | Q45: 0.00326 | S45: 0.87240966 | T45: 10.46 | U45: 0.8 | V45: 0.13173804 | W45: 0.12563801 | Y45: -0.010233161 | Z45: 0.020193003 | AA45: 0.09313786
B46: CCME11 | C46: Camuna Capital Multiestratégia | D46: Híbrido | E46: BTG Pactual | F46: Camuna Capital | G46: 0.0015 | H46: 20% do que exceder IPCA + média aritmética do yield IMA-B5 | J46: 8.61 | K46: 10.515685 | L46: 583732.63 | M46: 712932.43 | N46: 151.97742 | O46: 67797.053 | P46: 0 | Q46: - | S46: 0.81877693 | T46: 1.032 | U46: 0.086 | V46: 0.11740614 | W46: 0.11986063 | Y46: 0.014220894 | Z46: 0.037157706 | AA46: 0.10044514
B47: TGAR11 | C47: TG Ativo Real | D47: Híbrido | E47: Vortx | F47: TG Core | G47: 0.015 | H47: 30% do que exceder 100% do CDI | J47: 44.6 | K47: 106.63636 | L47: 1051131.4 | M47: 2513202.3 | N47: 3622.5194 | O47: 23567.968 | P47: 1 | Q47: 0.00704 | S47: 0.41824384 | T47: 9.73 | U47: 0.7 | V47: 0.11247255 | W47: 0.18834081 | Y47: -0.023428947 | Z47: -0.46733911 | AA47: -0.40696125
B48: NSLU11 | C48: Hospital Nsa. de Lourdes | D48: Hospitais | E48: BTG Pactual | F48: BTG | G48: 0.025 | H48: 2.5% da receita mensal do fundo | J48: 180.79 | K48: 252.59584 | L48: 233813.18 | M48: 326678.66 | N48: 95.816195 | O48: 1293.286 | P48: 0 | Q48: - | S48: 0.71572835 | T48: 32.908445 | U48: 1.8054784 | V48: 0.16244666 | W48: 0.11983927 | Y48: 0.061568996 | Z48: 0.010098442 | AA48: 0.1469685
B49: HTMX11 | C49: Hotel Maxinvest | D49: Hotéis | E49: BTG Pactual | F49: HotelInvest | G49: 0.01 | H49: 20% sobre o lucro na venda dos imóveis | J49: 136.15 | K49: 148.48594 | L49: 393214 | M49: 428841.37 | N49: 303.99535 | O49: 2888.094 | P49: 1 | Q49: 0.00264 | S49: 0.9169218 | T49: 17.32 | U49: 1.2 | V49: 0.12461328 | W49: 0.1057657 | Y49: 0.0027249963 | Z49: -0.011584766 | AA49: 0.10912774
B50: JSRE11 | C50: JS Real Estate Multigestão | D50: Lajes Corporativas | E50: J Safra | F50: J. Safra | G50: 0.01 | H50: 20% do que exceder 6% a.a. atualizada pelo IGP-M | J50: 60.29 | K50: 101.47026 | L50: 1252062.2 | M50: 2107266.3 | N50: 2627.183 | O50: 20767.328 | P50: 1 | Q50: 0.00838 | S50: 0.59416422 | T50: 5.8 | U50: 0.5 | V50: 0.093563478 | W50: 0.099518992 | Y50: 0 | Z50: -0.028836444 | AA50: 0.065361886
B51: BRCR11 | C51: BC Fund | D51: Lajes Corporativas | E51: BTG Pactual | F51: BTG | G51: 0.011 | H51: - | J51: 41.5 | K51: 80.77799 | L51: 1105485.4 | M51: 2151780.4 | N51: 1379.7137 | O51: 26638.202 | P51: 1 | Q51: 0.00747 | S51: 0.51375381 | T51: 4.92 | U51: 0.41 | V51: 0.11447185 | W51: 0.11855422 | Y51: 0.04293237 | Z51: -0.01946251 | AA51: 0.079193059
B52: HGRE11 | C52: Patria Real Estate | D52: Lajes Corporativas | E52: Patria | F52: Patria | G52: 0.01 | H52: - | J52: 116 | K52: 150.5618 | L52: 1370861 | M52: 1779304.3 | N52: 2388.241 | O52: 11817.767 | P52: 1 | Q52: 0.00922 | S52: 0.77044773 | T52: 11.5 | U52: 0.85 | V52: 0.097722638 | W52: 0.087931034 | Y52: -0.013773168 | Z52: 0.0049808782 | AA52: 0.081873703
B53: GTWR11 | C53: Green Towers | D53: Lajes Corporativas | E53: Votorantim | F53: Votorantim | G53: 0.005 | H53: - | J53: 78.01 | K53: 101.36142 | L53: 936120 | M53: 1216337.1 | N53: 755.22403 | O53: 12000 | P53: 1 | Q53: 0.00633 | S53: 0.76962218 | T53: 10.8 | U53: 0.9 | V53: 0.13957095 | W53: 0.13844379 | Y53: 0.003989704 | Z53: 0.036724017 | AA53: 0.1514844
B54: PVBI11 | C54: VBI Prime Offices | D54: Lajes Corporativas | E54: BTG Pactual | F54: VBI Real Estate | G54: 0.01 | H54: - | J54: 67.3 | K54: 104.76082 | L54: 1825853.5 | M54: 2842168.1 | N54: 3770.1468 | O54: 27130.067 | P54: 1 | Q54: 0.01221 | S54: 0.64241573 | T54: 5.07 | U54: 0.37 | V54: 0.0676 | W54: 0.065973254 | Y54: -0.012182592 | Z54: -0.13781284 | AA54: -0.040651805
B55: RECT11 | C55: REC Renda Imobiliária | D55: Lajes Corporativas | E55: BRL Trust | F55: REC Gestão | G55: 0.0117 | H55: - | J55: 33.03 | K55: 89.858436 | L55: 282191.57 | M55: 767704.92 | N55: 384.18056 | O55: #N/A | P55: 0 | Q55: - | S55: 0.36757817 | T55: 5.32 | U55: 0.45 | V55: 0.1585693 | W55: 0.16348774 | Y55: 0.037132643 | Z55: -0.040166081 | AA55: 0.13914075
B56: RCRB11 | C56: Rio Bravo Renda Corporativa | D56: Lajes Corporativas | E56: Rio Bravo | F56: Rio Bravo | G56: 0.007 | H56: - | J56: 132.61 | K56: 190.86957 | L56: 489423.06 | M56: 704441.37 | N56: 739.06706 | O56: 3690.695 | P56: 1 | Q56: 0.0033 | S56: 0.69476763 | T56: 12.8 | U56: 1.3 | V56: 0.10199203 | W56: 0.11763819 | Y56: 0.012290076 | Z56: 0.011286258 | AA56: 0.16075604
B57: HGPO11 | C57: Patria Prime Offices | D57: Lajes Corporativas | E57: Patria | F57: Patria | G57: 0.0063 | H57: - | J57: #N/A | K57: #N/A | L57: #N/A | M57: #N/A | N57: #N/A | O57: #N/A | P57: 0 | Q57: - | S57: #N/A | T57: - | U57: #N/A | V57: - | W57: - | Y57: - | Z57: - | AA57: -
B58: TEPP11 | C58: Tellus Properties | D58: Lajes Corporativas | E58: BRL Trust | F58: Tellus | G58: 0.01 | H58: - | J58: 7.17 | K58: 9.3922975 | L58: 385485.66 | M58: 504964.58 | N58: 3742.2301 | O58: 53763.691 | P58: 1 | Q58: 0.00272 | S58: 0.76339149 | T58: 1.169 | U58: 0.068 | V58: 0.14347079 | W58: 0.11380753 | Y58: -0.060534591 | Z58: -0.07674391 | AA58: 0.010289214
B59: PATC11 | C59: Pátria Edifícios Corporativos | D59: Lajes Corporativas | E59: Modal DTVM | F59: Pátria Investimentos | G59: 0.01175 | H59: - | J59: 37.5 | K59: 34.264041 | L59: 130403.77 | M59: 119150.94 | N59: 13.293831 | O59: #N/A | P59: 0 | Q59: - | S59: 1.0944418 | T59: 0.68 | U59: 0.09 | V59: 0.017329256 | W59: 0.0288 | Y59: -0.046529367 | Z59: -0.093649456 | AA59: -0.027983565
B60: RNGO11 | C60: Rio Negro | D60: Lajes Corporativas | E60: Rio Bravo | F60: Rio Bravo | G60: 0.002 | H60: - | J60: 53.56 | K60: 84.219017 | L60: 143326.56 | M60: 225370.09 | N60: 41.89772 | O60: #N/A | P60: 0 | Q60: - | S60: 0.63596088 | T60: 5.15 | U60: 0.52 | V60: 0.10295882 | W60: 0.11650485 | Y60: 0.030396306 | Z60: 0.13541877 | AA60: 0.18275868
B61: FAMB11 | C61: Edifício Almirante Barroso | D61: Lajes Corporativas | E61: BTG Pactual | F61: BTG | G61: 0.0026 | H61: - | J61: 701.01 | K61: 973.43417 | L61: 85900.363 | M61: 119282.68 | N61: 10.613593 | O61: 122.538 | P61: 0 | Q61: - | S61: 0.72014115 | T61: 0 | U61: 0 | V61: 0 | W61: 0 | Y61: -0.033089655 | Z61: -0.34485047 | AA61: -0.16546429
B62: SPTW11 | C62: SP Downtown | D62: Lajes Corporativas | E62: Geracao Futuro | F62: Brasil Plural | G62: 0.0025 | H62: - | J62: 33.9 | K62: 53.804137 | L62: 60952.2 | M62: 96739.837 | N62: 108.69964 | O62: #N/A | P62: 0 | Q62: - | S62: 0.63006308 | T62: 5.89 | U62: 0.45 | V62: 0.16833381 | W62: 0.15929204 | Y62: 0.25277162 | Z62: 0.035899411 | AA62: 0.13543989
B63: ALMI11 | C63: Torre Almirante | D63: Lajes Corporativas | E63: Ourinvest | F63: BTG | G63: 0.014 | H63: - | J63: 622.99 | K63: 2055.7976 | L63: 69262.159 | M63: 228557.41 | N63: 6.3557591 | O63: 111.177 | P63: 0 | Q63: - | S63: 0.30304053 | T63: 37.755402 | U63: 3.53 | V63: 0.065661569 | W63: 0.067994671 | Y63: 0.060462662 | Z63: 0.10099698 | AA63: 0.15154799
B64: CEOC11 | C64: CEO CCP | D64: Lajes Corporativas | E64: BTG Pactual | F64: CCP | G64: 0.012 | H64: - | J64: 41.02 | K64: 67.90512 | L64: 74479.85 | M64: 123295.05 | N64: 32.732547 | O64: 1815.696 | P64: 0 | Q64: - | S64: 0.60407816 | T64: 5.5808229 | U64: 0.49 | V64: 0.12575085 | W64: 0.14334471 | Y64: 0.047035235 | Z64: -0.018303861 | AA64: 0.052681067
B65: CBOP11 | C65: Castello Branco Office Park | D65: Lajes Corporativas | E65: Patria | F65: Patria | G65: 0.003 | H65: - | J65: 28 | K65: 71.943355 | L65: 39620 | M65: 101799.85 | N65: 24.447182 | O65: 1415 | P65: 0 | Q65: - | S65: 0.38919509 | T65: 2.16 | U65: 0.2 | V65: 0.089219331 | W65: 0.085714286 | Y65: 0.0071942446 | Z65: -0.10823591 | AA65: 0.23380743
B66: RBOP11 | C66: Mercantil do Brasil | D66: Lajes Corporativas | E66: Rio Bravo | F66: Rio Bravo | G66: 0.003 | H66: - | J66: 212.05 | K66: 731.27019 | L66: 21557.851 | M66: 74343.852 | N66: 5.3632155 | O66: #N/A | P66: 0 | Q66: - | S66: 0.2899749 | T66: 22 | U66: 1.45 | V66: 0.10476689 | W66: 0.082056119 | Y66: -0.011652296 | Z66: 0.081245438 | AA66: 0.11934828
B67: VINO11 | C67: FII Vinc Cor | D67: Lajes Corporativas | E67: BRL Trust | F67: Vinci | G67: 0.011 | H67: 20% (vinte por cento) da soma dos rendimentos efetivamente distribuídos no período que excederem a rentabilidade do IPCA/IBGE, acrescido de um spread de 6% (seis por cento) sobre o valor total integralizado de Cotas do Fundo | J67: 4.29 | K67: 9.8284715 | L67: 355324.81 | M67: 814055.88 | N67: 322.40657 | O67: 82826.295 | P67: 1 | Q67: 0.00239 | S67: 0.436487 | T67: 0.531 | U67: 0.042 | V67: 0.10514851 | W67: 0.11748252 | Y67: -0.015603488 | Z67: -0.098624079 | AA67: -0.055153164
B68: VPPR11 | C68: FII Xp Prop | D68: Lajes Corporativas | E68: Vortx | F68: XP Vista | G68: 0.0095 | H68: 20% do que exceder o IPCA + 6% aa | J68: #N/A | K68: #N/A | L68: #N/A | M68: #N/A | N68: #N/A | O68: #N/A | P68: 0 | Q68: - | S68: #N/A | T68: - | U68: #N/A | V68: - | W68: - | Y68: - | Z68: - | AA68: -
B69: AIEC11 | C69: Autonomy Edifícios Corporativos FII | D69: Lajes Corporativas | E69: Modal DTVM | F69: Autonomy Investimentos | G69: 0.0075 | H69: 20% s/ DY maior que 6% a.a. s/ base atualizada por IPCA | J69: 65.5 | K69: 75.741562 | L69: 316036.65 | M69: 365452.05 | N69: 633.3897 | O69: 4824.987 | P69: 0 | Q69: - | S69: 0.8647828 | T69: 4.2 | U69: 0.38 | V69: 0.082677165 | W69: 0.069618321 | Y69: 0.013618075 | Z69: 0.30394988 | AA69: 0.38662095
B70: KORE11 | C70: Kinea Oportunidades Real Estate | D70: Lajes Corporativas | E70: Intrag | F70: Kinea | G70: 0.0106 | H70: - | J70: 65.04 | K70: 107.31085 | L70: 626010 | M70: 1032867 | N70: 1531.2276 | O70: 9625 | P70: 1 | Q70: 0.00422 | S70: 0.60608967 | T70: 9.8 | U70: 0.6 | V70: 0.13920455 | W70: 0.11070111 | Y70: 0.0037037037 | Z70: -0.048205308 | AA70: 0.061748335
B71: BROF11 | C71: BRPR Corporate Offices | D71: Lajes Corporativas | E71: BTG Pactual | F71: BGR Asset | G71: 0.0105 | H71: - | J71: 61 | K71: 108.50787 | L71: 708259.53 | M71: 1259864.4 | N71: 344.83796 | O71: 11610.812 | P71: 0 | Q71: - | S71: 0.56217122 | T71: 6.65 | U71: 0.56 | V71: 0.12568513 | W71: 0.11016393 | Y71: 0.043477773 | Z71: 0.17971463 | AA71: 0.29545928
B72: VGRI11 | C72: Valora Renda Imobiliária | D72: Lajes Corporativas | E72: Banco Daycoval | F72: Valora Investimentos | G72: 0.013 | H72: - | J72: 5.4 | K72: 8.5635543 | L72: 189117.37 | M72: 299910.54 | N72: 165.77621 | O72: 35021.736 | P72: 1 | Q72: 0.00128 | S72: 0.63057929 | T72: 1.17 | U72: 0.075 | V72: 0.1349481 | W72: 0.16666667 | Y72: 0.014084507 | Z72: -0.27415992 | AA72: -0.26931462
B73: RZTR11 | C73: Riza Terrax | D73: Outros | E73: Plural | F73: Riza Gestão de Recursos | G73: 0.0125 | H73: 20% do que exceder o benchmark (Taxa DI) | J73: 84 | K73: 97.777857 | L73: 1583544.5 | M73: 1843280.8 | N73: 2713.2282 | O73: 18851.72 | P73: 1 | Q73: 0.01063 | S73: 0.85909021 | T73: 11.65 | U73: 0.85 | V73: 0.12606861 | W73: 0.12142857 | Y73: -0.014662757 | Z73: -0.058512839 | AA73: 0.030864661
B74: PLAG11 | C74: FII Quasar A | D74: Outros | E74: BTG Pactual | F74: Quasar | G74: 0.0075 | H74: - | J74: #N/A | K74: #N/A | L74: #N/A | M74: #N/A | N74: #N/A | O74: #N/A | P74: 0 | Q74: - | S74: #N/A | T74: - | U74: #N/A | V74: - | W74: - | Y74: - | Z74: - | AA74: -
B75: MFII11 | C75: Mérito Desenvolvimento Imobiliário | D75: Outros | E75: Planner Corretora | F75: Mérito Investimentos | G75: 0.02 | H75: 20% do que exceder o CDI | J75: 39.79 | K75: 97.113409 | L75: 270572 | M75: 660371.18 | N75: 836.04985 | O75: 6800 | P75: 1 | Q75: 0.00186 | S75: 0.40972715 | T75: 10.77 | U75: 0.3 | V75: 0.13548874 | W75: 0.090474994 | Y75: 0.11425371 | Z75: -0.4169795 | AA75: -0.41247063
B76: RBRD11 | C76: RB Capital Renda II | D76: Outros | E76: Votorantim | F76: RB Capital | G76: 0.0017 | H76: - | J76: 37.1 | K76: 71.84015 | L76: 68701.261 | M76: 133032.58 | N76: 55.55544 | O76: #N/A | P76: 0 | Q76: - | S76: 0.51642431 | T76: 6.66 | U76: 0.55 | V76: 0.16675013 | W76: 0.17789757 | Y76: 0.017553483 | Z76: 0.010952138 | AA76: 0.099529863
B77: SNEL11 | C77: Suno Energias Limpas | D77: Outros | E77: Singulare | F77: Suno Gestora de Recursos | G77: 0.012 | H77: 20% do que exceder IPCA + 7% | J77: 7.95 | K77: - | L77: 879747.56 | M77: - | N77: 6271.7246 | O77: 110660.07 | P77: 1 | Q77: 0.0059 | S77: #VALUE! | T77: 1.2 | U77: 0.1 | V77: 0.14051522 | W77: 0.1509434 | Y77: -0.025377871 | Z77: 0.034607458 | AA77: 0.073015874
B78: URPR11 | C78: Urca Prime Renda | D78: Recebíveis | E78: Vortx | F78: Urca Gestão | G78: 0.012 | H78: 20% do que exceder IPCA +7% | J78: 19.4 | K78: 91.068199 | L78: 227637.56 | M78: 1068584.7 | N78: 305.59834 | O78: 11733.895 | P78: 1 | Q78: 0.00152 | S78: 0.21302716 | T78: 3.99 | U78: 0.3 | V78: 0.10549974 | W78: 0.18556701 | Y78: -0.034345445 | Z78: -0.43543053 | AA78: -0.41216848
B79: KNIP11 | C79: Kinea Índice de Preços | D79: Recebíveis | E79: Intrag | F79: Kinea | G79: 0.01 | H79: - | J79: 89.8 | K79: 93.384104 | L79: 7191021.1 | M79: 7478029.6 | N79: 8752.3653 | O79: 80078.186 | P79: 1 | Q79: 0.04804 | S79: 0.96161977 | T79: 10.11 | U79: 0.65 | V79: 0.11434065 | W79: 0.086859688 | Y79: -0.0092674316 | Z79: 0.084062132 | AA79: 0.13480261
B80: KNCR11 | C80: Kinea Rendimentos Imob (CDI) | D80: Recebíveis | E80: Intrag | F80: Kinea | G80: 0.0108 | H80: - | J80: 107.24 | K80: 102.63534 | L80: 11484291 | M80: 10991180 | N80: 22554.023 | O80: 107089.62 | P80: 1 | Q80: 0.07631 | S80: 1.0448643 | T80: 14.14 | U80: 1.15 | V80: 0.13447456 | W80: 0.12868333 | Y80: 0.0028053114 | Z80: 0.099090193 | AA80: 0.16841361
B81: MXRF11 | C81: Maxi Renda | D81: Recebíveis | E81: BTG Pactual | F81: XP Vista | G81: 0.009 | H81: - | J81: 9.1 | K81: 9.2601712 | L81: 5161577.1 | M81: 5252427.2 | N81: 20700.219 | O81: 567206.27 | P81: 1 | Q81: 0.0346 | S81: 0.98270321 | T81: 1.195 | U81: 0.1 | V81: 0.12281603 | W81: 0.13186813 | Y81: -0.0087145969 | Z81: 0.047079801 | AA81: 0.059109184
B82: KNHY11 | C82: Kinea High Yield | D82: Recebíveis | E82: Intrag | F82: Kinea | G82: 0.016 | H82: - | J82: 95 | K82: 98.940787 | L82: 2961442.9 | M82: 3084289.4 | N82: 4754.8871 | O82: 31173.083 | P82: 1 | Q82: 0.01971 | S82: 0.96017025 | T82: 12.68 | U82: 0.9 | V82: 0.12554455 | W82: 0.11368421 | Y82: -0.012268663 | Z82: 0.04166177 | AA82: 0.06831064
B83: RECR11 | C83: REC Recebíveis | D83: Recebíveis | E83: BRL Trust | F83: REC Gestão | G83: 0.012 | H83: - | J83: 76.49 | K83: 87.698544 | L83: 2022521.8 | M83: 2318894.2 | N83: 2902.569 | O83: 26441.65 | P83: 1 | Q83: 0.01339 | S83: 0.87219235 | T83: 10.8441 | U83: 0.7373 | V83: 0.13517951 | W83: 0.11567002 | Y83: -0.018862263 | Z83: 0.035937919 | AA83: 0.091107863
B84: CPTS11 | C84: Capitânia Securities II | D84: Recebíveis | E84: BNY Mellon | F84: Capitânia | G84: 0.0105 | H84: - | J84: 7.48 | K84: 8.4780699 | L84: 2719003.5 | M84: 3081805.1 | N84: 5976.0923 | O84: 363503.15 | P84: 1 | Q84: 0.01807 | S84: 0.88227628 | T84: 1.08 | U84: 0.09 | V84: 0.14457831 | W84: 0.14438503 | Y84: 0.013517132 | Z84: 0.072177576 | AA84: 0.15298731
B85: RBRR11 | C85: RBR High Grade | D85: Recebíveis | E85: BTG Pactual | F85: RBR Asset | G85: 0.0106 | H85: 20% do que exceder o benchmark (CDI ou 4,5%, o que for maior) | J85: 69.42 | K85: 92.344388 | L85: 1131565.1 | M85: 1505238.9 | N85: 5072.4889 | O85: 16300.275 | P85: 1 | Q85: 0.00773 | S85: 0.75175115 | T85: 9.93 | U85: 0.9 | V85: 0.11387615 | W85: 0.15557476 | Y85: -0.050133763 | Z85: -0.12854863 | AA85: -0.10078611
B86: HCTR11 | C86: Hectare CE FII | D86: Recebíveis | E86: Vortx | F86: Hectare Capital | G86: 0.012 | H86: - | J86: 12.69 | K86: 105.11969 | L86: 280248.53 | M86: 2321484.5 | N86: 561.06086 | O86: 22084.203 | P86: 1 | Q86: 0.00188 | S86: 0.12071954 | T86: 3.3 | U86: 0.21 | V86: 0.14738723 | W86: 0.19858156 | Y86: -0.093692484 | Z86: -0.30915694 | AA86: -0.32556956
B87: VCJR11 | C87: Vectis Juros Real FII | D87: Recebíveis | E87: Intrag DTVM | F87: Vectis Gestão | G87: 0.016 | H87: - | J87: 65.35 | K87: 92.222157 | L87: 962211.44 | M87: 1357876.3 | N87: 3743.4763 | O87: 14723.97 | P87: 1 | Q87: 0.00653 | S87: 0.70861496 | T87: 11.42 | U87: 1.1 | V87: 0.14648538 | W87: 0.20198929 | Y87: -0.03882924 | Z87: -0.097409589 | AA87: -0.026663981
B88: XPCI11 | C88: FII Xp Cred | D88: Recebíveis | E88: Vortx | F88: XP Vista | G88: 0.01 | H88: - | J88: 77.47 | K88: 87.609907 | L88: 674109.23 | M88: 762342.16 | N88: 1727.8661 | O88: 8701.552 | P88: 1 | Q88: 0.00456 | S88: 0.88426073 | T88: 10.79 | U88: 0.9 | V88: 0.13121732 | W88: 0.1394088 | Y88: -0.0093350384 | Z88: 0.028488723 | AA88: 0.072666654
B89: BCRI11 | C89: Banestes Rec. Imobiliários | D89: Recebíveis | E89: BRL Trust | F89: Banestes DTVM | G89: 0.01 | H89: - | J89: 53.69 | K89: 84.438173 | L89: 335985.2 | M89: 528403.36 | N89: 373.17392 | O89: 6257.873 | P89: 1 | Q89: 0.00227 | S89: 0.63584986 | T89: 9.53 | U89: 0.75 | V89: 0.14960754 | W89: 0.16762898 | Y89: -0.053920705 | Z89: -0.13209021 | AA89: -0.02005117
... B91: KNSC11 | C91: Kinea Securities | D91: Recebíveis | E91: Intrag DTVM | F91: KINEA | G91: 0.012 | H91: - | J91: 9.07 | K91: 8.762646 | L91: 1851687.4 | M91: 1788939.5 | N91: 4749.7368 | O91: 204155.17 | P91: 1 | Q91: 0.01512 | S91: 1.0350755 | T91: 1.15 | U91: 0.09 | V91: 0.13188073 | W91: 0.11907387 | Y91: 0.0022099448 | Z91: 0.13550055 | AA91: 0.18473756
B92: DEVA11 | C92: Deva Recebíveis | D92: Recebíveis | E92: Vortx | F92: Devant Asset | H92: 10% do que exceder PL*(1+DI) | J92: 16.93 | K92: 96.438205 | L92: 237780.29 | M92: 1354465.7 | N92: 408.91911 | O92: 14044.908 | P92: 1 | Q92: 0.0016 | S92: 0.17555283 | T92: 3.96 | U92: 0.3 | V92: 0.14803738 | W92: 0.21264028 | Y92: -0.020992469 | Z92: -0.25522095 | AA92: -0.24367958
B93: PORD11 | C93: Polo Recebíveis Imobiliários FII | D93: Recebíveis | E93: Oliveira Trust | F93: Polo Capital | G93: 0.008 | H93: 15% do que exceder Yield do IMA-B | J93: 8.25 | K93: 9.5449613 | L93: 307590.94 | M93: 355871.95 | N93: 694.85147 | O93: 37283.75 | P93: 1 | Q93: 0.00208 | S93: 0.86433038 | T93: 1.192 | U93: 0.098 | V93: 0.15050505 | W93: 0.14254545 | Y93: -0.01102853 | Z93: 0.12654258 | AA93: 0.20374592
B94: OUJP11 | C94: Ourinvest JPP | D94: Recebíveis | E94: Finaxis | F94: JPP Capital | G94: 0.0115 | H94: 20% do que exceder IMA-B + 0,5% a.a. | J94: 68.8 | K94: 97.101406 | L94: 223764.02 | M94: 315811.06 | N94: 328.79401 | O94: 3252.384 | P94: 1 | Q94: 0.00149 | S94: 0.70853763 | T94: 14.18 | U94: 1.2 | V94: 0.18463542 | W94: 0.20930233 | Y94: 0.0058479532 | Z94: -0.0095480695 | AA94: 0.071478648
B95: RBRY11 | C95: RBR High Yield | D95: Recebíveis | E95: RBR | F95: RBR Asset | G95: 0.011 | H95: 20% do que exceder IPCA + IMA-B 5 | J95: 82 | K95: 100.42736 | L95: 1047100 | M95: 1282408.3 | N95: 3587.4557 | O95: 12769.512 | P95: 1 | Q95: 0.00704 | S95: 0.81651059 | T95: 13.3 | U95: 1 | V95: 0.13945685 | W95: 0.14634146 | Y95: 0.0096939086 | Z95: -0.068997445 | AA95: -0.0071321476
B96: VGIP11 | C96: Valora Índice de Preços | D96: Recebíveis | E96: BTG Pactual | F96: Valora Investimentos | G96: 0.01 | H96: 20% do que exceder IPCA + Yield IMAB 5 | J96: 73.9 | K96: 90.803663 | L96: 871077.55 | M96: 1070325.2 | N96: 1517.1008 | O96: 11787.247 | P96: 1 | Q96: 0.00579 | S96: 0.81384382 | T96: 10.36 | U96: 0.88 | V96: 0.12940295 | W96: 0.14289581 | Y96: 0.00068524977 | Z96: 0.02024856 | AA96: 0.053287479
B97: HABT11 | C97: Habitat II FII | D97: Recebíveis | E97: Vórtx DTVM | F97: Habitat Capital Partners | G97: 0.015 | H97: 20% sobre o que exceder 100% do CDI | J97: 64.96 | K97: 92.860768 | L97: 527915.82 | M97: 754659.31 | N97: 896.94941 | O97: 8126.783 | P97: 1 | Q97: 0.00353 | S97: 0.69954192 | T97: 11.42 | U97: 0.95 | V97: 0.14773609 | W97: 0.17549261 | Y97: -0.021244538 | Z97: -0.045539437 | AA97: -0.01930716
B98: MCCI11 | C98: Mauá Capital Recebíveis Imob | D98: Recebíveis | E98: BTG Pactual | F98: Mauá Capital | G98: 0.01 | H98: 20% sobre o que exceder 100% do CDI. | J98: 94.9 | K98: 94.007759 | L98: 1609506.3 | M98: 1594373.9 | N98: 5938.5304 | O98: 16960.024 | P98: 1 | Q98: 0.01078 | S98: 1.0094911 | T98: 12 | U98: 1 | V98: 0.13480117 | W98: 0.12644889 | Y98: 0.0032776943 | Z98: 0.14093818 | AA98: 0.21363114
B99: HGCR11 | C99: Patria Recebíveis Imobiliários | D99: Recebíveis | E99: Patria | F99: Patria | G99: 0.008 | H99: 20% sobre o que exceder 110% da taxa média de captação em CD | J99: 94.72 | K99: 97.838229 | L99: 1460403 | M99: 1508480.2 | N99: 3625.8513 | O99: 15418.106 | P99: 1 | Q99: 0.0099 | S99: 0.96812873 | T99: 11.75 | U99: 1 | V99: 0.12548056 | W99: 0.12668919 | Y99: 0.0044538706 | Z99: 0.057870026 | AA99: 0.14373023
B100: VGIR11 | C100: Valora RE III | D100: Recebíveis | E100: BTG Pactual | F100: Valora Investimentos | G100: 0.01 | H100: ce 20% sobre o que exceder CDI | J100: 9.67 | K100: 9.800587 | L100: 1412799.4 | M100: 1431878.4 | N100: 3900.5356 | O100: 146101.29 | P100: 1 | Q100: 0.00947 | S100: 0.98667559 | T100: 1.51 | U100: 0.13 | V100: 0.15583075 | W100: 0.16132368 | Y100: 0.024334988 | Z100: 0.10456583 | AA100: 0.16762842
B101: VRTA11 | C101: Fator Verità | D101: Recebíveis | E101: Fator | F101: Fator | G101: 0.01 | H101: Inativa (IGP-M + 6% aa) - Gestão está reavaliando a taxa | J101: 70.15 | K101: 83.622169 | L101: 1093808.5 | M101: 1303872.3 | N101: 1482.0141 | O101: 15592.424 | P101: 1 | Q101: 0.00738 | S101: 0.83889238 | T101: 10.2 | U101: 0.85 | V101: 0.1316129 | W101: 0.14540271 | Y101: -0.036003848 | Z101: -0.061217569 | AA101: 0.033891235
B102: BTCI11 | C102: BTG Pactual Fundo de CRI | D102: Recebíveis | E102: BTG Pactual | F102: BTG | G102: 0.0095 | H102: - | J102: 8.38 | K102: 10.128657 | L102: 833987.42 | M102: 1008015.8 | N102: 3709.1672 | O102: 99521.172 | P102: 1 | Q102: 0.00564 | S102: 0.82735548 | T102: 1.176 | U102: 0.101 | V102: 0.12672414 | W102: 0.14463007 | Y102: -0.063833274 | Z102: -0.012529128 | AA102: 0.025383176
B103: KNUQ11 | C103: Kinea Unique HY CDI | D103: Recebíveis | E103: Intrag | F103: Kinea | G103: 0.014 | H103: - | J103: 102.5 | K103: 100.49466 | L103: 2202184.8 | M103: 2159100.6 | N103: 4948.8308 | O103: 21484.73 | P103: 1 | Q103: 0.01722 | S103: 1.0199547 | T103: 14.57 | U103: 1.2 | V103: 0.13981384 | W103: 0.1404878 | Y103: -0.011240856 | Z103: 0.081457211 | AA103: 0.13131253
B104: VGHF11 | C104: Valora Hedge Fund | D104: Recebíveis | E104: Banco Daycoval | F104: Valora Investimentos | G104: 0.009 | H104: 20% sobre o que exceder IPCA + média do yield anual do IMAB5 no semestre civil anterior, com o valor mínimo de IPCA + 3% ao ano | J104: 5.03 | K104: 8.1407109 | L104: 828550.07 | M104: 1340951.6 | N104: 2097.2139 | O104: 164721.68 | P104: 1 | Q104: 0.00561 | S104: 0.61788215 | T104: 0.83 | U104: 0.06 | V104: 0.10779221 | W104: 0.14314115 | Y104: -0.063314711 | Z104: -0.23577022 | AA104: -0.26093491
... B120: HSML11 | C120: HSI Malls | D120: Shoppings | E120: Santander Securities | F120: HSI | G120: 0.011 | H120: 20% do excedente ao Benchmakr (IPCA+ 6% a.a.) | J120: 84.3 | K120: 98.932064 | L120: 1798117 | M120: 2110218.6 | N120: 4780.4272 | O120: 21329.976 | P120: 1 | Q120: 0.0122 | S120: 0.85209988 | T120: 8.59 | U120: 0.75 | V120: 0.099237523 | W120: 0.10676157 | Y120: 0.0050071531 | Z120: -0.021156691 | AA120: 0.071934846
...

Sheet Guia de Fiagros
C5: Dados Cadastrais | I5: Informações Financeiras | R5: Valuation | X5: Performance
C6: Média | K6: 406786.56 | L6: 496961.84 | M6: 721.50468 | R6: 0.81854688 | U6: 0.15542448 | V6: 0.15613306 | X6: -0.015444976 | Y6: -0.021401422 | Z6: 0.080595557
C7: Código | D7: Nome | E7: Administrador | F7: Gestor | G7: Tx de Adm | I7: Preço (R$/cota) | J7: Cota Patrimonial (R$/cota) | K7: Valor de Mercado (R$mil) | L7: Valor Patrimonial (R$mil) | M7: Volume Diário (R$mil/dia) | N7: # cotas | O7: IFIX | P7: % IFIX | R7: P/VP | S7: DPS 12M (R$/cota) | T7: Ultimo Dividendo (R$/cota/mês) | U7: Div Yield 12M | V7: Div Yield Anualizado | X7: No Mês | Y7: No Ano | Z7: Últimos doze meses | AB7: Média P/VP | AC7: Média Div Yield Anualizado
A8: 18 | B8: 4 | C8: KNCA11 | D8: Kinea Crédito Agro Fiagro-Imobiliário | E8: Intrag DTVM | F8: Kinea Investimentos | G8: 0.012 | I8: 86.74 | J8: 100.12002 | K8: 1873577 | L8: 2162584.3 | M8: 3202.3739 | N8: #N/A | O8: 0 | P8: - | R8: 0.8663602 | S8: 12.74 | T8: 0.85 | U8: 0.13561848 | V8: 0.11759281 | X8: -0.011284623 | Y8: -0.015543964 | Z8: 0.056760582 | AB8: 0.81854688 | AC8: 0.15613306 | AD8: 1 | AE8: SNAG11 | AF8: 0.96368012 | AG8: 1 | AH8: VCRA11 | AI8: 0.20618557
A9: 15 | B9: 1 | C9: SNAG11 | D9: Suno Agro - Fiagro-Imobiliário | E9: Singulare | F9: Suno | G9: 0.0092 | I9: 9.76 | J9: 10.127842 | K9: 872990.91 | L9: 905892.83 | M9: 1687.8831 | N9: 89445.79 | O9: 0 | P9: - | R9: 0.96368012 | S9: 1.58 | T9: 0.12 | U9: 0.1661409 | V9: 0.14754098 | X9: 0.013308164 | Y9: -0.0085135515 | Z9: 0.20565035 | AB9: 0.81854688 | AC9: 0.15613306 | AD9: 2 | AE9: VGIA11 | AF9: 0.91249494 | AG9: 2 | AH9: EGAF11 | AI9: 0.18692033
A10: 17 | B10: 3 | C10: CRAA11 | D10: Sparta Fiagro Fdo Inv Cadeias Prod Agroind - Imob | E10: BTG Pactual Serviços Financeiros | F10: Sparta | G10: 0.0115 | I10: 90.99 | J10: 100.96034 | K10: 215631.38 | L10: 239259.46 | M10: 480.22575 | N10: 2369.836 | O10: 0 | P10: - | R10: 0.90124495 | S10: 14.25 | T10: 0.95 | U10: 0.14795971 | V10: 0.12528849 | X10: -0.011328293 | Y10: 0.060446061 | Z10: 0.092874626 | AB10: 0.81854688 | AC10: 0.15613306 | AD10: 3 | AE10: CRAA11 | AF10: 0.90124495 | AG10: 3 | AH10: JGPX11 | AI10: 0.18629924
A11: 4 | B11: 7 | C11: RZAG11 | D11: Fdo Inv Cadeias Prod Agro Riza Agro Fiagro Imob | E11: Banco Genial | F11: Riza Asset Management | G11: 0.0115 | I11: 8.27 | J11: 10.024658 | K11: 562694.31 | L11: 682081.98 | M11: 1092.5125 | N11: #N/A | O11: 0 | P11: - | R11: 0.82496582 | S11: 1.495 | T11: 0.125 | U11: 0.16392544 | V11: 0.18137848 | X11: 0.0018170806 | Y11: -0.016885346 | Z11: 0.070238615 | AB11: 0.81854688 | AC11: 0.15613306 | AD11: 4 | AE11: KNCA11 | AF11: 0.8663602 | AG11: 4 | AH11: RZAG11 | AI11: 0.18137848
A12: 2 | B12: 6 | C12: EGAF11 | D12: Ecoagro I Fdo Inv Cadeias Prod Agroind Fiagro Imob | E12: Vórtx | F12: Eco Agro | G12: 0.006 | I12: 84.1 | J12: 99.145244 | K12: 263393.97 | L12: 310514.38 | M12: 657.46215 | N12: 3131.914 | O12: 0 | P12: - | R12: 0.84825047 | S12: 16.67 | T12: 1.31 | U12: 0.1813139 | V12: 0.18692033 | X12: 0.0053437685 | Y12: 0.011446071 | Z12: 0.094809721 | AB12: 0.81854688 | AC12: 0.15613306 | AD12: 5 | AE12: FGAA11 | AF12: 0.85064591 | AG12: 5 | AH12: PLCA11 | AI12: 0.17746479
A13: 12 | B13: 5 | C13: FGAA11 | D13: Fg/Agro Fdo De Invest - Fiagro - Imobiliário | E13: BRL Trust Investimentos | F13: FG/A Gestora de Recursos | G13: 0.0115 | I13: 8.08 | J13: 9.4986644 | K13: 358133.02 | L13: 421013.05 | M13: 651.52085 | N13: 44323.394 | O13: 0 | P13: - | R13: 0.85064591 | S13: 1.385 | T13: 0.11 | U13: 0.15792474 | V13: 0.16336634 | X13: 0.011111111 | Y13: 0.0008433248 | Z13: 0.077988824 | AB13: 0.81854688 | AC13: 0.15613306 | AD13: 6 | AE13: EGAF11 | AF13: 0.84825047 | AG13: 6 | AH13: DCRA11 | AI13: 0.17589577
A14: 11 | B14: 2 | C14: VGIA11 | D14: Valora Cra Fdo Inv Nas Cad Prod Agro Fiagro - Imob | E14: BTG Pactual Serviços Financeiros | F14: Valora Investimentos | G14: 0.012 | I14: 8.78 | J14: 9.6219712 | K14: 930751.47 | L14: 1020007.3 | M14: 1668.4607 | N14: 106008.14 | O14: 0 | P14: - | R14: 0.91249494 | S14: 1.64 | T14: 0.12 | U14: 0.17634409 | V14: 0.16400911 | X14: 0.040856199 | Y14: 0.010044291 | Z14: 0.13785446 | AB14: 0.81854688 | AC14: 0.15613306 | AD14: 7 | AE14: RZAG11 | AF14: 0.82496582 | AG14: 7 | AH14: GCRA11 | AI14: 0.17369093
A15: 9 | B15: 11 | C15: CPTR11 | D15: Capitania Agro Strategies - Fiagro - Imobiliário | E15: BTG Pactual Serviços Financeiros | F15: Capitânia | G15: 0.01 | I15: 7.35 | J15: 9.9815138 | K15: 145711.38 | L15: 197880.3 | M15: 241.55136 | N15: 19824.678 | O15: 0 | P15: - | R15: 0.73636125 | S15: 1.335 | T15: 0.105 | U15: 0.17682119 | V15: 0.17142857 | X15: 0.0083012216 | Y15: 0.028426199 | Z15: 0.15021044 | AB15: 0.81854688 | AC15: 0.15613306 | AD15: 8 | AE15: OIAG11 | AF15: 0.82060803 | AG15: 8 | AH15: LSAG11 | AI15: 0.17302939
A16: 10 | B16: 8 | C16: OIAG11 | D16: Ourinvest Innovation - Fiagro Imobiliário | E16: Singulare | F16: Ourinvest | G16: 0.011 | I16: 8.02 | J16: 9.7732409 | K16: 72444.652 | L16: 88281.676 | M16: 80.743204 | N16: #N/A | O16: 0 | P16: - | R16: 0.82060803 | S16: 1.42 | T16: 0.11 | U16: 0.17906683 | V16: 0.16458853 | X16: 0.021103067 | Y16: 0.051726014 | Z16: 0.18965711 | AB16: 0.81854688 | AC16: 0.15613306 | AD16: 9 | AE16: RURA11 | AF16: 0.78367994 | AG16: 9 | AH16: CPTR11 | AI16: 0.17142857
A17: 5 | B17: 13 | C17: PLCA11 | D17: Plural Crédito Agro - Fiagro - Imobiliário | E17: Genial Investimentos | F17: Plural | G17: 0.0115 | I17: 71 | J17: 96.939253 | K17: 39548.349 | L17: 53997.006 | M17: 47.531895 | N17: #N/A | O17: 0 | P17: - | R17: 0.73241745 | S17: 12.4 | T17: 1.05 | U17: 0.17601136 | V17: 0.17746479 | X17: 0.00084578517 | Y17: 0.10429302 | Z17: 0.18925012 | AB17: 0.81854688 | AC17: 0.15613306 | AD17: 10 | AE17: XPCA11 | AF17: 0.76854598 | AG17: 10 | AH17: OIAG11 | AI17: 0.16458853
A18: 13 | B18: 10 | C18: XPCA11 | D18: Xp Crédito Agrícola Fdo Inv Fiagro Imobiliário | E18: XP Investimentos | F18: XP Asset Management | G18: 0.01 | I18: 7.39 | J18: 9.61556 | K18: 336415.53 | L18: 437729.87 | M18: 514.29299 | N18: #N/A | O18: 0 | P18: - | R18: 0.76854598 | S18: 1.29 | T18: 0.1 | U18: 0.16226415 | V18: 0.1623816 | X18: -0.0040431267 | Y18: -0.016735942 | Z18: 0.089035913 | AB18: 0.81854688 | AC18: 0.15613306 | AD18: 11 | AE18: CPTR11 | AF18: 0.73636125 | AG18: 11 | AH18: VGIA11 | AI18: 0.16400911
A19: 14 | B19: 9 | C19: RURA11 | D19: Itau Asset Rural Fiagro - Imobiliário | E19: Intrag DTVM | F19: Itaú Asset Management | G19: 0.01 | I19: 8.07 | J19: 10.297571 | K19: 1292003 | L19: 1648636.1 | M19: 2221.7182 | N19: #N/A | O19: 0 | P19: - | R19: 0.78367994 | S19: 1.348 | T19: 0.105 | U19: 0.16419001 | V19: 0.15613383 | X19: 0.0068621335 | Y19: 0.03223158 | Z19: 0.15041608 | AB19: 0.81854688 | AC19: 0.15613306 | AD19: 12 | AE19: LSAG11 | AF19: 0.73605462 | AG19: 12 | AH19: FGAA11 | AI19: 0.16336634
A20: 8 | B20: 12 | C20: LSAG11 | D20: Leste Fdo Inv Cad Prod Agroind Fiagro Imob | E20: Banco Genial | F20: Leste | G20: 0.0148 | I20: 72.82 | J20: 98.932876 | K20: 73499.702 | L20: 99856.315 | M20: 31.101588 | N20: 1009.334 | O20: 0 | P20: - | R20: 0.73605462 | S20: 12.78 | T20: 1.05 | U20: 0.17019577 | V20: 0.17302939 | X20: 0.0048295847 | Y20: -0.031266834 | Z20: 0.13989306 | AB20: 0.81854688 | AC20: 0.15613306 | AD20: 13 | AE20: PLCA11 | AF20: 0.73241745 | AG20: 13 | AH20: XPCA11 | AI20: 0.1623816
A21: 6 | B21: 15 | C21: DCRA11 | D21: Devant Fdo Inv Nas Cad Prod Agroind - Fiagro Imob | E21: Banco Daycoval | F21: Devant Asset | G21: 0.001 | I21: 6.14 | J21: 9.6745411 | K21: 41376.877 | L21: 65195.814 | M21: 61.331319 | N21: 6738.905 | O21: 0 | P21: - | R21: 0.63465542 | S21: 1.13 | T21: 0.09 | U21: 0.15983027 | V21: 0.17589577 | X21: -0.070755089 | Y21: -0.066044388 | Z21: 0.019714629 | AB21: 0.81854688 | AC21: 0.15613306 | AD21: 14 | AE21: FZDA11 | AF21: 0.69068991 | AG21: 14 | AH21: RURA11 | AI21: 0.15613383
A22: 19 | B22: 14 | C22: FZDA11 | D22: 051 Agro Fdo Inv Nas Cad Prod Agro - Fiagro - Imob | E22: XP Investimentos | F22: 051 Capital | G22: 0.0082 | I22: 130 | J22: 188.21761 | K22: 201500 | L22: 291737.29 | M22: 1.0511291 | N22: #N/A | O22: 0 | P22: - | R22: 0.69068991 | S22: 4.3195785 | T22: 0 | U22: 0.033227527 | V22: 0 | X22: - | Y22: 0.028935165 | Z22: 0.036850051 | AB22: 0.81854688 | AC22: 0.15613306 | AD22: 15 | AE22: DCRA11 | AF22: 0.63465542 | AG22: 15 | AH22: SNAG11 | AI22: 0.14754098
A23: 3 | B23: 18 | C23: JGPX11 | D23: Fdo Inv Cadeias Prod Agroind Jgp Cred Fiagro Imob | E23: Banco Daycoval | F23: JGP | G23: 0.0113 | I23: 51.53 | J23: 95.777328 | K23: 110338.51 | L23: 205083.01 | M23: 368.77268 | N23: 2141.248 | O23: 0 | P23: - | R23: 0.53801877 | S23: 11.08 | T23: 0.8 | U23: 0.15627645 | V23: 0.18629924 | X23: -0.090218927 | Y23: -0.23307666 | Z23: -0.14287889 | AB23: 0.81854688 | AC23: 0.15613306 | AD23: 16 | AE23: GCRA11 | AF23: 0.58149215 | AG23: 16 | AH23: HGAG11 | AI23: 0.13333333
A24: 16 | B24: 19 | C24: HGAG11 | D24: High Fundo De Investimento Agro Fiagro Imob | E24: Vórtx | F24: High Gestão | G24: ND | I24: 10.8 | J24: 23.574852 | K24: 2681.1216 | L24: 5852.5042 | M24: 0.44961864 | N24: #N/A | O24: 0 | P24: - | R24: 0.45811528 | S24: 1.47 | T24: 0.12 | U24: 0.1 | V24: 0.13333333 | X24: -0.26128591 | Y24: -0.33023491 | Z24: -0.18717666 | AB24: 0.81854688 | AC24: 0.15613306 | AD24: 17 | AE24: VCRA11 | AF24: 0.54597864 | AG24: 17 | AH24: CRAA11 | AI24: 0.12528849
A25: 1 | B25: 17 | C25: VCRA11 | D25: Vectis Datagro Cr Agr - Fdo Inv Cad Prod Ag - Imob | E25: Intrag DTVM | F25: Vectis | G25: 0.013 | I25: 55.29 | J25: 101.2677 | K25: 253997.78 | L25: 465215.6 | M25: 441.8609 | N25: #N/A | O25: 0 | P25: - | R25: 0.54597864 | S25: 11.4 | T25: 0.95 | U25: 0.18657938 | V25: 0.20618557 | X25: 0.046366389 | Y25: -0.015957354 | Z25: 0.087190491 | AB25: 0.81854688 | AC25: 0.15613306 | AD25: 18 | AE25: JGPX11 | AF25: 0.53801877 | AG25: 18 | AH25: KNCA11 | AI25: 0.11759281
A26: 7 | B26: 16 | C26: GCRA11 | D26: Galápagos Recebíveis Do Agronegócio - Fiagro-Imob | E26: Singulare Invest | F26: Galapagos Capital | G26: 0.0115 | I26: 46.98 | J26: 80.792148 | K26: 82255.638 | L26: 141456.14 | M26: 257.74509 | N26: #N/A | O26: 0 | P26: - | R26: 0.58149215 | S26: 8.16 | T26: 0.68 | U26: 0.159375 | V26: 0.17369093 | X26: 0.010161904 | Y26: -0.00075979646 | Z26: 0.072976064 | AB26: 0.81854688 | AC26: 0.15613306 | AD26: 19 | AE26: HGAG11 | AF26: 0.45811528 | AG26: 19 | AH26: FZDA11 | AI26: 0

Sheet Guia de FI-Infra e FIP-IE
B5: Dados Cadastrais | H5: Informações Financeiras | Q5: Valuation | W5: Performance
T6: 0.13574808 | U6: 0.22019465 | W6: 0.0032065215 | X6: 0.056038439 | Y6: 0.11604686
B7: Código | C7: Nome | D7: Administrador | E7: Gestor | F7: Tx de Adm | H7: Preço (R$/cota) | I7: Cota Patrimonial (R$/cota) | J7: Valor de Mercado (R$mil) | K7: Valor Patrimonial (R$mil) | L7: Volume Diário (R$mil/dia) | M7: # cotas | N7: IFIX | O7: % IFIX | Q7: P/VP | R7: DPS 12M (R$/cota) | S7: Ultimo Dividendo (R$/cota/mês) | T7: Div Yield 12M | U7: Div Yield Anualizado | W7: No Mês | X7: No Ano | Y7: Últimos doze meses
B8: KDIF11 | C8: Kinea Infra - Fdo Inv Cotas Fdo Inc. Inv Inf Rf Cp | D8: Intrag | E8: Kinea | F8: 0.0113 | H8: 114.15 | I8: - | J8: - | K8: - | L8: 5423.2347 | M8: #N/A | N8: 0 | O8: - | Q8: - | R8: 15.88 | S8: 1 | T8: 0.12828177 | U8: 0.10512484 | W8: 0.0040460902 | X8: -0.047390538 | Y8: 0.047087075
B9: BDIF11 | C9: Btg Pactual Dívida Infra Fic. Fdo. Inc. Ie. Rf. Cp | D9: BTG Pactual | E9: BTG Pactual | F9: 0.0075 | H9: 68.74 | I9: - | J9: - | K9: - | L9: 2089.5565 | M9: #N/A | N9: 0 | O9: - | Q9: - | R9: 9.8 | S9: 0.85 | T9: 0.13082366 | U9: 0.14838522 | W9: 0.0086519061 | X9: 0.045199257 | Y9: 0.049641791
B10: PFIN11 | C10: Perfin Apollo Energia Fip Em Infraestrutura | D10: BTG Pactual | E10: Perfin | F10: 0.006 | H10: 60.8 | I10: - | J10: - | K10: - | L10: 669.05122 | M10: #N/A | N10: 0 | O10: - | Q10: - | R10: 30.14 | S10: 0 | T10: 0.38860237 | U10: 0 | W10: -0.025641026 | X10: 0.16485316 | Y10: 0.18832747
B11: BDIV11 | C11: Btg Pactual Ie Div. Fdo Inv. Part. Ie | D11: BTG Pactual | E11: BTG Pactual | F11: 0.011 | H11: 37 | I11: - | J11: - | K11: - | L11: 362.18952 | M11: #N/A | N11: 0 | O11: - | Q11: - | R11: 13.685 | S11: 7.285 | T11: 0.34084682 | U11: 2.3627027 | W11: 0.069364162 | X11: 0.16922653 | Y11: 0.31913277
B12: CPTI11 | C12: Capitânia Infra Fdo. Inv. Fdo. Ie. Rf. Cred. Priv. | D12: BTG Pactual | E12: Capitânia | F12: 0.01 | H12: 84.05 | I12: - | J12: - | K12: - | L12: 2695.2976 | M12: #N/A | N12: 0 | O12: - | Q12: - | R12: 13.2 | S12: 1.15 | T12: 0.15951662 | U12: 0.16418798 | W12: 0.015832729 | X12: 0.078021417 | Y12: 0.18302842
B13: JURO11 | C13: Sparta Infra Fic Fi Infra Renda Fixa Cp | D13: BTG Pactual | E13: Sparta | F13: 0.01 | H13: 97.76 | I13: - | J13: - | K13: - | L13: 4423.3767 | M13: #N/A | N13: 0 | O13: - | Q13: - | R13: 10 | S13: 1 | T13: 0.10057327 | U13: 0.12274959 | W13: 0.019714196 | X13: 0.013811272 | Y13: 0.085809728
B14: IFRA11 | C14: Itau Fdo Inv Cotas Fdo Incent De Inv Infr. Rf Cp | D14: Intrag | E14: Itaú | F14: 0.0085 | H14: 89.47 | I14: - | J14: - | K14: - | L14: 2528.2247 | M14: #N/A | N14: 0 | O14: - | Q14: - | R14: 10.93 | S14: 0.85 | T14: 0.11162173 | U14: 0.11400469 | W14: -0.028977643 | X14: -0.023860748 | Y14: 0.022708768
B15: PPEI11 | C15: Prisma Proton Energia Fdo. Invest. Part. Infra. | D15: BTG Pactual | E15: Prisma | F15: 0.011 | H15: 84.16 | I15: - | J15: - | K15: - | L15: 229.61559 | M15: #N/A | N15: 0 | O15: - | Q15: - | R15: 12.25 | S15: 1 | T15: 0.13461538 | U15: 0.14258555 | W15: 0.0038167939 | X15: 0.15859398 | Y15: 0.070717343
B16: VIGT11 | C16: Vinci Energia Fdo Inv Part Ie | D16: BTG Pactual | E16: Vinci Partners | F16: 0.015 | H16: 47.51 | I16: - | J16: - | K16: - | L16: 359.67979 | M16: #N/A | N16: 0 | O16: - | Q16: - | R16: 2.8 | S16: 0.25 | T16: 0.073030777 | U16: 0.063144601 | W16: -0.025435897 | X16: 0.10561102 | Y16: 0.31648401
B17: XPID11 | C17: Xp Fdo Inv. Cotas Fdo Inc. Inv. Em Infr. R. Fixa | D17: Banco Plural | E17: XP Asset Management | F17: 0.0095 | H17: 48.47 | I17: - | J17: - | K17: - | L17: 133.40356 | M17: #N/A | N17: 0 | O17: - | Q17: - | R17: 7.75 | S17: 0.75 | T17: 0.1494408 | U17: 0.18568187 | W17: 0.013592639 | X17: 0.17615836 | Y17: 0.091756393
B18: XPIE11 | C18: Xp Infra Ii Fdo De Inv Part Ie | D18: Banco Plural | E18: XP Asset Management | F18: 0.013 | H18: 43.47 | I18: - | J18: - | K18: - | L18: 813.80639 | M18: #N/A | N18: 0 | O18: - | Q18: - | R18: 6.26 | S18: 0.14 | T18: 0.10450751 | U18: 0.038647343 | W18: -0.016515837 | X18: -0.059643777 | Y18: -0.08832433
B19: BRZP11 | C19: Brz Infra Portos Fdo, Inv. Em Part. Infraestrutura | D19: Modal DTVM | E19: BRZ | F19: 0.015 | H19: 179.15 | I19: - | J19: - | K19: - | L19: 975.84239 | M19: #N/A | N19: 0 | O19: - | Q19: - | R19: 0 | S19: 0 | T19: 0 | U19: 0 | W19: 0.016165627 | X19: 0.095218237 | Y19: 0.31563236
... B26: RBIF11 | C26: Rio Bravo Esg Fic Infra Renda Fixa Crédito Privado | D26: Banco Daycoval | E26: Rio Bravo | F26: 0.0085 | H26: 64.15 | I26: - | J26: - | K26: - | L26: 452.25552 | M26: #N/A | N26: 0 | O26: - | Q26: - | R26: 9.93 | S26: 0.6 | T26: 0.1347537 | U26: 0.11223694 | W26: -0.031405707 | X26: -0.038978739 | Y26: 0.02268131

Sheet Escritórios
C4: Data Ref: 18/09/2026 | D4: Fonte: B3, Economatica, XP Investimentos
C6: Dados Cadastrais | E6: Informações Financeiras | G6: Valuation | L6: Performance
C7: Média Escritórios: | D7: - | E7: - | F7: - | G7: 0.6188553 | H7: 7.2076961 | I7: 0.62026316 | J7: 0.10916578 | K7: 0.10283307 | L7: 0.022129774 | M7: -0.0071173424 | N7: 0.094476816
C8: Código | D8: Número de Cotas | E8: Valor de Mercado | F8: Valor Patrimonial | G8: P/VP | H8: Dividendo por Cota 12M | I8: Dividendo por Cota (Último) | J8: Dvd Yield 12M | K8: Dvd Yield Anualizado | L8: No Mês | M8: No Ano | N8: Últimos doze meses
A9: 1 | B9: 19 | C9: PATC11 | D9: 3477.434 | E9: 130403.77 | F9: 119150.94 | G9: 1.0944418 | H9: 0.68 | I9: 0.09 | J9: 0.018133333 | K9: 0.0288 | L9: -0.046529367 | M9: -0.093649456 | N9: -0.027983565 | Q9: 0.6188553 | R9: 0.10283307 | S9: 1 | T9: PATC11 | U9: 1.0944418 | V9: 1 | W9: VGRI11 | X9: 0.16666667
A10: 5 | B10: 10 | C10: TEPP11 | D10: 53763.691 | E10: 385485.66 | F10: 504964.58 | G10: 0.76339149 | H10: 1.169 | I10: 0.068 | J10: 0.16304045 | K10: 0.11380753 | L10: -0.060534591 | M10: -0.07674391 | N10: 0.010289214 | Q10: 0.6188553 | R10: 0.10283307 | S10: 2 | T10: AIEC11 | U10: 0.8647828 | V10: 2 | W10: RECT11 | X10: 0.16348774
A11: 11 | B11: 11 | C11: KORE11 | D11: 9625 | E11: 626010 | F11: 1032867 | G11: 0.60608967 | H11: 9.8 | I11: 0.6 | J11: 0.15067651 | K11: 0.11070111 | L11: 0.0037037037 | M11: -0.048205308 | N11: 0.061748335 | Q11: 0.6188553 | R11: 0.10283307 | S11: 3 | T11: HGRE11 | U11: 0.77044773 | V11: 3 | W11: SPTW11 | X11: 0.15929204
A12: 7 | B12: 18 | C12: PVBI11 | D12: 27130.067 | E12: 1825853.5 | F12: 2842168.1 | G12: 0.64241573 | H12: 5.07 | I12: 0.37 | J12: 0.075334324 | K12: 0.065973254 | L12: -0.012182592 | M12: -0.13781284 | N12: -0.040651805 | Q12: 0.6188553 | R12: 0.10283307 | S12: 4 | T12: GTWR11 | U12: 0.76962218 | V12: 4 | W12: CEOC11 | X12: 0.14334471
A13: 9 | B13: 1 | C13: VGRI11 | D13: 35021.736 | E13: 189117.37 | F13: 299910.54 | G13: 0.63057929 | H13: 1.17 | I13: 0.075 | J13: 0.21666667 | K13: 0.16666667 | L13: 0.014084507 | M13: -0.27415992 | N13: -0.26931462 | Q13: 0.6188553 | R13: 0.10283307 | S13: 5 | T13: TEPP11 | U13: 0.76339149 | V13: 5 | W13: GTWR11 | X13: 0.13844379
A14: 4 | B14: 5 | C14: GTWR11 | D14: 12000 | E14: 936120 | F14: 1216337.1 | G14: 0.76962218 | H14: 10.8 | I14: 0.9 | J14: 0.13844379 | K14: 0.13844379 | L14: 0.003989704 | M14: 0.036724017 | N14: 0.1514844 | Q14: 0.6188553 | R14: 0.10283307 | S14: 6 | T14: RCRB11 | U14: 0.69476763 | V14: 6 | W14: BRCR11 | X14: 0.11855422
A15: 3 | B15: 14 | C15: HGRE11 | D15: 11817.767 | E15: 1370861 | F15: 1779304.3 | G15: 0.77044773 | H15: 11.5 | I15: 0.85 | J15: 0.099137931 | K15: 0.087931034 | L15: -0.013773168 | M15: 0.0049808782 | N15: 0.081873703 | Q15: 0.6188553 | R15: 0.10283307 | S15: 7 | T15: PVBI11 | U15: 0.64241573 | V15: 7 | W15: RCRB11 | X15: 0.11763819
A16: 6 | B16: 7 | C16: RCRB11 | D16: 3690.695 | E16: 489423.06 | F16: 704441.37 | G16: 0.69476763 | H16: 12.8 | I16: 1.3 | J16: 0.096523641 | K16: 0.11763819 | L16: 0.012290076 | M16: 0.011286258 | N16: 0.16075604 | Q16: 0.6188553 | R16: 0.10283307 | S16: 8 | T16: RNGO11 | U16: 0.63596088 | V16: 8 | W16: VINO11 | X16: 0.11748252
A17: 10 | B17: 3 | C17: SPTW11 | D17: 1798 | E17: 60952.2 | F17: 96739.837 | G17: 0.63006308 | H17: 5.89 | I17: 0.45 | J17: 0.17374631 | K17: 0.15929204 | L17: 0.25277162 | M17: 0.035899411 | N17: 0.13543989 | Q17: 0.6188553 | R17: 0.10283307 | S17: 9 | T17: VGRI11 | U17: 0.63057929 | V17: 9 | W17: RNGO11 | X17: 0.11650485
A18: 2 | B18: 16 | C18: AIEC11 | D18: 4824.987 | E18: 316036.65 | F18: 365452.05 | G18: 0.8647828 | H18: 4.2 | I18: 0.38 | J18: 0.064122137 | K18: 0.069618321 | L18: 0.013618075 | M18: 0.30394988 | N18: 0.38662095 | Q18: 0.6188553 | R18: 0.10283307 | S18: 10 | T18: SPTW11 | U18: 0.63006308 | V18: 10 | W18: TEPP11 | X18: 0.11380753
A19: 13 | B19: 13 | C19: JSRE11 | D19: 20767.328 | E19: 1252062.2 | F19: 2107266.3 | G19: 0.59416422 | H19: 5.8 | I19: 0.5 | J19: 0.096201692 | K19: 0.099518992 | L19: 0 | M19: -0.028836444 | N19: 0.065361886 | Q19: 0.6188553 | R19: 0.10283307 | S19: 11 | T19: KORE11 | U19: 0.60608967 | V19: 11 | W19: KORE11 | X19: 0.11070111
A20: 12 | B20: 4 | C20: CEOC11 | D20: 1815.696 | E20: 74479.85 | F20: 123295.05 | G20: 0.60407816 | H20: 5.5808229 | I20: 0.49 | J20: 0.13605127 | K20: 0.14334471 | L20: 0.047035235 | M20: -0.018303861 | N20: 0.052681067 | Q20: 0.6188553 | R20: 0.10283307 | S20: 13 | T20: JSRE11 | U20: 0.59416422 | V20: 13 | W20: JSRE11 | X20: 0.099518992
... A25: 18 | B25: 2 | C25: RECT11 | D25: 8543.493 | E25: 282191.57 | F25: 767704.92 | G25: 0.36757817 | H25: 5.32 | I25: 0.45 | J25: 0.1610657 | K25: 0.16348774 | L25: 0.037132643 | M25: -0.040166081 | N25: 0.13914075 | Q25: 0.6188553 | R25: 0.10283307 | S25: 18 | T25: RECT11 | U25: 0.36757817 | V25: 18 | W25: PVBI11 | X25: 0.065973254
A26: 17 | B26: 15 | C26: CBOP11 | D26: 1415 | E26: 39620 | F26: 101799.85 | G26: 0.38919509 | H26: 2.16 | I26: 0.2 | J26: 0.077142857 | K26: 0.085714286 | L26: 0.0071942446 | M26: -0.10823591 | N26: 0.23380743 | Q26: 0.6188553 | R26: 0.10283307 | S26: 20 | T26: #N/A | U26: #N/A | V26: 20 | W26: #N/A | X26: #N/A
A27: 19 | B27: 17 | C27: ALMI11 | D27: 111.177 | E27: 69262.159 | F27: 228557.41 | G27: 0.30304053 | H27: 37.755402 | I27: 3.53 | J27: 0.060603545 | K27: 0.067994671 | L27: 0.060462662 | M27: 0.10099698 | N27: 0.15154799 | Q27: 0.6188553 | R27: 0.10283307 | S27: 21 | T27: #N/A | U27: #N/A | V27: 21 | W27: #N/A | X27: #N/A

Sheet Galpões Logísticos
C4: Data Ref: 18/09/2026 | D4: Fonte: B3, Economatica, XP Investimentos
C6: Dados Cadastrais | E6: Informações Financeiras | G6: Valuation | L6: Performance
C7: Média Galpões Logísticos: | E7: - | F7: - | G7: 0.8734827 | H7: 9.9159313 | I7: 0.777 | J7: 0.10332485 | K7: 0.10332562 | L7: -0.0021565836 | M7: -0.021563844 | N7: 0.044093604
C8: Código | D8: Número de Cotas | E8: Valor de Mercado | F8: Valor Patrimonial | G8: P/VP | H8: Dividendo por Cota 12M | I8: Dividendo por Cota (Último) | J8: Dvd Yield 12M | K8: Dvd Yield Anualizado | L8: No Mês | M8: No Ano | N8: Últimos doze meses
A9: 14 | B9: 15 | C9: FIIB11 | D9: 685 | E9: 288816.55 | F9: 406640.56 | G9: 0.71025023 | H9: 36.81 | I9: 2.75 | J9: 0.087304034 | K9: 0.078267675 | L9: 0.010497304 | M9: -0.06821205 | N9: -0.10023511 | Q9: 0.8734827 | R9: 0.10332562 | S9: 1 | T9: BRCO11 | U9: 0.96044396 | V9: 1 | W9: BLMG11 | X9: 0.15339233
A10: 3 | B10: 12 | C10: HGLG11 | D10: 45582.811 | E10: 6745344.4 | F10: 7570811.7 | G10: 0.89096713 | H10: 13.34 | I10: 1.17 | J10: 0.090147317 | K10: 0.094877686 | L10: 0.0055038391 | M10: 0.0027121892 | N10: 0.015942349 | Q10: 0.8734827 | R10: 0.10332562 | S10: 2 | T10: BTLG11 | U10: 0.94857996 | V10: 2 | W10: RZAT11 | X10: 0.13756735
A11: 2 | B11: 11 | C11: BTLG11 | D11: 70940.261 | E11: 7179154.4 | F11: 7568317.6 | G11: 0.94857996 | H11: 9.62 | I11: 0.81 | J11: 0.095059289 | K11: 0.096047431 | L11: 0.029504763 | M11: 0.060837911 | N11: 0.086465572 | Q11: 0.8734827 | R11: 0.10332562 | S11: 3 | T11: HGLG11 | U11: 0.89096713 | V11: 3 | W11: GGRC11 | X11: 0.13333333
A12: 1 | B12: 9 | C12: BRCO11 | D12: 18021.303 | E12: 1986308 | F12: 2068114.4 | G12: 0.96044396 | H12: 10.96 | I12: 0.91 | J12: 0.099437489 | K12: 0.099074578 | L12: -0.024946921 | M12: 0.0041924368 | N12: 0.075020912 | Q12: 0.8734827 | R12: 0.10332562 | S12: 4 | T12: XPLG11 | U12: 0.88861302 | V12: 4 | W12: HSLG11 | X12: 0.11434379
A13: 8 | B13: 3 | C13: GGRC11 | D13: 345709.46 | E13: 3111385.1 | F13: 3777611.9 | G13: 0.82363811 | H13: 1.2 | I13: 0.1 | J13: 0.13333333 | K13: 0.13333333 | L13: -0.0034062323 | M13: -0.0047315329 | N13: 0.027799966 | Q13: 0.8734827 | R13: 0.10332562 | S13: 5 | T13: RZAT11 | U13: 0.85894614 | V13: 5 | W13: NEWL11 | X13: 0.1132396
A14: 4 | B14: 7 | C14: XPLG11 | D14: 51390.098 | E14: 4778765.2 | F14: 5377779.9 | G14: 0.88861302 | H14: 9.84 | I14: 0.82 | J14: 0.10581783 | K14: 0.10581783 | L14: 0.022767268 | M14: -0.052658094 | N14: 0.020408406 | Q14: 0.8734827 | R14: 0.10332562 | S14: 6 | T14: TRUE11 | U14: 0.85676206 | V14: 6 | W14: VILG11 | X14: 0.10930904
A15: 5 | B15: 2 | C15: RZAT11 | D15: 4235.042 | E15: 369422.71 | F15: 430088.33 | G15: 0.85894614 | H15: 14.05 | I15: 1 | J15: 0.16106844 | K15: 0.13756735 | L15: -0.035306178 | M15: 0.1149178 | N15: 0.12740263 | Q15: 0.8734827 | R15: 0.10332562 | S15: 7 | T15: VILG11 | U15: 0.82825625 | V15: 7 | W15: XPLG11 | X15: 0.10581783
A16: 11 | B16: 10 | C16: LVBI11 | D16: 16118.565 | E16: 1563500.8 | F16: 1950169.7 | G16: 0.8017255 | H16: 9.05 | I16: 0.8 | J16: 0.093298969 | K16: 0.098969072 | L16: -0.016825461 | M16: -0.079110052 | N16: -0.017628295 | Q16: 0.8734827 | R16: 0.10332562 | S16: 8 | T16: GGRC11 | U16: 0.82363811 | V16: 8 | W16: TRBL11 | X16: 0.1019305
A17: 13 | B17: 4 | C17: HSLG11 | D17: 12660.067 | E17: 996473.87 | F17: 1393090.3 | G17: 0.71529741 | H17: 8.69 | I17: 0.75 | J17: 0.11040529 | K17: 0.11434379 | L17: 0.0057500639 | M17: -0.081703825 | N17: 0.016852277 | Q17: 0.8734827 | R17: 0.10332562 | S17: 9 | T17: RBRL11 | U17: 0.82203259 | V17: 9 | W17: BRCO11 | X17: 0.099074578
A18: 10 | B18: 5 | C18: NEWL11 | D18: 2810.193 | E18: 297796.15 | F18: 370313.93 | G18: 0.80417216 | H18: 11.93 | I18: 1 | J18: 0.11257903 | K18: 0.1132396 | L18: 0.018942308 | M18: 0.0019632619 | N18: 0.13359281 | Q18: 0.8734827 | R18: 0.10332562 | S18: 10 | T18: NEWL11 | U18: 0.80417216 | V18: 10 | W18: LVBI11 | X18: 0.098969072
A19: 7 | B19: 6 | C19: VILG11 | D19: 14997.396 | E19: 1350065.6 | F19: 1630009.5 | G19: 0.82825625 | H19: 9.44 | I19: 0.82 | J19: 0.10486559 | K19: 0.10930904 | L19: -0.041524702 | M19: -0.025251055 | N19: 0.13576247 | Q19: 0.8734827 | R19: 0.10332562 | S19: 11 | T19: LVBI11 | U19: 0.8017255 | V19: 11 | W19: BTLG11 | X19: 0.096047431
A20: 12 | B20: 14 | C20: HLOG11 | D20: 42500 | E20: 393125 | F20: 503629.16 | G20: 0.78058426 | H20: 0.949 | I20: 0.072 | J20: 0.10259459 | K20: 0.093405405 | L20: -0.0083619211 | M20: 0.083372029 | N20: 0.18171559 | Q20: 0.8734827 | R20: 0.10332562 | S20: 12 | T20: HLOG11 | U20: 0.78058426 | V20: 12 | W20: HGLG11 | X20: 0.094877686
... A24: 6 | B24: 16 | C24: TRUE11 | D24: 2468.099 | E24: 58025.007 | F24: 67725.93 | G24: 0.85676206 | H24: 0 | I24: 0 | J24: 0 | K24: 0 | L24: -0.0596 | M24: -0.020416667 | N24: -0.0044859798 | Q24: 0.8734827 | R24: 0.10332562 | S24: 16 | T24: BLMG11 | U24: 0.66735652 | V24: 16 | W24: TRUE11 | X24: 0

Sheet Shopping
C4: Data Ref: 18/09/2026 | D4: Fonte: B3, Economatica, XP Investimentos
C6: Dados Cadastrais | E6: Informações Financeiras | G6: Valuation | L6: Performance
C7: Média Shopping Centers: | E7: - | F7: - | G7: 0.82441196 | H7: 28.25804 | I7: 1.8182758 | J7: 0.112009 | K7: 0.10736909 | L7: 0.010431398 | M7: 0.0030385291 | N7: 0.064385913
C8: Código | D8: Número de Cotas | E8: Valor de Mercado | F8: Valor Patrimonial | G8: P/VP | H8: Dividendo por Cota 12M | I8: Dividendo por Cota (Último) | J8: Dvd Yield 12M | K8: Dvd Yield Anualizado | L8: No Mês | M8: No Ano | N8: Últimos doze meses
A9: 3 | B9: 13 | C9: SHPH11 | D9: 608.95 | E9: 569155.12 | F9: 629749.01 | G9: 0.90378089 | H9: 64.5 | I9: 4.5 | J9: 0.06900979 | K9: 0.057775638 | L9: -0.049669548 | M9: 0.045984443 | N9: 0.019424604 | Q9: 0.82441196 | R9: 0.10736909 | S9: 1 | T9: PQDP11 | U9: 0.95120823 | V9: 1 | W9: CPSH11 | X9: 0.13469388
A10: 2 | B10: 7 | C10: HGBS11 | D10: 144355.73 | E10: 2687903.6 | F10: 2913123.6 | G10: 0.92268782 | H10: 1.95 | I10: 0.17 | J10: 0.1047261 | K10: 0.10955961 | L10: 0.005399568 | M10: 0.0042647732 | N10: 0.051242933 | Q10: 0.82441196 | R10: 0.10736909 | S10: 2 | T10: HGBS11 | U10: 0.92268782 | V10: 2 | W10: BPML11 | X10: 0.1270572
A11: 4 | B11: 6 | C11: XPML11 | D11: 64308.055 | E11: 6302189.4 | F11: 7081112.8 | G11: 0.88999986 | H11: 11.04 | I11: 0.92 | J11: 0.11265306 | K11: 0.11265306 | L11: -0.03742265 | M11: -0.028507935 | N11: 0.023664852 | Q11: 0.82441196 | R11: 0.10736909 | S11: 3 | T11: SHPH11 | U11: 0.90378089 | V11: 3 | W11: FIGS11 | X11: 0.12005002
A12: 5 | B12: 9 | C12: VISC11 | D12: 28828.64 | E12: 2960701.3 | F12: 3328225.6 | G12: 0.88957352 | H12: 9.96 | I12: 0.84 | J12: 0.0969815 | K12: 0.098149951 | L12: 0.0072577481 | M12: 0.010232552 | N12: 0.060218622 | Q12: 0.82441196 | R12: 0.10736909 | S12: 4 | T12: XPML11 | U12: 0.88999986 | V12: 4 | W12: GZIT11 | X12: 0.11707317
A13: 6 | B13: 5 | C13: PMLL11 | D13: 17750.467 | E13: 1830605.7 | F13: 2117294.6 | G13: 0.86459658 | H13: 11.44 | I13: 1 | J13: 0.11092796 | K13: 0.11635799 | L13: 0.01746251 | M13: 0.065527391 | N13: 0.15361377 | Q13: 0.82441196 | R13: 0.10736909 | S13: 5 | T13: VISC11 | U13: 0.88957352 | V13: 5 | W13: PMLL11 | X13: 0.11635799
A14: 8 | B14: 1 | C14: CPSH11 | D14: 123163.84 | E14: 1207005.7 | F14: 1419754.7 | G14: 0.85015088 | H14: 1.36 | I14: 0.11 | J14: 0.13877551 | K14: 0.13469388 | L14: 0.030420341 | M14: -0.025418861 | N14: 0.14368284 | Q14: 0.82441196 | R14: 0.10736909 | S14: 6 | T14: PMLL11 | U14: 0.86459658 | V14: 6 | W14: XPML11 | X14: 0.11265306
A15: 7 | B15: 8 | C15: HSML11 | D15: 21329.976 | E15: 1798117 | F15: 2110218.6 | G15: 0.85209988 | H15: 8.59 | I15: 0.75 | J15: 0.10189798 | K15: 0.10676157 | L15: 0.0050071531 | M15: -0.021156691 | N15: 0.071934846 | Q15: 0.82441196 | R15: 0.10736909 | S15: 7 | T15: HSML11 | U15: 0.85209988 | V15: 7 | W15: HGBS11 | X15: 0.10955961
A16: 12 | B16: 11 | C16: BBIG11 | D16: 99120.994 | E16: 510473.12 | F16: 965913.44 | G16: 0.52848744 | H16: 0.77 | I16: 0.03 | J16: 0.14951456 | K16: 0.069902913 | L16: 0.06185567 | M16: -0.23454322 | N16: -0.18073216 | Q16: 0.82441196 | R16: 0.10736909 | S16: 8 | T16: CPSH11 | U16: 0.85015088 | V16: 8 | W16: HSML11 | X16: 0.10676157
A17: 11 | B17: 10 | C17: ABCP11 | D17: 4709.082 | E17: 356006.6 | F17: 521536.5 | G17: 0.68261109 | H17: 7.15 | I17: 0.55 | J17: 0.09457672 | K17: 0.087301587 | L17: 0.021621622 | M17: 0.0068909688 | N17: 0.023121176 | Q17: 0.82441196 | R17: 0.10736909 | S17: 9 | T17: BPML11 | U17: 0.72956155 | V17: 9 | W17: VISC11 | X17: 0.098149951
A18: 1 | B18: 12 | C18: PQDP11 | D18: 259.104 | E18: 642570.15 | F18: 675530.48 | G18: 0.95120823 | H18: 226.99452 | I18: 13.007586 | J18: 0.091531155 | K18: 0.062940694 | L18: -0.00081080913 | M18: 0.13153138 | N18: 0.16846584 | Q18: 0.82441196 | R18: 0.10736909 | S18: 10 | T18: FIGS11 | U18: 0.68426772 | V18: 10 | W18: ABCP11 | X18: 0.087301587
A19: 10 | B19: 3 | C19: FIGS11 | D19: 2850 | E19: 136743 | F19: 199838.45 | G19: 0.68426772 | H19: 5.78 | I19: 0.48 | J19: 0.12046686 | K19: 0.12005002 | L19: 0.0069254984 | M19: 0.11346829 | N19: 0.12446652 | Q19: 0.82441196 | R19: 0.10736909 | S19: 11 | T19: ABCP11 | U19: 0.68261109 | V19: 11 | W19: BBIG11 | X19: 0.069902913
A20: 9 | B20: 2 | C20: BPML11 | D20: 7441.745 | E20: 646613.22 | F20: 886303.86 | G20: 0.72956155 | H20: 11.04 | I20: 0.92 | J20: 0.1270572 | K20: 0.1270572 | L20: 0.022235294 | M20: 0.10801754 | N20: 0.23443551 | Q20: 0.82441196 | R20: 0.10736909 | S20: 12 | T20: BBIG11 | U20: 0.52848744 | V20: 12 | W20: PQDP11 | X20: 0.062940694
A21: 13 | B21: 4 | C21: GZIT11 | D21: 23297.836 | E21: 859690.15 | F21: 2027037.2 | G21: 0.42411168 | H21: 6.78 | I21: 0.36 | J21: 0.18373984 | K21: 0.11707317 | L21: 0.045325779 | M21: -0.13678975 | N21: -0.056522495 | Q21: 0.82441196 | R21: 0.10736909 | S21: 13 | T21: GZIT11 | U21: 0.42411168 | V21: 13 | W21: SHPH11 | X21: 0.057775638
C37: Shopping Centers | G37: 0.80864878 | J37: 0.11456246 | K37: 0.10866402 | L37: 0.01635256 | M37: -0.00097712165 | N37: 0.069668121
C38: Shopping Centers | G38: 0.76822848 | J38: 0.11566154 | K38: 0.10636785 | L38: 0.021730081 | M38: 0.0017759597 | N38: 0.074268448
C39: Shopping Centers | G39: 0.73125623 | J39: 0.12258533 | K39: 0.10941383 | L39: 0.023338118 | M39: 0.00083633831 | N39: 0.07582954
C40: Shopping Centers | G40: 0.69919666 | J40: 0.1260512 | K40: 0.10734926 | L40: 0.024072569 | M40: -0.0072500432 | N40: 0.066106511
C41: Shopping Centers | G41: 0.67018137 | J41: 0.12294864 | K41: 0.10068185 | L41: 0.023165744 | M41: -0.0046544979 | N41: 0.055024178
C42: Shopping Centers | G42: 0.59742242 | J42: 0.13495701 | K42: 0.097213665 | L42: 0.026192176 | M42: -0.0019041324 | N42: 0.052205733
C43: Shopping Centers | G43: 0.61287055 | J43: 0.13214388 | K43: 0.10249125 | L43: 0.019059477 | M43: 0.044623686 | N43: 0.098793312

Sheet Recebíveis
D4: Data Ref: 18/09/2026 | E4: Fonte: B3, Economatica, XP Investimentos
D6: Dados Cadastrais | F6: Informações Financeiras | H6: Valuation | M6: Performance
D7: Média Recebíveis Imobiliários: | F7: - | G7: - | H7: 0.90651944 | I7: 7.996725 | J7: 0.62525833 | K7: 0.13780545 | L7: 0.13019483 | M7: -0.01559043 | N7: -0.020452758 | O7: 0.034217671
D8: Código | E8: Número de Cotas | F8: Valor de Mercado | G8: Valor Patrimonial | H8: P/VP | I8: Dividendo por Cota 12M | J8: Dividendo por Cota (Último) | K8: Dvd Yield 12M | L8: Dvd Yield Anualizado | M8: No Mês | N8: No Ano | O8: Últimos doze meses
A9: 6 | B9: 3 | C9: 20 | D9: KNUQ11 | E9: 21484.73 | F9: 2202184.8 | G9: 2159100.6 | H9: 1.0199547 | I9: 14.57 | J9: 1.2 | K9: 0.14214634 | L9: 0.1404878 | M9: -0.011240856 | N9: 0.081457211 | O9: 0.13131253 | R9: 0.90651944 | S9: 0.13019483 | T9: 1 | U9: KNCR11 | V9: 1.0448643 | W9: 1 | X9: OUJP11 | Y9: 0.20930233 | Z9: 1 | AA9: KNCR11 | AB9: 1.0448643 | AC9: 0.12868333
A10: 24 | B10: 7 | C10: 29 | D10: AFHI11 | E10: 5288.811 | F10: 497941.56 | G10: 505166.74 | H10: 0.98569743 | I10: 12.05 | J10: 1 | K10: 0.12798725 | L10: 0.12745619 | M10: 0.014422985 | N10: 0.080941842 | O10: 0.15614922 | R10: 0.90651944 | S10: 0.13019483 | T10: 2 | U10: KNSC11 | V10: 1.0350755 | W10: 2 | X10: VCJR11 | Y10: 0.20198929 | Z10: 2 | AA10: KNIP11 | AB10: 0.96161977 | AC10: 0.086859688
A11: 4 | B11: 11 | C11: 34 | D11: KNHY11 | E11: 31173.083 | F11: 2961442.9 | G11: 3084289.4 | H11: 0.96017025 | I11: 12.68 | J11: 0.9 | K11: 0.13347368 | L11: 0.11368421 | M11: -0.012268663 | N11: 0.04166177 | O11: 0.06831064 | R11: 0.90651944 | S11: 0.13019483 | T11: 3 | U11: KNUQ11 | V11: 1.0199547 | W11: 3 | X11: LIFE11 | Y11: 0.19856115 | Z11: 3 | AA11: MXRF11 | AB11: 0.98270321 | AC11: 0.13186813
A12: 8 | B12: 2 | C12: 32 | D12: KNSC11 | E12: 204155.17 | F12: 1851687.4 | G12: 1788939.5 | H12: 1.0350755 | I12: 1.15 | J12: 0.09 | K12: 0.12679162 | L12: 0.11907387 | M12: 0.0022099448 | N12: 0.13550055 | O12: 0.18473756 | R12: 0.90651944 | S12: 0.13019483 | T12: 4 | U12: MCCI11 | V12: 1.0094911 | W12: 4 | X12: URPR11 | Y12: 0.18556701 | Z12: 4 | AA12: KNHY11 | AB12: 0.96017025 | AC12: 0.11368421
A13: 1 | B13: 1 | C13: 27 | D13: KNCR11 | E13: 107089.62 | F13: 11484291 | G13: 10991180 | H13: 1.0448643 | I13: 14.14 | J13: 1.15 | K13: 0.13185379 | L13: 0.12868333 | M13: 0.0028053114 | N13: 0.099090193 | O13: 0.16841361 | R13: 0.90651944 | S13: 0.13019483 | T13: 5 | U13: MANA11 | V13: 0.99308573 | W13: 5 | X13: HABT11 | Y13: 0.17549261 | Z13: 5 | AA13: CPTS11 | AB13: 0.88227628 | AC13: 0.14438503
A14: 10 | B14: 9 | C14: 30 | D14: HGCR11 | E14: 15418.106 | F14: 1460403 | G14: 1508480.2 | H14: 0.96812873 | I14: 11.75 | J14: 1 | K14: 0.12404983 | L14: 0.12668919 | M14: 0.0044538706 | N14: 0.057870026 | O14: 0.14373023 | R14: 0.90651944 | S14: 0.13019483 | T14: 6 | U14: VGIR11 | V14: 0.98667559 | W14: 6 | X14: BCRI11 | Y14: 0.16762898 | Z14: 6 | AA14: KNUQ11 | AB14: 1.0199547 | AC14: 0.1404878
A15: 2 | B15: 10 | C15: 35 | D15: KNIP11 | E15: 80078.186 | F15: 7191021.1 | G15: 7478029.6 | H15: 0.96161977 | I15: 10.11 | J15: 0.65 | K15: 0.11258352 | L15: 0.086859688 | M15: -0.0092674316 | N15: 0.084062132 | O15: 0.13480261 | R15: 0.90651944 | S15: 0.13019483 | T15: 7 | U15: AFHI11 | V15: 0.98569743 | W15: 7 | X15: RZAK11 | Y15: 0.1640625 | Z15: 7 | AA15: RECR11 | AB15: 0.87219235 | AC15: 0.11567002
A16: 3 | B16: 8 | C16: 26 | D16: MXRF11 | E16: 567206.27 | F16: 5161577.1 | G16: 5252427.2 | H16: 0.98270321 | I16: 1.195 | J16: 0.1 | K16: 0.13131868 | L16: 0.13186813 | M16: -0.0087145969 | N16: 0.047079801 | O16: 0.059109184 | R16: 0.90651944 | S16: 0.13019483 | T16: 8 | U16: MXRF11 | V16: 0.98270321 | W16: 8 | X16: VGIR11 | Y16: 0.16132368 | Z16: 8 | AA16: KNSC11 | AB16: 1.0350755 | AC16: 0.11907387
A17: 36 | B17: 36 | C17: 36 | D17: CACR11 | E17: 4836.324 | F17: 74189.21 | G17: 447803.18 | H17: 0.1656737 | I17: 10.35 | J17: 0.04 | K17: 0.67470665 | L17: 0.031290743 | M17: -0.050742574 | N17: -0.77798202 | O17: -0.76022362 | R17: 0.90651944 | S17: 0.13019483 | T17: 9 | U17: HGCR11 | V17: 0.96812873 | W17: 9 | X17: MANA11 | Y17: 0.15686275 | Z17: 9 | AA17: MCCI11 | AB17: 1.0094911 | AC17: 0.12644889
A18: 30 | B18: 13 | C18: 28 | D18: KCRE11 | E18: 36000 | F18: 303480 | G18: 337635.8 | H18: 0.89883833 | I18: 1.16 | J18: 0.09 | K18: 0.1376038 | L18: 0.12811388 | M18: -0.020905923 | N18: 0.061173569 | O18: 0.12349829 | R18: 0.90651944 | S18: 0.13019483 | T18: 10 | U18: KNIP11 | V18: 0.96161977 | W18: 10 | X18: MCRE11 | Y18: 0.15665796 | Z18: 10 | AA18: HGCR11 | AB18: 0.96812873 | AC18: 0.12668919
A19: 11 | B19: 6 | C19: 8 | D19: VGIR11 | E19: 146101.29 | F19: 1412799.4 | G19: 1431878.4 | H19: 0.98667559 | I19: 1.51 | J19: 0.13 | K19: 0.15615305 | L19: 0.16132368 | M19: 0.024334988 | N19: 0.10456583 | O19: 0.16762842 | R19: 0.90651944 | S19: 0.13019483 | T19: 11 | U19: KNHY11 | V19: 0.96017025 | W19: 11 | X19: RBRR11 | Y19: 0.15557476 | Z19: 11 | AA19: VGIR11 | AB19: 0.98667559 | AC19: 0.16132368
A20: 15 | B20: 24 | C20: 14 | D20: RBRY11 | E20: 12769.512 | F20: 1047100 | G20: 1282408.3 | H20: 0.81651059 | I20: 13.3 | J20: 1 | K20: 0.16219512 | L20: 0.14634146 | M20: 0.0096939086 | N20: -0.068997445 | O20: -0.0071321476 | R20: 0.90651944 | S20: 0.13019483 | T20: 12 | U20: WHGR11 | V20: 0.90294874 | W20: 12 | X20: CYCR11 | Y20: 0.15436893 | Z20: 12 | AA20: PCIP11 | AB20: 0.78010906 | AC20: 0.13190437
... A44: 34 | B44: 35 | C44: 4 | D44: URPR11 | E44: 11733.895 | F44: 227637.56 | G44: 1068584.7 | H44: 0.21302716 | I44: 3.99 | J44: 0.3 | K44: 0.2056701 | L44: 0.18556701 | M44: -0.034345445 | N44: -0.43543053 | O44: -0.41216848 | R44: 0.90651944 | S44: 0.13019483 | T44: 36 | U44: CACR11 | V44: 0.1656737 | W44: 36 | X44: CACR11 | Y44: 0.031290743 | Z44: 36 | AA44: CACR11 | AB44: 0.1656737 | AC44: 0.031290743

Sheet Outros
E4: Data Ref: 18/09/2026 | F4: Fonte: B3, Economatica, XP Investimentos
D6: Dados Cadastrais | H6: Informações Financeiras | J6: Valuation | O6: Performance
D7: Outros | E7: Média: | F7: - | G7: - | H7: - | I7: - | J7: 0.78689284 | K7: 9.016725 | L7: 0.665 | M7: 0.1254642 | N7: 0.11790058 | O7: 0.012688717 | P7: -0.13274289 | Q7: -0.075896225
E8: Código | F8: Segmento | G8: Número de Cotas | H8: Valor de Mercado | I8: Valor Patrimonial | J8: P/VP | K8: Dividendo por Cota 12M | L8: Dividendo por Cota (Último) | M8: Dvd Yield 12M | N8: Dvd Yield Anualizado | O8: No Mês | P8: No Ano | Q8: Últimos doze meses
A9: 7 | B9: 2 | E9: TRXF11 | F9: Híbrido | G9: 62430.701 | H9: 4632358 | I9: 6031755.6 | J9: 0.76799498 | K9: 11.8 | L9: 0.93 | M9: 0.15902965 | N9: 0.15040431 | O9: -0.053209136 | P9: -0.16364043 | Q9: -0.13260633 | T9: 0.78689284 | U9: 0.11790058 | V9: 1 | W9: KNRI11 | X9: 0.9629551 | Y9: 1 | Z9: TGAR11 | AA9: 0.18834081
A10: 3 | B10: 5 | E10: HTMX11 | F10: Hotel | G10: 2888.094 | H10: 393214 | I10: 428841.37 | J10: 0.9169218 | K10: 17.32 | L10: 1.2 | M10: 0.12721263 | N10: 0.1057657 | O10: 0.0027249963 | P10: -0.011584766 | Q10: 0.10912774 | T10: 0.78689284 | U10: 0.11790058 | V10: 2 | W10: ALZR11 | X10: 0.9315278 | Y10: 2 | Z10: TRXF11 | AA10: 0.15040431
A11: 2 | B11: 6 | E11: ALZR11 | F11: Híbrido | G11: 164400.5 | H11: 1637429 | I11: 1757788.6 | J11: 0.9315278 | K11: 1.0046 | L11: 0.084 | M11: 0.10086345 | N11: 0.10120482 | O11: -0.004 | P11: -0.012058333 | Q11: 0.034922245 | T11: 0.78689284 | U11: 0.11790058 | V11: 3 | W11: HTMX11 | X11: 0.9169218 | Y11: 3 | Z11: TVRI11 | AA11: 0.14466131
A12: 4 | B12: 7 | E12: HGRU11 | F12: Híbrido | G12: 24834.204 | H12: 2832589.3 | I12: 3181472.9 | J12: 0.89033898 | K12: 11.9 | L12: 0.95 | M12: 0.10433105 | N12: 0.099947396 | O12: -0.0027976919 | P12: -0.028000226 | Q12: 0.003010231 | T12: 0.78689284 | U12: 0.11790058 | V12: 4 | W12: HGRU11 | X12: 0.89033898 | Y12: 4 | Z12: RBVA11 | AA12: 0.12217195
A13: 5 | B13: 3 | E13: TVRI11 | F13: Agências Bancárias | G13: 15919.69 | H13: 1386605 | I13: 1601567.7 | J13: 0.86577982 | K13: 12.6 | L13: 1.05 | M13: 0.14466131 | N13: 0.14466131 | O13: -0.0085372795 | P13: -0.043337597 | Q13: 0.072069608 | T13: 0.78689284 | U13: 0.11790058 | V13: 5 | W13: TVRI11 | X13: 0.86577982 | Y13: 5 | Z13: HTMX11 | AA13: 0.1057657
A14: 1 | B14: 11 | E14: KNRI11 | F14: Híbrido | G14: 28204.047 | H14: 4442137.4 | I14: 4613026.5 | J14: 0.9629551 | K14: 13.11 | L14: 1.1 | M14: 0.083238095 | N14: 0.083809524 | O14: 0.0070332481 | P14: 0.090637475 | Q14: 0.15376175 | T14: 0.78689284 | U14: 0.11790058 | V14: 6 | W14: RBVA11 | X14: 0.82937279 | Y14: 6 | Z14: ALZR11 | AA14: 0.10120482
A15: 11 | B15: 9 | E15: MFII11 | F15: Desenvolvimento | G15: 6800 | H15: 270572 | I15: 660371.18 | J15: 0.40972715 | K15: 10.77 | L15: 0.3 | M15: 0.27067102 | N15: 0.090474994 | O15: 0.11425371 | P15: -0.4169795 | Q15: -0.41247063 | T15: 0.78689284 | U15: 0.11790058 | V15: 7 | W15: TRXF11 | X15: 0.76799498 | Y15: 7 | Z15: HGRU11 | AA15: 0.099947396
A16: 6 | B16: 4 | E16: RBVA11 | F16: Agências Bancárias | G16: 165268.14 | H16: 1460970.4 | I16: 1761536.4 | J16: 0.82937279 | K16: 1.08 | L16: 0.09 | M16: 0.12217195 | N16: 0.12217195 | O16: 0.016091954 | P16: -0.072082064 | Q16: 0.060950023 | T16: 0.78689284 | U16: 0.11790058 | V16: 8 | W16: RBRP11 | X16: 0.63698675 | Y16: 8 | Z16: FLMA11 | AA16: 0.094244882
A17: 10 | B17: 1 | E17: TGAR11 | F17: Híbrido | G17: 23567.968 | H17: 1051131.4 | I17: 2513202.3 | J17: 0.41824384 | K17: 9.73 | L17: 0.7 | M17: 0.21816143 | N17: 0.18834081 | O17: -0.023428947 | P17: -0.46733911 | Q17: -0.40696125 | T17: 0.78689284 | U17: 0.11790058 | V17: 9 | W17: FLMA11 | X17: 0.61952625 | Y17: 9 | Z17: MFII11 | AA17: 0.090474994
A18: 8 | B18: 10 | E18: RBRP11 | F18: Híbrido | G18: 12179.187 | H18: 610177.27 | I18: 957912.03 | J18: 0.63698675 | K18: 4.7 | L18: 0.35 | M18: 0.093812375 | N18: 0.083832335 | O18: 0.10455122 | P18: -0.038364655 | Q18: 0.073389896 | T18: 0.78689284 | U18: 0.11790058 | V18: 10 | W18: TGAR11 | X18: 0.41824384 | Y18: 10 | Z18: RBRP11 | AA18: 0.083832335
A19: 9 | B19: 8 | E19: FLMA11 | F19: Híbrido | G19: 1380.67 | H19: 214473.28 | I19: 346189.17 | J19: 0.61952625 | K19: 14.1 | L19: 1.22 | M19: 0.090768637 | N19: 0.094244882 | O19: 0.013364464 | P19: 0.045724046 | Q19: 0.19471546 | T19: 0.78689284 | U19: 0.11790058 | V19: 11 | W19: MFII11 | X19: 0.40972715 | Y19: 11 | Z19: KNRI11 | AA19: 0.083809524
A20: 12 | B20: 12 | E20: TORD11 | F20: Híbrido | G20: 5841.9337 | H20: 5900.353 | I20: 212583.17 | J20: 0.027755503 | K20: 0.0861 | L20: 0.006 | M20: 0.085247525 | N20: 0.071287129 | O20: -0.013781944 | P20: -0.47588958 | Q20: -0.66066344
AA21: #N/A
AA22: #N/A
AA23: #N/A
AA24: #N/A
AA25: #N/A
AA26: #N/A
AA27: #N/A
AA28: #N/A
AA29: #N/A
AA30: #N/A
AA31: #N/A
AA32: #N/A

Sheet FoF
C4: Data Ref: 18/09/2026 | D4: Fonte: B3, Economatica, XP Investimentos
C6: Dados Cadastrais | E6: Informações Financeiras | G6: Valuation | L6: Performance
C7: Média Fundo de Fundos: | E7: - | F7: - | G7: 0.81563329 | H7: 4.7562222 | I7: 0.412 | J7: 0.12955849 | K7: 0.130482 | L7: 0.0048065437 | M7: -0.0001608448 | N7: 0.080708743
C8: Código | D8: Número de Cotas | E8: Valor de Mercado | F8: Valor Patrimonial | G8: P/VP | H8: Dividendo por Cota 12M | I8: Dividendo por Cota (Último) | J8: Dvd Yield 12M | K8: Dvd Yield Anualizado | L8: No Mês | M8: No Ano | N8: Últimos doze meses
A9: 8 | B9: 4 | C9: JSAF11 | D9: 77523.29 | E9: 543438.26 | F9: 685964.06 | G9: 0.79222557 | H9: 0.97 | I9: 0.08 | J9: 0.13837375 | K9: 0.13694722 | L9: 0.007183908 | M9: -0.0081770438 | N9: 0.025832576 | Q9: 0.81563329 | R9: 0.130482 | S9: 1 | T9: BCIA11 | U9: 0.91226621 | V9: 1 | W9: SNFF11 | X9: 0.17915493
A10: 2 | B10: 7 | C10: KFOF11 | D10: 7014.565 | E10: 541664.71 | F10: 610933.84 | G10: 0.88661762 | H10: 9.6 | I10: 0.8 | J10: 0.12432012 | K10: 0.12432012 | L10: 0.0063860289 | M10: -0.032280172 | N10: 0.060438531 | Q10: 0.81563329 | R10: 0.130482 | S10: 2 | T10: KFOF11 | U10: 0.88661762 | V10: 2 | W10: KISU11 | X10: 0.13953488
A11: 1 | B11: 8 | C11: BCIA11 | D11: 3719.038 | E11: 326866.25 | F11: 358301.39 | G11: 0.91226621 | H11: 10.41 | I11: 0.86 | J11: 0.11844351 | K11: 0.1174195 | L11: -0.0045305244 | M11: 0.078168658 | N11: 0.14713885 | Q11: 0.81563329 | R11: 0.130482 | S11: 3 | T11: SNFF11 | U11: 0.855394 | V11: 3 | W11: PSEC11 | X11: 0.13939981
A12: 3 | B12: 1 | C12: SNFF11 | D12: 4020.635 | E12: 285465.09 | F12: 333723.51 | G12: 0.855394 | H12: 10.58 | I12: 1.06 | J12: 0.14901408 | K12: 0.17915493 | L12: 0.015058957 | M12: 0.028920732 | N12: 0.15443896 | Q12: 0.81563329 | R12: 0.130482 | S12: 4 | T12: XPSF11 | U12: 0.84928273 | V12: 4 | W12: JSAF11 | X12: 0.13694722
A13: 7 | B13: 2 | C13: KISU11 | D13: 59544.167 | E13: 358455.89 | F13: 449848.84 | G13: 0.7968363 | H13: 0.84 | I13: 0.07 | J13: 0.13953488 | K13: 0.13953488 | L13: 0.010086821 | M13: -0.051201835 | N13: 0.0075651878 | Q13: 0.81563329 | R13: 0.130482 | S13: 5 | T13: HFOF11 | U13: 0.83251606 | V13: 5 | W13: XPSF11 | X13: 0.1314554
A14: 6 | B14: 6 | C14: RBFM11 | D14: 18746.075 | E14: 185023.76 | F14: 227756.46 | G14: 0.81237548 | H14: 1.372 | I14: 0.108 | J14: 0.13900709 | K14: 0.13130699 | L14: 0.0028449502 | M14: 0.0079257414 | N14: 0.11921373 | Q14: 0.81563329 | R14: 0.130482 | S14: 6 | T14: RBFM11 | U14: 0.81237548 | V14: 6 | W14: RBFM11 | X14: 0.13130699
A15: 9 | B15: 3 | C15: PSEC11 | D15: 18399.378 | E15: 950327.87 | F15: 1293573.3 | G15: 0.73465326 | H15: 7.5 | I15: 0.6 | J15: 0.14520813 | K15: 0.13939981 | L15: 0.015667993 | M15: -0.12174382 | N15: -0.083623839 | Q15: 0.81563329 | R15: 0.130482
A16: 5 | B16: 9 | C16: HFOF11 | D16: 217830 | E16: 1370150.7 | F16: 1645794.9 | G16: 0.83251606 | H16: 0.704 | I16: 0.06 | J16: 0.11192369 | K16: 0.11446741 | L16: -0.0063191153 | M16: 0.027894898 | N16: 0.1516624 | Q16: 0.81563329 | R16: 0.130482
A17: 4 | B17: 5 | C17: XPSF11 | D17: 43302.14 | E17: 276700.67 | F17: 325805.14 | G17: 0.84928273 | H17: 0.83 | I17: 0.07 | J17: 0.12989045 | K17: 0.1314554 | L17: -0.0031201248 | M17: 0.069045239 | N17: 0.14371229 | Q17: 0.81563329 | R17: 0.130482
O18: #REF! | P18: #REF! | U18: #N/A

Sheet IFIX
I1: Início | J1: =EDATE(J2,-12)+1 -> 45919
A2: Histórico de Cotação (fechamento) em Base 100 | I2: Data-Ref | J2: =TODAY() -> 46283 | U2: Segmentos | V2: P/VPA | W2: Div Yield 12M | X2: Div Yield Anualizado | AB2: Feriados
A3: Data Inicial: | B3: =IF(C3="",EOMONTH(B4,-24),C3) -> 43464 | C3: 43464 | D3: ← Digitar data de preferência | U3: Galpões Logísticos | V3: ='Galpões Logísticos'!G7 -> 0.8734827 | W3: ='Galpões Logísticos'!$J$7 -> 0.10332485 | X3: ='Galpões Logísticos'!$K$7 -> 0.10332562 | Z3: =V10 -> #N/A | AB3: Data
A4: Data Final: | B4: =IF(C4="",_xll.ECONOMATICA("IBOV","DATE OF LAST QUOTE"),C4) -> 46283 | D4: ← Digitar data de preferência | O4: IFIX | P4: CDI | Q4: IBOV | R4: IMA-B | U4: Recebíveis | V4: =Recebíveis!$H$7 -> 0.90651944 | W4: =Recebíveis!$K$7 -> 0.13780545 | X4: =Recebíveis!$L$7 -> 0.13019483 | Z4: =Z3 -> #N/A | AB4: 36892
A5: Intervalo: | B5: D | C5: ← Digite o período (D=dias; W=semanas; M=mês; Q=trimestre; Y=ano) | I5: =J1 -> 45919 | J5: =VLOOKUP(I5,$A$10:$G$10000,2,FALSE) -> 151.67908 | K5: =VLOOKUP(I5,$A$10:$G$10000,6,FALSE) -> 176.11833 | L5: =VLOOKUP(I5,$A$10:$G$10000,7,FALSE) -> 165.96842 | M5: =VLOOKUP(I5,$A$10:$G$10000,3,FALSE) -> 170.41202 | U5: Outros | V5: =Outros!J7 -> 0.78689284 | W5: =Outros!M7 -> 0.1254642 | X5: =Outros!$N$7 -> 0.11790058 | Z5: =Z4 -> #N/A | AB5: 36948
A6: Deflator: | B6: Original Currency | C6: ← Selecionável | I6: =WORKDAY(I5,1,$AB$4:$AB$467) -> 45922 | J6: =VLOOKUP(I6,$A$10:$G$10000,2,FALSE) -> 151.31039 | K6: =VLOOKUP(I6,$A$10:$G$10000,6,FALSE) -> 176.21543 | L6: =VLOOKUP(I6,$A$10:$G$10000,7,FALSE) -> 165.10838 | M6: =VLOOKUP(I6,$A$10:$G$10000,3,FALSE) -> 169.92487 | O6: 100 | P6: 100 | Q6: 100 | R6: 100 | U6: FoF | V6: =FoF!$G$7 -> 0.81563329 | W6: =FoF!$J$7 -> 0.12955849 | X6: =FoF!$K$7 -> 0.130482 | Z6: =Z5 -> #N/A | AB6: 43789
B7: IFIX | C7: IMA-B | D7: XPFT | E7: XPFP | F7: CDI | G7: Ibov | I7: =WORKDAY(I6,1,$AB$4:$AB$467) -> 45923 | J7: =VLOOKUP(I7,$A$10:$G$10000,2,FALSE) -> 151.52897 | K7: =VLOOKUP(I7,$A$10:$G$10000,6,FALSE) -> 176.31258 | L7: =VLOOKUP(I7,$A$10:$G$10000,7,FALSE) -> 166.6054 | M7: =VLOOKUP(I7,$A$10:$G$10000,3,FALSE) -> 170.58538 | O7: =J7/J6*O6 -> 100.14446 | P7: =K7/K6*P6 -> 100.05513 | Q7: =L7/L6*Q6 -> 100.90669 | R7: =M7/M6*R6 -> 100.3887 | U7: Shopping | V7: =Shopping!$G$7 -> 0.82441196 | W7: =Shopping!$J$7 -> 0.112009 | X7: =Shopping!$K$7 -> 0.10736909 | Z7: =Z6 -> #N/A | AB7: 43823
B8: IFIX | C8: IMA-B | D8: =[1]XPFT!B2 -> XPFT <EcoPortfolio>{"type":"P","tolerance":null,"rebalance":null,"name":"XPFT","data":[[null,"2019-01-01","2019-05-03","2019-08-30","2020-01-03","2020-04-01","2020-04-02","2020-04-30"],["KNRI11",10.0,10.0,10.0,10.0,10.562418107,11.085450346,10.0],["BBPO11",10.0,10.0,10.0,8.6597632,9.5425164236,10.014696619,9.0039369],["HGLG11",7.8260438,6.8614924,9.201316,7.5422764,7.3440502354,7.7052277976,7.8501805],["BRCR11",10.0,9.7772334,8.7775572,8.7330041,9.0493352467,9.5003149276,7.8188206],["JSRE11",5.685242,5.0592875,4.6336218,5.39217,6.014140995,6.3090489187,7.5144194],["HGBS11",8.7492224,9.8239519,8.6048418,9.5859389,9.2104798184,9.6682762965,7.2914802],["XPLG11",2.5487472,3.8585222,3.6038424,6.8580366,6.7102005754,7.0438799076,6.8127348],["XPML11",3.6744638,5.7680497,7.8193144,8.2983882,7.0269261256,7.3798026454,6.2468068],["HGRE11",7.3126551,6.535684,5.921495,7.0967242,6.99731858,7.3483098887,5.612191],["VISC11",5.9595526,4.8277284,6.4312686,4.6905172,4.239855677,4.4509762755,5.0819505],["HSML11",0.0,0.0,0.0,6.38146,5.7769806514,6.067604451,4.666866],["HGRU11",0.0,0.0,0.0,0.0,0.0,0.0,4.0791463],["LVBI11",0.0,0.0,0.0,0.0,0.0,0.0,3.3847718],["GGRC11",3.4645929,4.9004456,4.7012768,3.011261,3.2934861132,3.4537056477,2.9622863],["VILG11",0.0,0.0,0.0,1.9959799,2.1016890832,2.2044929666,2.8948065],["XPIN11",0.0,0.0,0.0,0.9943265,0.94046761143,0.9867730422,2.5527624],["MALL11",1.9264947,1.5271178,1.3986701,2.9608203,2.5161707932,2.6453915599,2.2478347],["SDIL11",0.0,2.2051899,2.8121289,1.8782082,1.6643771332,1.7425992022,1.7117876],["ALZR11",0.0,0.0,1.5221763,1.209074,1.1480574926,1.2072223389,1.1624597],["PATC11",0.0,0.0,0.0,0.0,0.0,0.0,1.1047581],["ABCP11",7.8044969,7.4365711,5.7745455,0.0,0.0,0.0,0.0],["TBOF11",5.8296564,4.7082404,4.5229421,3.3978375,4.7364189476,0.0,0.0],["FIIB11",2.0337094,1.7374594,1.8131694,0.0,0.0,0.0,0.0],["FVBI11",1.8543492,1.6216129,0.0,0.0,0.0,0.0,0.0],["XPCM11",1.6201177,1.3172224,0.7123408,0.5150207,0.4279967889,0.45139617888,0.0],["RNGO11",1.5044032,0.0,0.0,0.0,0.0,0.0,0.0],["HTMX11",1.1450176,1.0257694,0.8895664,0.0,0.0,0.0,0.0],["FIGS11",1.0612349,1.0084215,0.8599264,0.7991928,0.69711360076,0.73483098887,0.0]]} | E8: =[1]XPFP!B2 -> XPFP <EcoPortfolio>{"type":"P","tolerance":null,"rebalance":null,"name":"XPFP","data":[["Ticker","2019-01-01","2019-05-03","2019-08-30","2020-01-03","2020-04-30"],["KNCR11",15.0,15.0,15.0,15.0,15.0],["KNIP11",15.0,15.0,15.0,15.0,15.0],["BCFF11",17.408921287752616,12.374570687101167,7.6051578477881518,8.522937898163665,11.143846360161906],["HFOF11",5.4017732593854753,4.3745762084395112,8.896108416040132,9.2973530554159662,10.958684677572643],["HGCR11",7.2364741004753474,8.7314037339933517,10.338066815556138,9.6718531298576274,8.1628976707565144],["MXRF11",8.30205033931838,8.2189400881435173,4.646098442388098,5.8776411375382187,8.1279536441373619],["IRDM11",3.6866103629362228,3.5684759501343826,3.909749010903671,4.2946083375098425,5.2184822139542826],["MGFF11",0.0,0.0,4.468519782913642,6.0981702782677516,4.4703960534256773],["RECR11",0.0,6.0948501248722309,6.5005075362874889,4.9634253277437885,4.1327252934521708],["RBRR11",0.0,0.0,4.8573185631426377,4.9127244979000473,4.1277384682341181],["VRTA11",6.5311856877035472,5.4144638369175464,5.9181688644299557,4.2742176690645923,3.4134406586561123],["RBRF11",0.0,6.45578409428869,5.5274817176859923,4.5774548157346953,3.3894092240061671],["VGIR11",0.0,0.0,0.0,0.0,2.464015673455239],["TGAR11",0.0,2.5379019219447172,2.2809730110160871,3.2126703256293978,2.3863188733204086],["BCRI11",3.1567491033732611,2.443237093817046,2.3028522101151161,2.0562838129906225,2.0040911888673896],["CPTS11",3.8005119358084816,2.6808359201892173,0.0,2.2406597141837836,0.0],["FEXC11",3.56740064745429,2.8648855666365822,2.7489977817328759,0.0,0.0],["BPFF11",4.5323747312003615,4.2400747735220428,0.0,0.0,0.0],["CXRI11",3.8598065125806338,0.0,0.0,0.0,0.0],["OUJP11",1.8043051893312685,0.0,0.0,0.0,0.0],["RBFF11",0.71183684268011338,0.0,0.0,0.0,0.0]]} | F8: CDI Acumulado | G8: Ibov | I8: =WORKDAY(I7,1,$AB$4:$AB$467) -> 45924 | J8: =VLOOKUP(I8,$A$10:$G$10000,2,FALSE) -> 151.57404 | K8: =VLOOKUP(I8,$A$10:$G$10000,6,FALSE) -> 176.40978 | L8: =VLOOKUP(I8,$A$10:$G$10000,7,FALSE) -> 166.68142 | M8: =VLOOKUP(I8,$A$10:$G$10000,3,FALSE) -> 170.66466 | O8: =J8/J7*O7 -> 100.17425 | P8: =K8/K7*P7 -> 100.11029 | Q8: =L8/L7*Q7 -> 100.95273 | R8: =M8/M7*R7 -> 100.43536 | U8: Escritórios | V8: =Escritórios!$G$7 -> 0.6188553 | W8: =Escritórios!$J$7 -> 0.10916578 | X8: =Escritórios!$K$7 -> 0.10283307 | Z8: =Z7 -> #N/A | AB8: 43830
A9: Data | B9: Fechamento | C9: Fechamento | D9: Fechamento | E9: Fechamento | F9: Fechamento | G9: Fechamento | I9: =WORKDAY(I8,1,$AB$4:$AB$467) -> 45925 | J9: =VLOOKUP(I9,$A$10:$G$10000,2,FALSE) -> 151.7671 | K9: =VLOOKUP(I9,$A$10:$G$10000,6,FALSE) -> 176.50704 | L9: =VLOOKUP(I9,$A$10:$G$10000,7,FALSE) -> 165.33251 | M9: =VLOOKUP(I9,$A$10:$G$10000,3,FALSE) -> 170.59899 | O9: =J9/J8*O8 -> 100.30184 | P9: =K9/K8*P8 -> 100.16548 | Q9: =L9/L8*Q8 -> 100.13575 | R9: =M9/M8*R8 -> 100.39672 | AB9: 43490
A10: =_xll.ECONOMATICA(B8,"CLOSE",,$B$4,$B$3,$B$5,,,,"FALSE",,IF(B6="Original Currency",{"def.defdef=7"},IF(B6="USD",{"def.defdef=6"},IF(B6="EUR",{"def.defdef=11"},{"def.defdef=9"})))) -> 43462 | B10: 100 | C10: =IF(C8="","",_xll.ECONOMATICA(C8,"CLOSE",,$B$4,$B$3,$B$5,,,"FALSE","FALSE",,IF($B$6="Original Currency",{"def.defdef=7"},IF($B$6="USD",{"def.defdef=6"},IF($B$6="EUR",{"def.defdef=11"},{"def.defdef=9"}))))) -> 100 | D10: =IF(D8="","",_xll.ECONOMATICA(D8,"CLOSE",,$B$4,$B$3,$B$5,,,"FALSE","FALSE",,IF($B$6="Original Currency",{"def.defdef=7"},IF($B$6="USD",{"def.defdef=6"},IF($B$6="EUR",{"def.defdef=11"},{"def.defdef=9"}))))) -> #VALUE! | E10: =IF(E8="","",_xll.ECONOMATICA(E8,"CLOSE",,$B$4,$B$3,$B$5,,,"FALSE","FALSE",,IF($B$6="Original Currency",{"def.defdef=7"},IF($B$6="USD",{"def.defdef=6"},IF($B$6="EUR",{"def.defdef=11"},{"def.defdef=9"}))))) -> #VALUE! | F10: =IF(F8="","",_xll.ECONOMATICA(F8,"CLOSE",,$B$4,$B$3,$B$5,,,"FALSE","FALSE",,IF($B$6="Original Currency",{"def.defdef=7"},IF($B$6="USD",{"def.defdef=6"},IF($B$6="EUR",{"def.defdef=11"},{"def.defdef=9"}))))) -> 100 | G10: =IF(G8="","",_xll.ECONOMATICA(G8,"CLOSE",,$B$4,$B$3,$B$5,,,"FALSE","FALSE",,IF($B$6="Original Currency",{"def.defdef=7"},IF($B$6="USD",{"def.defdef=6"},IF($B$6="EUR",{"def.defdef=11"},{"def.defdef=9"}))))) -> 100 | I10: =WORKDAY(I9,1,$AB$4:$AB$467) -> 45926 | J10: =VLOOKUP(I10,$A$10:$G$10000,2,FALSE) -> 152.18044 | K10: =VLOOKUP(I10,$A$10:$G$10000,6,FALSE) -> 176.60435 | L10: =VLOOKUP(I10,$A$10:$G$10000,7,FALSE) -> 165.49229 | M10: =VLOOKUP(I10,$A$10:$G$10000,3,FALSE) -> 170.72759 | O10: =J10/J9*O9 -> 100.57501 | P10: =K10/K9*P9 -> 100.22071 | Q10: =L10/L9*Q9 -> 100.23252 | R10: =M10/M9*R9 -> 100.4724 | U10: IFIX | V10: =SUMPRODUCT('Guia de FIIs'!L7:L100,'Guia de FIIs'!P7:P100)/SUMPRODUCT('Guia de FIIs'!M7:M100,'Guia de FIIs'!P7:P100) -> #N/A | W10: =SUMPRODUCT('Guia de FIIs'!T7:T99,'Guia de FIIs'!O7:O99,'Guia de FIIs'!P7:P99)/SUMPRODUCT('Guia de FIIs'!P7:P99,'Guia de FIIs'!L7:L99) -> #N/A | X10: =SUMPRODUCT('Guia de FIIs'!O7:O99,'Guia de FIIs'!U7:U99,'Guia de FIIs'!P7:P99)*12/SUMPRODUCT('Guia de FIIs'!P7:P99,'Guia de FIIs'!L7:L99) -> #N/A | AB10: 37056
A11: 43465 | C11: 100.022 | F11: 100.02462 | I11: =WORKDAY(I10,1,$AB$4:$AB$467) -> 45929 | J11: =VLOOKUP(I11,$A$10:$G$10000,2,FALSE) -> 152.328 | K11: =VLOOKUP(I11,$A$10:$G$10000,6,FALSE) -> 176.70171 | L11: =VLOOKUP(I11,$A$10:$G$10000,7,FALSE) -> 166.50512 | M11: =VLOOKUP(I11,$A$10:$G$10000,3,FALSE) -> 170.35891 | O11: =J11/J10*O10 -> 100.67253 | P11: =K11/K10*P10 -> 100.27596 | Q11: =L11/L10*Q10 -> 100.84595 | R11: =M11/M10*R10 -> 100.25543 | AB11: 37141
A12: 43466 | I12: =WORKDAY(I11,1,$AB$4:$AB$467) -> 45930 | J12: =VLOOKUP(I12,$A$10:$G$10000,2,FALSE) -> 152.63885 | K12: =VLOOKUP(I12,$A$10:$G$10000,6,FALSE) -> 176.79913 | L12: =VLOOKUP(I12,$A$10:$G$10000,7,FALSE) -> 166.39158 | M12: =VLOOKUP(I12,$A$10:$G$10000,3,FALSE) -> 170.26284 | O12: =J12/J11*O11 -> 100.87797 | P12: =K12/K11*P11 -> 100.33124 | Q12: =L12/L11*Q11 -> 100.77719 | R12: =M12/M11*R11 -> 100.19889 | AB12: 37176
A13: 43467 | B13: 100.68762 | C13: 100.45735 | F13: 100.04925 | G13: 103.55575 | I13: =WORKDAY(I12,1,$AB$4:$AB$467) -> 45931 | J13: =VLOOKUP(I13,$A$10:$G$10000,2,FALSE) -> 151.93805 | K13: =VLOOKUP(I13,$A$10:$G$10000,6,FALSE) -> 176.8966 | L13: =VLOOKUP(I13,$A$10:$G$10000,7,FALSE) -> 165.57273 | M13: =VLOOKUP(I13,$A$10:$G$10000,3,FALSE) -> 170.45573 | O13: =J13/J12*O12 -> 100.41482 | P13: =K13/K12*P12 -> 100.38656 | Q13: =L13/L12*Q12 -> 100.28124 | R13: =M13/M12*R12 -> 100.31241 | AB13: 37197
A14: 43468 | B14: 101.17367 | C14: 100.93658 | F14: 100.07388 | G14: 104.18376 | I14: =WORKDAY(I13,1,$AB$4:$AB$467) -> 45932 | J14: =VLOOKUP(I14,$A$10:$G$10000,2,FALSE) -> 151.98525 | K14: =VLOOKUP(I14,$A$10:$G$10000,6,FALSE) -> 176.99412 | L14: =VLOOKUP(I14,$A$10:$G$10000,7,FALSE) -> 163.78895 | M14: =VLOOKUP(I14,$A$10:$G$10000,3,FALSE) -> 170.09701 | O14: =J14/J13*O13 -> 100.44601 | P14: =K14/K13*P13 -> 100.4419 | Q14: =L14/L13*Q13 -> 99.200871 | R14: =M14/M13*R13 -> 100.1013 | AB14: 37210
A15: 43469 | B15: 101.42499 | C15: 101.46741 | F15: 100.09852 | G15: 104.49841 | I15: =WORKDAY(I14,1,$AB$4:$AB$467) -> 45933 | J15: =VLOOKUP(I15,$A$10:$G$10000,2,FALSE) -> 152.44537 | K15: =VLOOKUP(I15,$A$10:$G$10000,6,FALSE) -> 177.0917 | L15: =VLOOKUP(I15,$A$10:$G$10000,7,FALSE) -> 164.07456 | M15: =VLOOKUP(I15,$A$10:$G$10000,3,FALSE) -> 170.09686 | O15: =J15/J14*O14 -> 100.7501 | P15: =K15/K14*P14 -> 100.49728 | Q15: =L15/L14*Q14 -> 99.373851 | R15: =M15/M14*R14 -> 100.10122 | AB15: 37250
A16: 43472 | B16: 101.6036 | C16: 101.44432 | F16: 100.12316 | G16: 104.33712 | I16: =WORKDAY(I15,1,$AB$4:$AB$467) -> 45936 | J16: =VLOOKUP(I16,$A$10:$G$10000,2,FALSE) -> 152.35734 | K16: =VLOOKUP(I16,$A$10:$G$10000,6,FALSE) -> 177.18934 | L16: =VLOOKUP(I16,$A$10:$G$10000,7,FALSE) -> 163.40032 | M16: =VLOOKUP(I16,$A$10:$G$10000,3,FALSE) -> 170.14369 | O16: =J16/J15*O15 -> 100.69192 | P16: =K16/K15*P15 -> 100.55268 | Q16: =L16/L15*Q15 -> 98.96549 | R16: =M16/M15*R15 -> 100.12877 | AB16: 37257
A17: 43473 | B17: 101.63932 | C17: 101.57721 | F17: 100.14781 | G17: 104.7158 | I17: =WORKDAY(I16,1,$AB$4:$AB$467) -> 45937 | J17: =VLOOKUP(I17,$A$10:$G$10000,2,FALSE) -> 152.04521 | K17: =VLOOKUP(I17,$A$10:$G$10000,6,FALSE) -> 177.28702 | L17: =VLOOKUP(I17,$A$10:$G$10000,7,FALSE) -> 160.83834 | M17: =VLOOKUP(I17,$A$10:$G$10000,3,FALSE) -> 169.70458 | O17: =J17/J16*O16 -> 100.48564 | P17: =K17/K16*P16 -> 100.60812 | Q17: =L17/L16*Q16 -> 97.413797 | R17: =M17/M16*R16 -> 99.870362 | AB17: 37298
A18: 43474 | B18: 101.74265 | C18: 102.26343 | F18: 100.17247 | G18: 106.51491 | I18: =WORKDAY(I17,1,$AB$4:$AB$467) -> 45938 | J18: =VLOOKUP(I18,$A$10:$G$10000,2,FALSE) -> 152.12601 | K18: =VLOOKUP(I18,$A$10:$G$10000,6,FALSE) -> 177.38476 | L18: =VLOOKUP(I18,$A$10:$G$10000,7,FALSE) -> 161.73603 | M18: =VLOOKUP(I18,$A$10:$G$10000,3,FALSE) -> 169.89154 | O18: =J18/J17*O17 -> 100.53904 | P18: =K18/K17*P17 -> 100.66358 | Q18: =L18/L17*Q17 -> 97.957491 | R18: =M18/M17*R17 -> 99.980388 | AB18: 37299
A19: 43475 | B19: 101.54746 | C19: 102.34636 | F19: 100.19713 | G19: 106.73439 | I19: =WORKDAY(I18,1,$AB$4:$AB$467) -> 45939 | J19: =VLOOKUP(I19,$A$10:$G$10000,2,FALSE) -> 151.95549 | K19: =VLOOKUP(I19,$A$10:$G$10000,6,FALSE) -> 177.48256 | L19: =VLOOKUP(I19,$A$10:$G$10000,7,FALSE) -> 161.23858 | M19: =VLOOKUP(I19,$A$10:$G$10000,3,FALSE) -> 169.96927 | O19: =J19/J18*O18 -> 100.42634 | P19: =K19/K18*P18 -> 100.71908 | Q19: =L19/L18*Q18 -> 97.656207 | R19: =M19/M18*R18 -> 100.02613 | AB19: 37344
A20: 43476 | B20: 101.5666 | C20: 102.44091 | F20: 100.2218 | G20: 106.56641 | I20: =WORKDAY(I19,1,$AB$4:$AB$467) -> 45940 | J20: =VLOOKUP(I20,$A$10:$G$10000,2,FALSE) -> 152.12601 | K20: =VLOOKUP(I20,$A$10:$G$10000,6,FALSE) -> 177.5804 | L20: =VLOOKUP(I20,$A$10:$G$10000,7,FALSE) -> 160.06907 | M20: =VLOOKUP(I20,$A$10:$G$10000,3,FALSE) -> 169.62374 | O20: =J20/J19*O19 -> 100.53904 | P20: =K20/K19*P19 -> 100.77461 | Q20: =L20/L19*Q19 -> 96.947879 | R20: =M20/M19*R19 -> 99.822785 | AB20: 37367
A21: 43479 | B21: 101.54959 | C21: 102.85685 | F21: 100.24648 | G21: 107.49467 | I21: =WORKDAY(I20,1,$AB$4:$AB$467) -> 45943 | J21: =VLOOKUP(I21,$A$10:$G$10000,2,FALSE) -> 151.81048 | K21: =VLOOKUP(I21,$A$10:$G$10000,6,FALSE) -> 177.67831 | L21: =VLOOKUP(I21,$A$10:$G$10000,7,FALSE) -> 161.32411 | M21: =VLOOKUP(I21,$A$10:$G$10000,3,FALSE) -> 169.43697 | O21: =J21/J20*O20 -> 100.3305 | P21: =K21/K20*P20 -> 100.83016 | Q21: =L21/L20*Q20 -> 97.70801 | R21: =M21/M20*R20 -> 99.712875 | AB21: 37377
A22: 43480 | B22: 101.47815 | C22: 102.79315 | F22: 100.27116 | G22: 107.01859 | I22: =WORKDAY(I21,1,$AB$4:$AB$467) -> 45944 | J22: =VLOOKUP(I22,$A$10:$G$10000,2,FALSE) -> 152.04436 | K22: =VLOOKUP(I22,$A$10:$G$10000,6,FALSE) -> 177.77626 | L22: =VLOOKUP(I22,$A$10:$G$10000,7,FALSE) -> 161.20991 | M22: =VLOOKUP(I22,$A$10:$G$10000,3,FALSE) -> 169.46381 | O22: =J22/J21*O21 -> 100.48508 | P22: =K22/K21*P21 -> 100.88575 | Q22: =L22/L21*Q21 -> 97.638841 | R22: =M22/M21*R21 -> 99.728671 | AB22: 37406
A23: 43481 | B23: 101.66611 | C23: 102.87273 | F23: 100.29584 | G23: 107.40245 | I23: =WORKDAY(I22,1,$AB$4:$AB$467) -> 45945 | J23: =VLOOKUP(I23,$A$10:$G$10000,2,FALSE) -> 152.49512 | K23: =VLOOKUP(I23,$A$10:$G$10000,6,FALSE) -> 177.87427 | L23: =VLOOKUP(I23,$A$10:$G$10000,7,FALSE) -> 162.25747 | M23: =VLOOKUP(I23,$A$10:$G$10000,3,FALSE) -> 169.92016 | O23: =J23/J22*O22 -> 100.78298 | P23: =K23/K22*P22 -> 100.94137 | Q23: =L23/L22*Q22 -> 98.273308 | R23: =M23/M22*R22 -> 99.997227 | AB23: 37506
A24: 43482 | B24: 101.65505 | C24: 102.96226 | F24: 100.32054 | G24: 108.49249 | I24: =WORKDAY(I23,1,$AB$4:$AB$467) -> 45946 | J24: =VLOOKUP(I24,$A$10:$G$10000,2,FALSE) -> 152.16471 | K24: =VLOOKUP(I24,$A$10:$G$10000,6,FALSE) -> 177.97234 | L24: =VLOOKUP(I24,$A$10:$G$10000,7,FALSE) -> 161.7982 | M24: =VLOOKUP(I24,$A$10:$G$10000,3,FALSE) -> 169.73443 | O24: =J24/J23*O23 -> 100.56461 | P24: =K24/K23*P23 -> 100.99702 | Q24: =L24/L23*Q23 -> 97.995145 | R24: =M24/M23*R23 -> 99.887928 | AB24: 37541
... A29: 43489 | B29: 101.54789 | C29: 103.22085 | F29: 100.44409 | G29: 111.13919 | I29: =WORKDAY(I28,1,$AB$4:$AB$467) -> 45953 | J29: =VLOOKUP(I29,$A$10:$G$10000,2,FALSE) -> 151.7233 | K29: =VLOOKUP(I29,$A$10:$G$10000,6,FALSE) -> 178.46347 | L29: =VLOOKUP(I29,$A$10:$G$10000,7,FALSE) -> 165.80442 | M29: =VLOOKUP(I29,$A$10:$G$10000,3,FALSE) -> 171.4466 | O29: =J29/J28*O28 -> 100.27289 | P29: =K29/K28*P28 -> 101.27573 | Q29: =L29/L28*Q28 -> 100.42157 | R29: =M29/M28*R28 -> 100.89553 | AB29: 37683
A30: 43490 | C30: 103.25431 | F30: 100.46882 | I30: =WORKDAY(I29,1,$AB$4:$AB$467) -> 45954 | J30: =VLOOKUP(I30,$A$10:$G$10000,2,FALSE) -> 152.18044 | K30: =VLOOKUP(I30,$A$10:$G$10000,6,FALSE) -> 178.56186 | L30: =VLOOKUP(I30,$A$10:$G$10000,7,FALSE) -> 166.31784 | M30: =VLOOKUP(I30,$A$10:$G$10000,3,FALSE) -> 172.16584 | O30: =J30/J29*O29 -> 100.57501 | P30: =K30/K29*P29 -> 101.33157 | Q30: =L30/L29*Q29 -> 100.73252 | R30: =M30/M29*R29 -> 101.3188 | AB30: 37684
A31: 43493 | B31: 101.23236 | C31: 103.24184 | F31: 100.49356 | G31: 108.59807 | I31: =WORKDAY(I30,1,$AB$4:$AB$467) -> 45957 | J31: =VLOOKUP(I31,$A$10:$G$10000,2,FALSE) -> 152.35947 | K31: =VLOOKUP(I31,$A$10:$G$10000,6,FALSE) -> 178.6603 | L31: =VLOOKUP(I31,$A$10:$G$10000,7,FALSE) -> 167.22456 | M31: =VLOOKUP(I31,$A$10:$G$10000,3,FALSE) -> 172.2711 | O31: =J31/J30*O30 -> 100.69333 | P31: =K31/K30*P30 -> 101.38743 | Q31: =L31/L30*Q30 -> 101.28169 | R31: =M31/M30*R30 -> 101.38075 | AB31: 37729
A32: 43494 | B32: 101.75966 | C32: 103.61575 | F32: 100.5183 | G32: 108.82046 | I32: =WORKDAY(I31,1,$AB$4:$AB$467) -> 45958 | J32: =VLOOKUP(I32,$A$10:$G$10000,2,FALSE) -> 152.42751 | K32: =VLOOKUP(I32,$A$10:$G$10000,6,FALSE) -> 178.7588 | L32: =VLOOKUP(I32,$A$10:$G$10000,7,FALSE) -> 167.74773 | M32: =VLOOKUP(I32,$A$10:$G$10000,3,FALSE) -> 172.01058 | O32: =J32/J31*O31 -> 100.73829 | P32: =K32/K31*P31 -> 101.44333 | Q32: =L32/L31*Q31 -> 101.59855 | R32: =M32/M31*R31 -> 101.22743 | AB32: 37732
A33: 43495 | B33: 101.97568 | C33: 103.75875 | F33: 100.54305 | G33: 110.36435 | I33: =WORKDAY(I32,1,$AB$4:$AB$467) -> 45959 | J33: =VLOOKUP(I33,$A$10:$G$10000,2,FALSE) -> 152.64906 | K33: =VLOOKUP(I33,$A$10:$G$10000,6,FALSE) -> 178.85735 | L33: =VLOOKUP(I33,$A$10:$G$10000,7,FALSE) -> 169.1177 | M33: =VLOOKUP(I33,$A$10:$G$10000,3,FALSE) -> 171.85538 | O33: =J33/J32*O32 -> 100.88472 | P33: =K33/K32*P32 -> 101.49926 | Q33: =L33/L32*Q32 -> 102.42829 | R33: =M33/M32*R32 -> 101.1361 | AB33: 37742
A34: 43496 | B34: 102.47067 | C34: 104.38907 | F34: 100.5678 | G34: 110.81667 | I34: =WORKDAY(I33,1,$AB$4:$AB$467) -> 45960 | J34: =VLOOKUP(I34,$A$10:$G$10000,2,FALSE) -> 152.47939 | K34: =VLOOKUP(I34,$A$10:$G$10000,6,FALSE) -> 178.95595 | L34: =VLOOKUP(I34,$A$10:$G$10000,7,FALSE) -> 169.28529 | M34: =VLOOKUP(I34,$A$10:$G$10000,3,FALSE) -> 171.68386 | O34: =J34/J33*O33 -> 100.77258 | P34: =K34/K33*P33 -> 101.55521 | Q34: =L34/L33*Q33 -> 102.5298 | R34: =M34/M33*R33 -> 101.03516 | AB34: 37791
A35: 43497 | B35: 102.39327 | C35: 104.90083 | F35: 100.59256 | G35: 111.34864 | I35: =WORKDAY(I34,1,$AB$4:$AB$467) -> 45961 | J35: =VLOOKUP(I35,$A$10:$G$10000,2,FALSE) -> 152.8149 | K35: =VLOOKUP(I35,$A$10:$G$10000,6,FALSE) -> 179.05462 | L35: =VLOOKUP(I35,$A$10:$G$10000,7,FALSE) -> 170.15027 | M35: =VLOOKUP(I35,$A$10:$G$10000,3,FALSE) -> 172.043 | O35: =J35/J34*O34 -> 100.99432 | P35: =K35/K34*P34 -> 101.6112 | Q35: =L35/L34*Q34 -> 103.05369 | R35: =M35/M34*R34 -> 101.24651 | AB35: 37871
A36: 43500 | B36: 102.29547 | C36: 104.7707 | F36: 100.61733 | G36: 112.17625 | I36: =WORKDAY(I35,1,$AB$4:$AB$467) -> 45964 | J36: =VLOOKUP(I36,$A$10:$G$10000,2,FALSE) -> 152.72518 | K36: =VLOOKUP(I36,$A$10:$G$10000,6,FALSE) -> 179.15333 | L36: =VLOOKUP(I36,$A$10:$G$10000,7,FALSE) -> 171.19003 | M36: =VLOOKUP(I36,$A$10:$G$10000,3,FALSE) -> 171.96368 | O36: =J36/J35*O35 -> 100.93502 | P36: =K36/K35*P35 -> 101.66722 | Q36: =L36/L35*Q35 -> 103.68342 | R36: =M36/M35*R35 -> 101.19983 | AB36: 37906
A37: 43501 | B37: 102.23466 | C37: 104.54807 | F37: 100.6421 | G37: 111.86058 | I37: =WORKDAY(I36,1,$AB$4:$AB$467) -> 45965 | J37: =VLOOKUP(I37,$A$10:$G$10000,2,FALSE) -> 152.64268 | K37: =VLOOKUP(I37,$A$10:$G$10000,6,FALSE) -> 179.2521 | L37: =VLOOKUP(I37,$A$10:$G$10000,7,FALSE) -> 171.47444 | M37: =VLOOKUP(I37,$A$10:$G$10000,3,FALSE) -> 171.81262 | O37: =J37/J36*O36 -> 100.8805 | P37: =K37/K36*P36 -> 101.72327 | Q37: =L37/L36*Q36 -> 103.85568 | R37: =M37/M36*R36 -> 101.11093 | AB37: 37927
A38: 43502 | B38: 102.00375 | C38: 104.18977 | F38: 100.66688 | G38: 107.67836 | I38: =WORKDAY(I37,1,$AB$4:$AB$467) -> 45966 | J38: =VLOOKUP(I38,$A$10:$G$10000,2,FALSE) -> 152.69286 | K38: =VLOOKUP(I38,$A$10:$G$10000,6,FALSE) -> 179.35092 | L38: =VLOOKUP(I38,$A$10:$G$10000,7,FALSE) -> 174.42167 | M38: =VLOOKUP(I38,$A$10:$G$10000,3,FALSE) -> 172.08456 | O38: =J38/J37*O37 -> 100.91366 | P38: =K38/K37*P37 -> 101.77935 | Q38: =L38/L37*Q37 -> 105.64071 | R38: =M38/M37*R37 -> 101.27097 | AB38: 37940
A39: 43503 | B39: 102.0939 | C39: 103.84142 | F39: 100.69166 | G39: 107.41669 | I39: =WORKDAY(I38,1,$AB$4:$AB$467) -> 45967 | J39: =VLOOKUP(I39,$A$10:$G$10000,2,FALSE) -> 152.77621 | K39: =VLOOKUP(I39,$A$10:$G$10000,6,FALSE) -> 179.4498 | L39: =VLOOKUP(I39,$A$10:$G$10000,7,FALSE) -> 174.47195 | M39: =VLOOKUP(I39,$A$10:$G$10000,3,FALSE) -> 172.48142 | O39: =J39/J38*O38 -> 100.96875 | P39: =K39/K38*P38 -> 101.83546 | Q39: =L39/L38*Q38 -> 105.67116 | R39: =M39/M38*R38 -> 101.50452 | AB39: 37980
A40: 43504 | B40: 102.1696 | C40: 103.2533 | F40: 100.71645 | G40: 108.48341 | I40: =WORKDAY(I39,1,$AB$4:$AB$467) -> 45968 | J40: =VLOOKUP(I40,$A$10:$G$10000,2,FALSE) -> 152.94333 | K40: =VLOOKUP(I40,$A$10:$G$10000,6,FALSE) -> 179.54873 | L40: =VLOOKUP(I40,$A$10:$G$10000,7,FALSE) -> 175.29675 | M40: =VLOOKUP(I40,$A$10:$G$10000,3,FALSE) -> 172.8033 | O40: =J40/J39*O39 -> 101.0792 | P40: =K40/K39*P39 -> 101.89161 | Q40: =L40/L39*Q39 -> 106.17072 | R40: =M40/M39*R39 -> 101.69394 | AB40: 37987
A41: 43507 | B41: 102.30993 | C41: 103.26561 | F41: 100.74125 | G41: 107.42502 | I41: =WORKDAY(I40,1,$AB$4:$AB$467) -> 45971 | J41: =VLOOKUP(I41,$A$10:$G$10000,2,FALSE) -> 152.79279 | K41: =VLOOKUP(I41,$A$10:$G$10000,6,FALSE) -> 179.64772 | L41: =VLOOKUP(I41,$A$10:$G$10000,7,FALSE) -> 176.65506 | M41: =VLOOKUP(I41,$A$10:$G$10000,3,FALSE) -> 173.12888 | O41: =J41/J40*O40 -> 100.97971 | P41: =K41/K40*P40 -> 101.94778 | Q41: =L41/L40*Q40 -> 106.99339 | R41: =M41/M40*R40 -> 101.88555 | AB41: 38040
A42: 43508 | B42: 102.22063 | C42: 103.71976 | F42: 100.76605 | G42: 109.42245 | I42: =WORKDAY(I41,1,$AB$4:$AB$467) -> 45972 | J42: =VLOOKUP(I42,$A$10:$G$10000,2,FALSE) -> 152.77663 | K42: =VLOOKUP(I42,$A$10:$G$10000,6,FALSE) -> 179.74676 | L42: =VLOOKUP(I42,$A$10:$G$10000,7,FALSE) -> 179.4897 | M42: =VLOOKUP(I42,$A$10:$G$10000,3,FALSE) -> 173.97642 | O42: =J42/J41*O41 -> 100.96903 | P42: =K42/K41*P41 -> 102.00399 | Q42: =L42/L41*Q41 -> 108.71023 | R42: =M42/M41*R41 -> 102.38432 | AB42: 38041
... A48: 43516 | B48: 102.83553 | C48: 104.65326 | F48: 100.915 | G48: 109.85074 | I48: =WORKDAY(I47,1,$AB$4:$AB$467) -> 45980 | J48: =VLOOKUP(I48,$A$10:$G$10000,2,FALSE) -> 153.92224 | K48: =VLOOKUP(I48,$A$10:$G$10000,6,FALSE) -> 180.34216 | L48: =VLOOKUP(I48,$A$10:$G$10000,7,FALSE) -> 176.79541 | M48: =VLOOKUP(I48,$A$10:$G$10000,3,FALSE) -> 174.71201 | O48: =J48/J47*O47 -> 101.72615 | P48: =K48/K47*P47 -> 102.34187 | Q48: =L48/L47*Q47 -> 107.0784 | R48: =M48/M47*R47 -> 102.81721 | AB48: 38272
A49: 43517 | B49: 102.4762 | C49: 104.66262 | F49: 100.93984 | G49: 110.2916 | I49: =WORKDAY(I48,1,$AB$4:$AB$467) -> 45981 | J49: 153.92224 | K49: 180.34216 | L49: 176.79541 | M49: 174.71201 | O49: 101.72615 | P49: 102.34187 | Q49: 107.0784 | R49: 102.81721 | AB49: 38293
A50: 43518 | B50: 102.6497 | C50: 104.68145 | F50: 100.96469 | G50: 111.37631 | I50: =WORKDAY(I49,1,$AB$4:$AB$467) -> 45982 | J50: =VLOOKUP(I50,$A$10:$G$10000,2,FALSE) -> 154.17016 | K50: =VLOOKUP(I50,$A$10:$G$10000,6,FALSE) -> 180.44158 | L50: =VLOOKUP(I50,$A$10:$G$10000,7,FALSE) -> 176.1007 | M50: =VLOOKUP(I50,$A$10:$G$10000,3,FALSE) -> 174.76835 | O50: =J50/J49*O49 -> 101.89 | P50: =K50/K49*P49 -> 102.39829 | Q50: =L50/L49*Q49 -> 106.65764 | R50: =M50/M49*R49 -> 102.85036 | AB50: 38306
A51: 43521 | B51: 102.22615 | C51: 104.63291 | F51: 100.98955 | G51: 110.64162 | I51: =WORKDAY(I50,1,$AB$4:$AB$467) -> 45985 | J51: =VLOOKUP(I51,$A$10:$G$10000,2,FALSE) -> 154.20545 | K51: =VLOOKUP(I51,$A$10:$G$10000,6,FALSE) -> 180.54106 | L51: =VLOOKUP(I51,$A$10:$G$10000,7,FALSE) -> 176.6781 | M51: =VLOOKUP(I51,$A$10:$G$10000,3,FALSE) -> 174.83756 | O51: =J51/J50*O50 -> 101.91333 | P51: =K51/K50*P50 -> 102.45474 | Q51: =L51/L50*Q50 -> 107.00735 | R51: =M51/M50*R50 -> 102.8911 | AB51: 38346
A52: 43522 | B52: 102.46089 | C52: 104.65694 | F52: 101.01442 | G52: 111.05419 | I52: =WORKDAY(I51,1,$AB$4:$AB$467) -> 45986 | J52: =VLOOKUP(I52,$A$10:$G$10000,2,FALSE) -> 154.41595 | K52: =VLOOKUP(I52,$A$10:$G$10000,6,FALSE) -> 180.6406 | L52: =VLOOKUP(I52,$A$10:$G$10000,7,FALSE) -> 177.39791 | M52: =VLOOKUP(I52,$A$10:$G$10000,3,FALSE) -> 175.36731 | O52: =J52/J51*O51 -> 102.05244 | P52: =K52/K51*P51 -> 102.51123 | Q52: =L52/L51*Q51 -> 107.44331 | R52: =M52/M51*R51 -> 103.20285 | AB52: 38353
A53: 43523 | B53: 102.94652 | C53: 104.93485 | F53: 101.03929 | G53: 110.71833 | I53: =WORKDAY(I52,1,$AB$4:$AB$467) -> 45987 | J53: =VLOOKUP(I53,$A$10:$G$10000,2,FALSE) -> 153.85845 | K53: =VLOOKUP(I53,$A$10:$G$10000,6,FALSE) -> 180.74019 | L53: =VLOOKUP(I53,$A$10:$G$10000,7,FALSE) -> 180.40717 | M53: =VLOOKUP(I53,$A$10:$G$10000,3,FALSE) -> 175.68809 | O53: =J53/J52*O52 -> 101.684 | P53: =K53/K52*P52 -> 102.56774 | Q53: =L53/L52*Q52 -> 109.26591 | R53: =M53/M52*R52 -> 103.39163 | AB53: 38390
A54: 43524 | B54: 103.52825 | C54: 104.95958 | F54: 101.06416 | G54: 108.7579 | I54: =WORKDAY(I53,1,$AB$4:$AB$467) -> 45988 | J54: =VLOOKUP(I54,$A$10:$G$10000,2,FALSE) -> 154.55713 | K54: =VLOOKUP(I54,$A$10:$G$10000,6,FALSE) -> 180.83983 | L54: =VLOOKUP(I54,$A$10:$G$10000,7,FALSE) -> 180.18509 | M54: =VLOOKUP(I54,$A$10:$G$10000,3,FALSE) -> 175.70153 | O54: =J54/J53*O53 -> 102.14575 | P54: =K54/K53*P53 -> 102.62429 | Q54: =L54/L53*Q53 -> 109.1314 | R54: =M54/M53*R53 -> 103.39954 | AB54: 38391
A55: 43525 | B55: 103.94499 | C55: 104.93632 | F55: 101.08904 | G55: 107.64216 | I55: =WORKDAY(I54,1,$AB$4:$AB$467) -> 45989 | J55: =VLOOKUP(I55,$A$10:$G$10000,2,FALSE) -> 155.65681 | K55: =VLOOKUP(I55,$A$10:$G$10000,6,FALSE) -> 180.93953 | L55: =VLOOKUP(I55,$A$10:$G$10000,7,FALSE) -> 180.99564 | M55: =VLOOKUP(I55,$A$10:$G$10000,3,FALSE) -> 175.55472 | O55: =J55/J54*O54 -> 102.87252 | P55: =K55/K54*P54 -> 102.68087 | Q55: =L55/L54*Q54 -> 109.62232 | R55: =M55/M54*R54 -> 103.31314 | AB55: 38436
A56: 43528 | I56: =WORKDAY(I55,1,$AB$4:$AB$467) -> 45992 | J56: =VLOOKUP(I56,$A$10:$G$10000,2,FALSE) -> 155.64916 | K56: =VLOOKUP(I56,$A$10:$G$10000,6,FALSE) -> 181.03928 | L56: =VLOOKUP(I56,$A$10:$G$10000,7,FALSE) -> 180.47097 | M56: =VLOOKUP(I56,$A$10:$G$10000,3,FALSE) -> 175.38476 | O56: =J56/J55*O55 -> 102.86746 | P56: =K56/K55*P55 -> 102.73748 | Q56: =L56/L55*Q55 -> 109.30455 | R56: =M56/M55*R55 -> 103.21312 | AB56: 38463
A57: 43529 | I57: =WORKDAY(I56,1,$AB$4:$AB$467) -> 45993 | J57: =VLOOKUP(I57,$A$10:$G$10000,2,FALSE) -> 155.99148 | K57: =VLOOKUP(I57,$A$10:$G$10000,6,FALSE) -> 181.13909 | L57: =VLOOKUP(I57,$A$10:$G$10000,7,FALSE) -> 183.29418 | M57: =VLOOKUP(I57,$A$10:$G$10000,3,FALSE) -> 176.12018 | O57: =J57/J56*O56 -> 103.0937 | P57: =K57/K56*P56 -> 102.79412 | Q57: =L57/L56*Q56 -> 111.01446 | R57: =M57/M56*R56 -> 103.64591 | AB57: 38473
A58: 43530 | B58: 104.25669 | C58: 104.88636 | F58: 101.11393 | G58: 107.20196 | I58: =WORKDAY(I57,1,$AB$4:$AB$467) -> 45994 | J58: =VLOOKUP(I58,$A$10:$G$10000,2,FALSE) -> 155.94513 | K58: =VLOOKUP(I58,$A$10:$G$10000,6,FALSE) -> 181.23896 | L58: =VLOOKUP(I58,$A$10:$G$10000,7,FALSE) -> 184.04847 | M58: =VLOOKUP(I58,$A$10:$G$10000,3,FALSE) -> 176.63619 | O58: =J58/J57*O57 -> 103.06307 | P58: =K58/K57*P57 -> 102.85079 | Q58: =L58/L57*Q57 -> 111.47131 | R58: =M58/M57*R57 -> 103.94958 | AB58: 38498
A59: 43531 | B59: 104.48675 | C59: 104.90157 | F59: 101.13883 | G59: 107.34226 | I59: =WORKDAY(I58,1,$AB$4:$AB$467) -> 45995 | J59: =VLOOKUP(I59,$A$10:$G$10000,2,FALSE) -> 156.31679 | K59: =VLOOKUP(I59,$A$10:$G$10000,6,FALSE) -> 181.33888 | L59: =VLOOKUP(I59,$A$10:$G$10000,7,FALSE) -> 187.12108 | M59: =VLOOKUP(I59,$A$10:$G$10000,3,FALSE) -> 177.0497 | O59: =J59/J58*O58 -> 103.3087 | P59: =K59/K58*P58 -> 102.90749 | Q59: =L59/L58*Q58 -> 113.33227 | R59: =M59/M58*R58 -> 104.19293 | AB59: 38602
A60: 43532 | B60: 104.61347 | C60: 105.15758 | F60: 101.16373 | G60: 108.50816 | I60: =WORKDAY(I59,1,$AB$4:$AB$467) -> 45996 | J60: =VLOOKUP(I60,$A$10:$G$10000,2,FALSE) -> 156.07908 | K60: =VLOOKUP(I60,$A$10:$G$10000,6,FALSE) -> 181.43885 | L60: =VLOOKUP(I60,$A$10:$G$10000,7,FALSE) -> 179.0582 | M60: =VLOOKUP(I60,$A$10:$G$10000,3,FALSE) -> 175.1466 | O60: =J60/J59*O59 -> 103.15159 | P60: =K60/K59*P59 -> 102.96422 | Q60: =L60/L59*Q59 -> 108.44888 | R60: =M60/M59*R59 -> 103.07297 | AB60: 38637
A61: 43535 | B61: 104.75891 | C61: 105.73858 | F61: 101.18864 | G61: 111.53677 | I61: =WORKDAY(I60,1,$AB$4:$AB$467) -> 45999 | J61: =VLOOKUP(I61,$A$10:$G$10000,2,FALSE) -> 156.38993 | K61: =VLOOKUP(I61,$A$10:$G$10000,6,FALSE) -> 181.53888 | L61: =VLOOKUP(I61,$A$10:$G$10000,7,FALSE) -> 179.98901 | M61: =VLOOKUP(I61,$A$10:$G$10000,3,FALSE) -> 175.2657 | O61: =J61/J60*O60 -> 103.35703 | P61: =K61/K60*P60 -> 103.02099 | Q61: =L61/L60*Q60 -> 109.01264 | R61: =M61/M60*R60 -> 103.14306 | AB61: 38658
A62: 43536 | B62: 104.80909 | C62: 105.8736 | F62: 101.21355 | G62: 111.31082 | I62: =WORKDAY(I61,1,$AB$4:$AB$467) -> 46000 | J62: =VLOOKUP(I62,$A$10:$G$10000,2,FALSE) -> 156.30191 | K62: =VLOOKUP(I62,$A$10:$G$10000,6,FALSE) -> 181.63896 | L62: =VLOOKUP(I62,$A$10:$G$10000,7,FALSE) -> 179.75428 | M62: =VLOOKUP(I62,$A$10:$G$10000,3,FALSE) -> 174.71477 | O62: =J62/J61*O61 -> 103.29886 | P62: =K62/K61*P61 -> 103.07779 | Q62: =L62/L61*Q61 -> 108.87048 | R62: =M62/M61*R61 -> 102.81883 | AB62: 38671
A63: 43537 | B63: 104.81929 | C63: 106.23056 | F63: 101.23847 | G63: 112.53494 | I63: =WORKDAY(I62,1,$AB$4:$AB$467) -> 46001 | J63: =VLOOKUP(I63,$A$10:$G$10000,2,FALSE) -> 156.33635 | K63: =VLOOKUP(I63,$A$10:$G$10000,6,FALSE) -> 181.7391 | L63: =VLOOKUP(I63,$A$10:$G$10000,7,FALSE) -> 180.99888 | M63: =VLOOKUP(I63,$A$10:$G$10000,3,FALSE) -> 174.61437 | O63: =J63/J62*O62 -> 103.32162 | P63: =K63/K62*P62 -> 103.13461 | Q63: =L63/L62*Q62 -> 109.62428 | R63: =M63/M62*R62 -> 102.75975 | AB63: 38711
A64: 43538 | B64: 105.07827 | C64: 106.17042 | F64: 101.26339 | G64: 112.19449 | I64: =WORKDAY(I63,1,$AB$4:$AB$467) -> 46002 | J64: =VLOOKUP(I64,$A$10:$G$10000,2,FALSE) -> 156.40949 | K64: =VLOOKUP(I64,$A$10:$G$10000,6,FALSE) -> 181.8393 | L64: =VLOOKUP(I64,$A$10:$G$10000,7,FALSE) -> 181.12873 | M64: =VLOOKUP(I64,$A$10:$G$10000,3,FALSE) -> 175.44768 | O64: =J64/J63*O63 -> 103.36996 | P64: =K64/K63*P63 -> 103.19147 | Q64: =L64/L63*Q63 -> 109.70293 | R64: =M64/M63*R63 -> 103.25015 | AB64: 38718
A65: 43539 | B65: 105.57835 | C65: 106.30722 | F65: 101.28832 | G65: 112.79989 | I65: =WORKDAY(I64,1,$AB$4:$AB$467) -> 46003 | J65: =VLOOKUP(I65,$A$10:$G$10000,2,FALSE) -> 156.74331 | K65: =VLOOKUP(I65,$A$10:$G$10000,6,FALSE) -> 181.93955 | L65: =VLOOKUP(I65,$A$10:$G$10000,7,FALSE) -> 182.92339 | M65: =VLOOKUP(I65,$A$10:$G$10000,3,FALSE) -> 175.84304 | O65: =J65/J64*O64 -> 103.59058 | P65: =K65/K64*P64 -> 103.24836 | Q65: =L65/L64*Q64 -> 110.78988 | R65: =M65/M64*R64 -> 103.48282 | AB65: 38775
A66: 43542 | B66: 105.68807 | C66: 106.5318 | F66: 101.31326 | G66: 113.77521 | I66: =WORKDAY(I65,1,$AB$4:$AB$467) -> 46006 | J66: =VLOOKUP(I66,$A$10:$G$10000,2,FALSE) -> 156.92659 | K66: =VLOOKUP(I66,$A$10:$G$10000,6,FALSE) -> 182.03985 | L66: =VLOOKUP(I66,$A$10:$G$10000,7,FALSE) -> 184.87517 | M66: =VLOOKUP(I66,$A$10:$G$10000,3,FALSE) -> 176.0844 | O66: =J66/J65*O65 -> 103.71171 | P66: =K66/K65*P65 -> 103.30529 | Q66: =L66/L65*Q65 -> 111.97201 | R66: =M66/M65*R65 -> 103.62485 | AB66: 38776
A67: 43543 | B67: 105.46779 | C67: 106.63347 | F67: 101.3382 | G67: 113.31377 | I67: =WORKDAY(I66,1,$AB$4:$AB$467) -> 46007 | J67: =VLOOKUP(I67,$A$10:$G$10000,2,FALSE) -> 156.98102 | K67: =VLOOKUP(I67,$A$10:$G$10000,6,FALSE) -> 182.14021 | L67: =VLOOKUP(I67,$A$10:$G$10000,7,FALSE) -> 180.43328 | M67: =VLOOKUP(I67,$A$10:$G$10000,3,FALSE) -> 175.55377 | O67: =J67/J66*O66 -> 103.74768 | P67: =K67/K66*P66 -> 103.36224 | Q67: =L67/L66*Q66 -> 109.28172 | R67: =M67/M66*R66 -> 103.31258 | AB67: 38821
A68: 43544 | B68: 105.59026 | C68: 106.85808 | F68: 101.36315 | G68: 111.55356 | I68: =WORKDAY(I67,1,$AB$4:$AB$467) -> 46008 | J68: =VLOOKUP(I68,$A$10:$G$10000,2,FALSE) -> 156.78626 | K68: =VLOOKUP(I68,$A$10:$G$10000,6,FALSE) -> 182.24063 | L68: =VLOOKUP(I68,$A$10:$G$10000,7,FALSE) -> 179.01029 | M68: =VLOOKUP(I68,$A$10:$G$10000,3,FALSE) -> 174.13452 | O68: =J68/J67*O67 -> 103.61896 | P68: =K68/K67*P67 -> 103.41922 | Q68: =L68/L67*Q67 -> 108.41987 | R68: =M68/M67*R67 -> 102.47736 | AB68: 38828
A69: 43545 | B69: 105.54093 | C69: 106.56493 | F69: 101.38811 | G69: 110.0604 | I69: =WORKDAY(I68,1,$AB$4:$AB$467) -> 46009 | J69: =VLOOKUP(I69,$A$10:$G$10000,2,FALSE) -> 157.21746 | K69: =VLOOKUP(I69,$A$10:$G$10000,6,FALSE) -> 182.3411 | L69: =VLOOKUP(I69,$A$10:$G$10000,7,FALSE) -> 179.68853 | M69: =VLOOKUP(I69,$A$10:$G$10000,3,FALSE) -> 174.31646 | O69: =J69/J68*O68 -> 103.90394 | P69: =K69/K68*P68 -> 103.47624 | Q69: =L69/L68*Q68 -> 108.83065 | R69: =M69/M68*R68 -> 102.58443 | AB69: 38838
... A71: 43549 | B71: 105.20414 | C71: 105.65007 | F71: 101.43804 | G71: 106.57062 | I71: =WORKDAY(I70,1,$AB$4:$AB$467) -> 46013 | J71: =VLOOKUP(I71,$A$10:$G$10000,2,FALSE) -> 158.83253 | K71: =VLOOKUP(I71,$A$10:$G$10000,6,FALSE) -> 182.54221 | L71: =VLOOKUP(I71,$A$10:$G$10000,7,FALSE) -> 179.93692 | M71: =VLOOKUP(I71,$A$10:$G$10000,3,FALSE) -> 174.56983 | O71: =J71/J70*O70 -> 104.97133 | P71: =K71/K70*P70 -> 103.59037 | Q71: =L71/L70*Q70 -> 108.9811 | R71: =M71/M70*R70 -> 102.73354 | AB71: 38967
A72: 43550 | B72: 105.49416 | C72: 105.26981 | F72: 101.46301 | G72: 108.44212 | I72: =WORKDAY(I71,1,$AB$4:$AB$467) -> 46014 | J72: 159.68557 | K72: 182.64285 | L72: 182.57005 | M72: 174.85823 | O72: 105.5351 | P72: 103.64748 | Q72: 110.57588 | R72: 102.90326 | AB72: 39002
A73: 43551 | B73: 105.20541 | C73: 103.94722 | F73: 101.48799 | G73: 104.56965 | I73: =WORKDAY(I72,1,$AB$4:$AB$467) -> 46015 | J73: 159.68557 | K73: 182.64285 | L73: 182.57005 | M73: 174.85823 | O73: 105.5351 | P73: 103.64748 | Q73: 110.57588 | R73: 102.90326 | AB73: 39023
A74: 43552 | B74: 105.31385 | C74: 105.3854 | F74: 101.51298 | G74: 107.39774 | I74: =WORKDAY(I73,1,$AB$4:$AB$467) -> 46017 | J74: =VLOOKUP(I74,$A$10:$G$10000,2,FALSE) -> 160.5535 | K74: =VLOOKUP(I74,$A$10:$G$10000,6,FALSE) -> 182.84429 | L74: =VLOOKUP(I74,$A$10:$G$10000,7,FALSE) -> 183.07161 | M74: =VLOOKUP(I74,$A$10:$G$10000,3,FALSE) -> 175.4574 | O74: =J74/J73*O73 -> 106.10871 | P74: =K74/K73*P73 -> 103.76179 | Q74: =L74/L73*Q73 -> 110.87966 | R74: =M74/M73*R73 -> 103.25587 | AB74: 39036
A75: 43553 | B75: 105.58516 | C75: 105.56822 | F75: 101.53797 | G75: 108.56471 | I75: =WORKDAY(I74,1,$AB$4:$AB$467) -> 46020 | J75: =VLOOKUP(I75,$A$10:$G$10000,2,FALSE) -> 160.41487 | K75: =VLOOKUP(I75,$A$10:$G$10000,6,FALSE) -> 182.94509 | L75: =VLOOKUP(I75,$A$10:$G$10000,7,FALSE) -> 182.60927 | M75: =VLOOKUP(I75,$A$10:$G$10000,3,FALSE) -> 175.83472 | O75: =J75/J74*O74 -> 106.01709 | P75: =K75/K74*P74 -> 103.819 | Q75: =L75/L74*Q74 -> 110.59963 | R75: =M75/M74*R74 -> 103.47792 | AB75: 39076
A76: 43556 | B76: 105.53838 | C76: 105.97126 | F76: 101.56297 | G76: 109.2928 | I76: =WORKDAY(I75,1,$AB$4:$AB$467) -> 46021 | J76: =VLOOKUP(I76,$A$10:$G$10000,2,FALSE) -> 160.54287 | K76: =VLOOKUP(I76,$A$10:$G$10000,6,FALSE) -> 183.04595 | L76: =VLOOKUP(I76,$A$10:$G$10000,7,FALSE) -> 183.33186 | M76: =VLOOKUP(I76,$A$10:$G$10000,3,FALSE) -> 176.01071 | O76: =J76/J75*O75 -> 106.10168 | P76: =K76/K75*P75 -> 103.87623 | Q76: =L76/L75*Q75 -> 111.03728 | R76: =M76/M75*R75 -> 103.58149 | AB76: 39083
A77: 43557 | B77: 105.56772 | C77: 106.01338 | F77: 101.58798 | G77: 108.53308 | I77: =WORKDAY(I76,1,$AB$4:$AB$467) -> 46022 | J77: 160.54287 | K77: 183.04595 | L77: 183.33186 | M77: 176.01071 | O77: 106.10168 | P77: 103.87623 | Q77: 111.03728 | R77: 103.58149 | AB77: 39132
A78: 43558 | B78: 105.72379 | C78: 105.69175 | F78: 101.61299 | G78: 107.51441 | I78: =WORKDAY(I77,1,$AB$4:$AB$467) -> 46024 | J78: =VLOOKUP(I78,$A$10:$G$10000,2,FALSE) -> 160.6951 | K78: =VLOOKUP(I78,$A$10:$G$10000,6,FALSE) -> 183.24784 | L78: =VLOOKUP(I78,$A$10:$G$10000,7,FALSE) -> 182.66433 | M78: =VLOOKUP(I78,$A$10:$G$10000,3,FALSE) -> 176.43021 | O78: =J78/J77*O77 -> 106.20229 | P78: =K78/K77*P77 -> 103.9908 | Q78: =L78/L77*Q77 -> 110.63298 | R78: =M78/M77*R77 -> 103.82836 | AB78: 39133
A79: 43559 | B79: 105.71273 | C79: 105.78592 | F79: 101.63801 | G79: 109.58705 | I79: =WORKDAY(I78,1,$AB$4:$AB$467) -> 46027 | J79: =VLOOKUP(I79,$A$10:$G$10000,2,FALSE) -> 160.8669 | K79: =VLOOKUP(I79,$A$10:$G$10000,6,FALSE) -> 183.34886 | L79: =VLOOKUP(I79,$A$10:$G$10000,7,FALSE) -> 184.17885 | M79: =VLOOKUP(I79,$A$10:$G$10000,3,FALSE) -> 176.03744 | O79: =J79/J78*O78 -> 106.31583 | P79: =K79/K78*P78 -> 104.04813 | Q79: =L79/L78*Q78 -> 111.55027 | R79: =M79/M78*R78 -> 103.59722 | AB79: 39178
A80: 43560 | B80: 105.65702 | C80: 105.99003 | F80: 101.66303 | G80: 110.49174 | I80: =WORKDAY(I79,1,$AB$4:$AB$467) -> 46028 | J80: =VLOOKUP(I80,$A$10:$G$10000,2,FALSE) -> 161.10164 | K80: =VLOOKUP(I80,$A$10:$G$10000,6,FALSE) -> 183.44995 | L80: =VLOOKUP(I80,$A$10:$G$10000,7,FALSE) -> 186.22023 | M80: =VLOOKUP(I80,$A$10:$G$10000,3,FALSE) -> 175.59567 | O80: =J80/J79*O79 -> 106.47097 | P80: =K80/K79*P79 -> 104.1055 | Q80: =L80/L79*Q79 -> 112.78666 | R80: =M80/M79*R79 -> 103.33724 | AB80: 39193
A81: 43563 | B81: 105.47757 | C81: 105.87204 | F81: 101.68806 | G81: 110.78884 | I81: =WORKDAY(I80,1,$AB$4:$AB$467) -> 46029 | J81: =VLOOKUP(I81,$A$10:$G$10000,2,FALSE) -> 160.78781 | K81: =VLOOKUP(I81,$A$10:$G$10000,6,FALSE) -> 183.55108 | L81: =VLOOKUP(I81,$A$10:$G$10000,7,FALSE) -> 184.29886 | M81: =VLOOKUP(I81,$A$10:$G$10000,3,FALSE) -> 175.58459 | O81: =J81/J80*O80 -> 106.26356 | P81: =K81/K80*P80 -> 104.16289 | Q81: =L81/L80*Q80 -> 111.62296 | R81: =M81/M80*R80 -> 103.33072 | AB81: 39203
A82: 43564 | B82: 105.53455 | C82: 105.54051 | F82: 101.7131 | G82: 109.56284 | I82: =WORKDAY(I81,1,$AB$4:$AB$467) -> 46030 | J82: =VLOOKUP(I82,$A$10:$G$10000,2,FALSE) -> 160.85074 | K82: =VLOOKUP(I82,$A$10:$G$10000,6,FALSE) -> 183.65228 | L82: =VLOOKUP(I82,$A$10:$G$10000,7,FALSE) -> 185.39258 | M82: =VLOOKUP(I82,$A$10:$G$10000,3,FALSE) -> 175.76634 | O82: =J82/J81*O81 -> 106.30515 | P82: =K82/K81*P81 -> 104.22032 | Q82: =L82/L81*Q81 -> 112.28538 | R82: =M82/M81*R81 -> 103.43768 | AB82: 39240
A83: 43565 | B83: 105.53668 | C83: 105.79723 | F83: 101.73814 | G83: 109.17787 | I83: =WORKDAY(I82,1,$AB$4:$AB$467) -> 46031 | J83: =VLOOKUP(I83,$A$10:$G$10000,2,FALSE) -> 161.14459 | K83: =VLOOKUP(I83,$A$10:$G$10000,6,FALSE) -> 183.75353 | L83: =VLOOKUP(I83,$A$10:$G$10000,7,FALSE) -> 185.8862 | M83: =VLOOKUP(I83,$A$10:$G$10000,3,FALSE) -> 175.48137 | O83: =J83/J82*O82 -> 106.49935 | P83: =K83/K82*P82 -> 104.27777 | Q83: =L83/L82*Q82 -> 112.58435 | R83: =M83/M82*R82 -> 103.26998 | AB83: 39332
A84: 43566 | B84: 105.73825 | C84: 105.68085 | F84: 101.76319 | G84: 107.81391 | I84: =WORKDAY(I83,1,$AB$4:$AB$467) -> 46034 | J84: =VLOOKUP(I84,$A$10:$G$10000,2,FALSE) -> 161.08633 | K84: =VLOOKUP(I84,$A$10:$G$10000,6,FALSE) -> 183.85483 | L84: =VLOOKUP(I84,$A$10:$G$10000,7,FALSE) -> 185.63593 | M84: =VLOOKUP(I84,$A$10:$G$10000,3,FALSE) -> 175.50441 | O84: =J84/J83*O83 -> 106.46085 | P84: =K84/K83*P83 -> 104.33526 | Q84: =L84/L83*Q83 -> 112.43277 | R84: =M84/M83*R83 -> 103.28353 | AB84: 39367
A85: 43567 | B85: 105.59026 | C85: 105.54804 | F85: 101.78824 | G85: 105.67514 | I85: =WORKDAY(I84,1,$AB$4:$AB$467) -> 46035 | J85: =VLOOKUP(I85,$A$10:$G$10000,2,FALSE) -> 161.41674 | K85: =VLOOKUP(I85,$A$10:$G$10000,6,FALSE) -> 183.95619 | L85: =VLOOKUP(I85,$A$10:$G$10000,7,FALSE) -> 184.29637 | M85: =VLOOKUP(I85,$A$10:$G$10000,3,FALSE) -> 175.48729 | O85: =J85/J84*O84 -> 106.67922 | P85: =K85/K84*P84 -> 104.39279 | Q85: =L85/L84*Q84 -> 111.62145 | R85: =M85/M84*R84 -> 103.27346 | AB85: 39388
A86: 43570 | B86: 105.7948 | C86: 105.63313 | F86: 101.8133 | G86: 105.91178 | I86: =WORKDAY(I85,1,$AB$4:$AB$467) -> 46036 | J86: =VLOOKUP(I86,$A$10:$G$10000,2,FALSE) -> 161.50264 | K86: =VLOOKUP(I86,$A$10:$G$10000,6,FALSE) -> 184.05761 | L86: =VLOOKUP(I86,$A$10:$G$10000,7,FALSE) -> 187.9066 | M86: =VLOOKUP(I86,$A$10:$G$10000,3,FALSE) -> 174.74406 | O86: =J86/J85*O85 -> 106.73599 | P86: =K86/K85*P85 -> 104.45034 | Q86: =L86/L85*Q85 -> 113.80803 | R86: =M86/M85*R85 -> 102.83607 | AB86: 39401
A87: 43571 | B87: 105.62513 | C87: 105.60065 | F87: 101.83837 | G87: 107.33444 | I87: =WORKDAY(I86,1,$AB$4:$AB$467) -> 46037 | J87: =VLOOKUP(I87,$A$10:$G$10000,2,FALSE) -> 161.7833 | K87: =VLOOKUP(I87,$A$10:$G$10000,6,FALSE) -> 184.15908 | L87: =VLOOKUP(I87,$A$10:$G$10000,7,FALSE) -> 188.38715 | M87: =VLOOKUP(I87,$A$10:$G$10000,3,FALSE) -> 174.91181 | O87: =J87/J86*O86 -> 106.92148 | P87: =K87/K86*P86 -> 104.50792 | Q87: =L87/L86*Q86 -> 114.09908 | R87: =M87/M86*R86 -> 102.93479 | AB87: 39441
A88: 43572 | B88: 105.75696 | C88: 105.55675 | F88: 101.86344 | G88: 106.14137 | I88: =WORKDAY(I87,1,$AB$4:$AB$467) -> 46038 | J88: =VLOOKUP(I88,$A$10:$G$10000,2,FALSE) -> 161.98827 | K88: =VLOOKUP(I88,$A$10:$G$10000,6,FALSE) -> 184.26061 | L88: =VLOOKUP(I88,$A$10:$G$10000,7,FALSE) -> 187.51291 | M88: =VLOOKUP(I88,$A$10:$G$10000,3,FALSE) -> 174.79936 | O88: =J88/J87*O87 -> 107.05694 | P88: =K88/K87*P87 -> 104.56554 | Q88: =L88/L87*Q87 -> 113.56959 | R88: =M88/M87*R87 -> 102.86861 | AB88: 39448
A89: 43573 | B89: 105.98701 | C89: 105.8452 | F89: 101.88852 | G89: 107.61315 | I89: =WORKDAY(I88,1,$AB$4:$AB$467) -> 46041 | J89: =VLOOKUP(I89,$A$10:$G$10000,2,FALSE) -> 162.16177 | K89: =VLOOKUP(I89,$A$10:$G$10000,6,FALSE) -> 184.3622 | L89: =VLOOKUP(I89,$A$10:$G$10000,7,FALSE) -> 187.569 | M89: =VLOOKUP(I89,$A$10:$G$10000,3,FALSE) -> 174.78798 | O89: =J89/J88*O88 -> 107.1716 | P89: =K89/K88*P88 -> 104.62319 | Q89: =L89/L88*Q88 -> 113.60356 | R89: =M89/M88*R88 -> 102.86192 | AB89: 39482
A90: 43574 | I90: =WORKDAY(I89,1,$AB$4:$AB$467) -> 46042 | J90: =VLOOKUP(I90,$A$10:$G$10000,2,FALSE) -> 162.05206 | K90: =VLOOKUP(I90,$A$10:$G$10000,6,FALSE) -> 184.46384 | L90: =VLOOKUP(I90,$A$10:$G$10000,7,FALSE) -> 189.19338 | M90: =VLOOKUP(I90,$A$10:$G$10000,3,FALSE) -> 174.68444 | O90: =J90/J89*O89 -> 107.0991 | P90: =K90/K89*P89 -> 104.68087 | Q90: =L90/L89*Q89 -> 114.58739 | R90: =M90/M89*R89 -> 102.80099 | AB90: 39483
A91: 43577 | B91: 105.9581 | C91: 105.98627 | F91: 101.91361 | G91: 107.6243 | I91: =WORKDAY(I90,1,$AB$4:$AB$467) -> 46043 | J91: =VLOOKUP(I91,$A$10:$G$10000,2,FALSE) -> 162.11627 | K91: =VLOOKUP(I91,$A$10:$G$10000,6,FALSE) -> 184.56553 | L91: =VLOOKUP(I91,$A$10:$G$10000,7,FALSE) -> 195.49665 | M91: =VLOOKUP(I91,$A$10:$G$10000,3,FALSE) -> 175.01463 | O91: =J91/J90*O90 -> 107.14153 | P91: =K91/K90*P90 -> 104.73858 | Q91: =L91/L90*Q90 -> 118.40504 | R91: =M91/M90*R90 -> 102.9953 | AB91: 39528
A92: 43578 | B92: 106.05037 | C92: 106.51999 | F92: 101.9387 | G92: 109.1435 | I92: =WORKDAY(I91,1,$AB$4:$AB$467) -> 46044 | J92: =VLOOKUP(I92,$A$10:$G$10000,2,FALSE) -> 162.45179 | K92: =VLOOKUP(I92,$A$10:$G$10000,6,FALSE) -> 184.66729 | L92: =VLOOKUP(I92,$A$10:$G$10000,7,FALSE) -> 199.78929 | M92: =VLOOKUP(I92,$A$10:$G$10000,3,FALSE) -> 175.59166 | O92: =J92/J91*O91 -> 107.36327 | P92: =K92/K91*P91 -> 104.79632 | Q92: =L92/L91*Q91 -> 121.00493 | R92: =M92/M91*R91 -> 103.33488 | AB92: 39559
A93: 43579 | B93: 106.007 | C93: 106.44462 | F93: 101.96379 | G93: 108.14471 | I93: =WORKDAY(I92,1,$AB$4:$AB$467) -> 46045 | J93: =VLOOKUP(I93,$A$10:$G$10000,2,FALSE) -> 163.35883 | K93: =VLOOKUP(I93,$A$10:$G$10000,6,FALSE) -> 184.7691 | L93: =VLOOKUP(I93,$A$10:$G$10000,7,FALSE) -> 203.50904 | M93: =VLOOKUP(I93,$A$10:$G$10000,3,FALSE) -> 176.2139 | O93: =J93/J92*O92 -> 107.96273 | P93: =K93/K92*P92 -> 104.8541 | Q93: =L93/L92*Q92 -> 123.25785 | R93: =M93/M92*R92 -> 103.70107 | AB93: 39569
A94: 43580 | B94: 105.94109 | C94: 106.7146 | F94: 101.9889 | G94: 109.85895 | I94: =WORKDAY(I93,1,$AB$4:$AB$467) -> 46048 | J94: =J93 -> 163.35883 | K94: =K93 -> 184.7691 | L94: =L93 -> 203.50904 | M94: =M93 -> 176.2139 | O94: =J94/J93*O93 -> 107.96273 | P94: =K94/K93*P93 -> 104.8541 | Q94: =L94/L93*Q93 -> 123.25785 | R94: =M94/M93*R93 -> 103.70107 | AB94: 39590
A95: 43581 | B95: 106.22685 | C95: 106.91127 | F95: 102.01401 | G95: 109.49941 | I95: =WORKDAY(I94,1,$AB$4:$AB$467) -> 46049 | J95: =VLOOKUP(I95,$A$10:$G$10000,2,FALSE) -> 163.29717 | K95: =VLOOKUP(I95,$A$10:$G$10000,6,FALSE) -> 184.97288 | L95: =VLOOKUP(I95,$A$10:$G$10000,7,FALSE) -> 206.99144 | M95: =VLOOKUP(I95,$A$10:$G$10000,3,FALSE) -> 177.05122 | O95: =J95/J94*O94 -> 107.92198 | P95: =K95/K94*P94 -> 104.96974 | Q95: =L95/L94*Q94 -> 125.36701 | R95: =M95/M94*R94 -> 104.19382 | AB95: 39698
A96: 43584 | B96: 106.24429 | C96: 106.84018 | F96: 102.03912 | G96: 109.44446 | I96: =WORKDAY(I95,1,$AB$4:$AB$467) -> 46050 | J96: =VLOOKUP(I96,$A$10:$G$10000,2,FALSE) -> 163.65778 | K96: =VLOOKUP(I96,$A$10:$G$10000,6,FALSE) -> 185.07486 | L96: =VLOOKUP(I96,$A$10:$G$10000,7,FALSE) -> 210.14539 | M96: =VLOOKUP(I96,$A$10:$G$10000,3,FALSE) -> 177.38594 | O96: =J96/J95*O95 -> 108.16031 | P96: =K96/K95*P95 -> 105.02761 | Q96: =L96/L95*Q95 -> 127.27724 | R96: =M96/M95*R95 -> 104.3908 | AB96: 39733
A97: 43585 | B97: 106.67038 | C97: 107.15735 | F97: 102.06425 | G97: 109.63286 | I97: =WORKDAY(I96,1,$AB$4:$AB$467) -> 46051 | J97: =VLOOKUP(I97,$A$10:$G$10000,2,FALSE) -> 163.4222 | K97: =VLOOKUP(I97,$A$10:$G$10000,6,FALSE) -> 185.17689 | L97: =VLOOKUP(I97,$A$10:$G$10000,7,FALSE) -> 208.37347 | M97: =VLOOKUP(I97,$A$10:$G$10000,3,FALSE) -> 177.85074 | O97: =J97/J96*O96 -> 108.00461 | P97: =K97/K96*P96 -> 105.08552 | Q97: =L97/L96*Q96 -> 126.20405 | R97: =M97/M96*R96 -> 104.66434 | AB97: 39754
A98: 43586 | I98: =WORKDAY(I97,1,$AB$4:$AB$467) -> 46052 | J98: =VLOOKUP(I98,$A$10:$G$10000,2,FALSE) -> 164.18636 | K98: =VLOOKUP(I98,$A$10:$G$10000,6,FALSE) -> 185.27898 | L98: =VLOOKUP(I98,$A$10:$G$10000,7,FALSE) -> 206.35969 | M98: =VLOOKUP(I98,$A$10:$G$10000,3,FALSE) -> 177.85058 | O98: =J98/J97*O97 -> 108.50964 | P98: =K98/K97*P97 -> 105.14345 | Q98: =L98/L97*Q97 -> 124.98438 | R98: =M98/M97*R97 -> 104.66425 | AB98: 39767
A99: 43587 | B99: 106.46754 | C99: 107.12686 | F99: 102.08937 | G99: 108.69335 | I99: =WORKDAY(I98,1,$AB$4:$AB$467) -> 46055 | J99: =VLOOKUP(I99,$A$10:$G$10000,2,FALSE) -> 163.85084 | K99: =VLOOKUP(I99,$A$10:$G$10000,6,FALSE) -> 185.38113 | L99: =VLOOKUP(I99,$A$10:$G$10000,7,FALSE) -> 207.98621 | M99: =VLOOKUP(I99,$A$10:$G$10000,3,FALSE) -> 177.61381 | O99: =J99/J98*O98 -> 108.2879 | P99: =K99/K98*P98 -> 105.20142 | Q99: =L99/L98*Q98 -> 125.9695 | R99: =M99/M98*R98 -> 104.5249 | AB99: 39807
A100: 43588 | B100: 106.54366 | C100: 107.52707 | F100: 102.11451 | G100: 109.23981 | I100: =WORKDAY(I99,1,$AB$4:$AB$467) -> 46056 | J100: =VLOOKUP(I100,$A$10:$G$10000,2,FALSE) -> 164.01414 | K100: =VLOOKUP(I100,$A$10:$G$10000,6,FALSE) -> 185.48333 | L100: =VLOOKUP(I100,$A$10:$G$10000,7,FALSE) -> 211.2643 | M100: =VLOOKUP(I100,$A$10:$G$10000,3,FALSE) -> 177.66625 | O100: =J100/J99*O99 -> 108.39582 | P100: =K100/K99*P99 -> 105.25942 | Q100: =L100/L99*Q99 -> 127.95492 | R100: =M100/M99*R99 -> 104.55577 | AB100: 39814
A101: 43591 | B101: 106.15201 | C101: 107.52512 | F101: 102.13965 | G101: 108.10287 | I101: =WORKDAY(I100,1,$AB$4:$AB$467) -> 46057 | J101: =VLOOKUP(I101,$A$10:$G$10000,2,FALSE) -> 163.63779 | K101: =VLOOKUP(I101,$A$10:$G$10000,6,FALSE) -> 185.58559 | L101: =VLOOKUP(I101,$A$10:$G$10000,7,FALSE) -> 206.75148 | M101: =VLOOKUP(I101,$A$10:$G$10000,3,FALSE) -> 177.485 | O101: =J101/J100*O100 -> 108.1471 | P101: =K101/K100*P100 -> 105.31745 | Q101: =L101/L100*Q100 -> 125.22167 | R101: =M101/M100*R100 -> 104.4491 | AB101: 39867
A102: 43592 | B102: 106.1435 | C102: 107.45851 | F102: 102.1648 | G102: 107.3975 | I102: =WORKDAY(I101,1,$AB$4:$AB$467) -> 46058 | J102: =VLOOKUP(I102,$A$10:$G$10000,2,FALSE) -> 163.62036 | K102: =VLOOKUP(I102,$A$10:$G$10000,6,FALSE) -> 185.68791 | L102: =VLOOKUP(I102,$A$10:$G$10000,7,FALSE) -> 207.22825 | M102: =VLOOKUP(I102,$A$10:$G$10000,3,FALSE) -> 177.52605 | O102: =J102/J101*O101 -> 108.13557 | P102: =K102/K101*P101 -> 105.37551 | Q102: =L102/L101*Q101 -> 125.51043 | R102: =M102/M101*R101 -> 104.47326 | AB102: 39868
A103: 43593 | B103: 106.16051 | C103: 107.80736 | F103: 102.18995 | G103: 108.77185 | I103: =WORKDAY(I102,1,$AB$4:$AB$467) -> 46059 | J103: =VLOOKUP(I103,$A$10:$G$10000,2,FALSE) -> 163.59399 | K103: =VLOOKUP(I103,$A$10:$G$10000,6,FALSE) -> 185.79028 | L103: =VLOOKUP(I103,$A$10:$G$10000,7,FALSE) -> 208.16414 | M103: =VLOOKUP(I103,$A$10:$G$10000,3,FALSE) -> 177.31126 | O103: =J103/J102*O102 -> 108.11815 | P103: =K103/K102*P102 -> 105.43361 | Q103: =L103/L102*Q102 -> 126.07727 | R103: =M103/M102*R102 -> 104.34686 | AB103: 39913
A104: 43594 | B104: 106.02614 | C104: 108.10355 | F104: 102.21511 | G104: 107.87438 | I104: =WORKDAY(I103,1,$AB$4:$AB$467) -> 46062 | J104: =VLOOKUP(I104,$A$10:$G$10000,2,FALSE) -> 163.44091 | K104: =VLOOKUP(I104,$A$10:$G$10000,6,FALSE) -> 185.89271 | L104: =VLOOKUP(I104,$A$10:$G$10000,7,FALSE) -> 211.90913 | M104: =VLOOKUP(I104,$A$10:$G$10000,3,FALSE) -> 177.41601 | O104: =J104/J103*O103 -> 108.01697 | P104: =K104/K103*P103 -> 105.49173 | Q104: =L104/L103*Q103 -> 128.34547 | R104: =M104/M103*R103 -> 104.4085 | AB104: 39924
A105: 43595 | B105: 105.97043 | C105: 108.42103 | F105: 102.24028 | G105: 107.24825 | I105: =WORKDAY(I104,1,$AB$4:$AB$467) -> 46063 | J105: =VLOOKUP(I105,$A$10:$G$10000,2,FALSE) -> 163.03055 | K105: =VLOOKUP(I105,$A$10:$G$10000,6,FALSE) -> 185.99519 | L105: =VLOOKUP(I105,$A$10:$G$10000,7,FALSE) -> 211.55434 | M105: =VLOOKUP(I105,$A$10:$G$10000,3,FALSE) -> 177.55439 | O105: =J105/J104*O104 -> 107.74577 | P105: =K105/K104*P104 -> 105.54989 | Q105: =L105/L104*Q104 -> 128.13058 | R105: =M105/M104*R104 -> 104.48994 | AB105: 39934
A106: 43598 | B106: 105.64044 | C106: 108.24885 | F106: 102.26545 | G106: 104.3684 | I106: =WORKDAY(I105,1,$AB$4:$AB$467) -> 46064 | J106: =VLOOKUP(I106,$A$10:$G$10000,2,FALSE) -> 163.15004 | K106: =VLOOKUP(I106,$A$10:$G$10000,6,FALSE) -> 186.09773 | L106: =VLOOKUP(I106,$A$10:$G$10000,7,FALSE) -> 215.84368 | M106: =VLOOKUP(I106,$A$10:$G$10000,3,FALSE) -> 177.79136 | O106: =J106/J105*O105 -> 107.82474 | P106: =K106/K105*P105 -> 105.60808 | Q106: =L106/L105*Q105 -> 130.72848 | R106: =M106/M105*R105 -> 104.62939 | AB106: 39975
A107: 43599 | B107: 105.83775 | C107: 108.66368 | F107: 102.29063 | G107: 104.78473 | I107: =WORKDAY(I106,1,$AB$4:$AB$467) -> 46065 | J107: =VLOOKUP(I107,$A$10:$G$10000,2,FALSE) -> 162.99312 | K107: =VLOOKUP(I107,$A$10:$G$10000,6,FALSE) -> 186.20033 | L107: =VLOOKUP(I107,$A$10:$G$10000,7,FALSE) -> 213.64462 | M107: =VLOOKUP(I107,$A$10:$G$10000,3,FALSE) -> 178.14491 | O107: =J107/J106*O106 -> 107.72104 | P107: =K107/K106*P106 -> 105.6663 | Q107: =L107/L106*Q106 -> 129.39659 | R107: =M107/M106*R106 -> 104.83746 | AB107: 40063
A108: 43600 | B108: 105.93003 | C108: 108.61638 | F108: 102.31581 | G108: 104.25109 | I108: =WORKDAY(I107,1,$AB$4:$AB$467) -> 46066 | J108: =VLOOKUP(I108,$A$10:$G$10000,2,FALSE) -> 163.83171 | K108: =VLOOKUP(I108,$A$10:$G$10000,6,FALSE) -> 186.30298 | L108: =VLOOKUP(I108,$A$10:$G$10000,7,FALSE) -> 212.16304 | M108: =VLOOKUP(I108,$A$10:$G$10000,3,FALSE) -> 178.60491 | O108: =J108/J107*O107 -> 108.27525 | P108: =K108/K107*P107 -> 105.72456 | Q108: =L108/L107*Q107 -> 128.49925 | R108: =M108/M107*R107 -> 105.10817 | AB108: 40098
A109: 43601 | B109: 106.17837 | C109: 108.20646 | F109: 102.341 | G109: 102.43175 | I109: =WORKDAY(I108,1,$AB$4:$AB$467) -> 46071 | J109: =VLOOKUP(I109,$A$10:$G$10000,2,FALSE) -> 163.81852 | K109: =VLOOKUP(I109,$A$10:$G$10000,6,FALSE) -> 186.4057 | L109: =VLOOKUP(I109,$A$10:$G$10000,7,FALSE) -> 211.6533 | M109: =VLOOKUP(I109,$A$10:$G$10000,3,FALSE) -> 178.96443 | O109: =J109/J108*O108 -> 108.26654 | P109: =K109/K108*P108 -> 105.78285 | Q109: =L109/L108*Q108 -> 128.19053 | R109: =M109/M108*R108 -> 105.31974 | AB109: 40119
A110: 43602 | B110: 106.19878 | C110: 107.67683 | F110: 102.3662 | G110: 102.39564 | I110: =WORKDAY(I109,1,$AB$4:$AB$467) -> 46072 | J110: =VLOOKUP(I110,$A$10:$G$10000,2,FALSE) -> 163.92909 | K110: =VLOOKUP(I110,$A$10:$G$10000,6,FALSE) -> 186.50846 | L110: =VLOOKUP(I110,$A$10:$G$10000,7,FALSE) -> 214.51846 | M110: =VLOOKUP(I110,$A$10:$G$10000,3,FALSE) -> 178.81418 | O110: =J110/J109*O109 -> 108.33961 | P110: =K110/K109*P109 -> 105.84117 | Q110: =L110/L109*Q109 -> 129.92585 | R110: =M110/M109*R109 -> 105.23132 | AB110: 40132
...
